Workbook
Name _1: #REF!
Name _2: #REF!
Name A: #REF!
Name A_impresión_IM: #REF!
Name aaa: #REF!
Name Auxiliarjal: #REF!
Name B: #REF!
Name basecaro: #REF!
Name basejuliet1: #REF!
Name basemetroabril2017: #REF!
Name basemetroabril2017final: #REF!
Name BLOQUE: #REF!
Name cargo: #REF!
Name CLASE: #REF!
Name correoelectronico: #REF!
Name COSTOM2: #REF!
Name CUMPLI: #REF!
Name Dólar: #REF!
Name epsypension: #REF!
Name Factor: #REF!
Name JJJJ: #REF!
Name lineainstitucional: #REF!
Name mesabril: #REF!
Name nuevosoi: #REF!
Name origenaux: #REF!
Name pagojuliethjunio: #REF!
Name Profesional: #REF!
Name profesionaljal: #REF!
Name SVASFD: #REF!
Name TCRM: #REF!
Name TCRM_al_03_MAYO_2000: #REF!
Name Títulos_a_imprimir_IM: #REF!
Name TOP: #REF!
Name TRM: #REF!

Sheet 1. COND. BÁSICAS TRDM
B3: CONSEJO SUPERIOR DE LA JUDICATURA
B4: ANEXO No. 1 - CONDICIONES OBLIGATORIAS (MÍNIMAS TÉCNICAS)
B6: 1. SEGURO DE TODO RIESGO DAÑOS MATERIALES COMBINADOS
B7: 1.1. | C7: INFORMACIÓN GENERAL
B8: TOMADOR: | C8: =+B3 -> CONSEJO SUPERIOR DE LA JUDICATURA | F8: NIT. | G8: 800.093.816-3
B9: ASEGURADO: | C9: =+C8 -> CONSEJO SUPERIOR DE LA JUDICATURA | F9: NIT. | G9: =+G8 -> 800.093.816-3
B10: BENEFICIARIO: | C10: =+C9 -> CONSEJO SUPERIOR DE LA JUDICATURA | F10: NIT. | G10: =+G9 -> 800.093.816-3
B11: 1.2. | C11: OBJETO DEL SEGURO
B12: Amparar, bajo la modalidad de Todo Riesgo Daños Materiales, las pérdidas, daños materiales o desaparición que sufran los bienes e intereses de propiedad del CONSEJO SUPERIOR DE LA JUDICATURA, así como aquellos por los cuales sean o lleguen a ser legalmente responsables que estén bajo su control, tenencia, responsabilidad o custodia; ubicados en cualquier parte de territorio nacional o internacional, por cualquier causa no expresamente excluida en este Anexo Técnico. Las exclusiones serán taxativas y de interpretación restrictiva.
B13: 1.3. | C13: BIENES ASEGURADOS
B14: Los bienes asegurados comprenden absolutamente toda propiedad de bienes materiales del CONSEJO SUPERIOR DE LA JUDICATURA o de terceros que se estén bajo su cuidado, custodia, control o por los cuales sea legal o contractualmente responsable y en general los recibidos a cualquier título o por los que tenga o tenga interés asegurable, localizados dentro del territorio nacional dentro o fuera de las instalaciones del asegurado y/o en predios de terceros y utilizados en desarrollo del objeto social del CSJ, consistentes principalmente pero no limitados a los siguientes bienes:
B15: EDIFICIOS: Corresponde a las edificaciones y obras civiles, sus estructuras, cimientos, construcciones fijas con todas sus adiciones y en general toda clase de construcciones propias y no propias, de edificios e inherentes a ellos de propiedad del CONSEJO SUPERIOR DE LA JUDICATURA, o bajo su cuidado, tenencia y control , incluido anexos, escaleras externas, instalaciones eléctricas, de comunicación, sietmas de aire acondicionado, intercomunicación o sonido, incluidos anexos y estructuras sanitarias, alcantarillado para agua, (subterráneas o no), sistema de drenaje y aguas negras, tuberías, conductos, tuberías, conductos, desagües, tanques para almacenamiento, ductos, mallas, patios, aceras, instalaciones permanentes de protección contra incendio y demás instalaciones que se encuentren o no por debajo del nivel del suelo y/o subterráneas, vidrios internos y externos que conforman y hacen parte de las construcciones, rampas de acceso, tanques de almacenamiento, similares, que formen parte integrante, del edificio, o edificios asegurados, aunque no se hayan informado específicamente, entre otros ubicados en el territorio nacional y que estén bajo su responsabilidad, tenencia y/o control del CONSEJO SUPERIOR DE LA JUDICATURA.
B16: MEJORAS LOCATIVAS: Todas aquellas mejoras a los inmuebles realizadas por el CONSEJO SUPERIOR DE LA JUDICATURA, aún en el caso de no ser propietaria del bien, que haya realizado inversiones para adecuarlas a sus necesidades, tales como tapetes, tapizados, enchapes, mejoras eléctricas, cielos rasos, etc.
B17: CONTENIDOS Y BIENES EN GENERAL: Corresponden a todo tipo de bienes como muebles y enseres en general propios de la actividad general de una entidad pública, incluidos equipos de oficina no eléctricos ni electrónicos, entre otros, sistemas de oficina abierta, al igual que los documentos de cualquier tipo, que se encuentren localizados dentro de los predios asegurados o fuera de los mismos y que esten bajo su responsabilidad, tenencia y/o control del CONSEJO SUPERIOR DE LA JUDICATURA.
B18: PLANTA, EQUIPOS Y MÁQUINAS: Corresponde a todo tipo de equipos y máquinas, extendida esta definión a aquellos que son de adhesión o para la operatividad de la infraestructura de las edificaciones al igual que cualquier tipo de herramientas, accesorios, ascensores, plantas eléctricas, calderas, generadores, ascensores, equipos del sistema hidráulico, motobombas (incluidas aquellas que son sumergibles) , aire acondicionado, extractores de olores, entre otros.
B19: EQUIPOS ELÉCTRICOS, ELECTRÓNICOS Y DE COMUNICACIÓN: Comprende todos aquellos equipos eléctricos, electrónicos, electromecánicos y los de comunicación y todas aquellas por las que sea legalmente responsable)extendida esta definición a salas de control, servidores, equipos de computo con todos sus accesorios periféricos scanner, ploters, servidores, impresoras software, equipos de telecomunicaciones, equipos celulares, equipos de comunicación portátil, tabletas, equipos móviles y/o portátiles, equipos científicos de laboratorio, electrodomésticos, entre otros y que esten bajo su tenencia y/o control del CONSEJO SUPERIOR DE LA JUDICATURA.
B20: BIENES O ACTIVOS DE ALMÁCEN E INVENTARIOS: Comprende todos los elementos de consumo, devolutivos nuevos, recuperables, inservibles, papelería, útiles de oficina, equipos en general, repuestos, muestras de oferentes y demás bienes contenidos en las diferentes dependencias del CONSEJO SUPERIOR DE LA JUDICATURA y en general todo elemento que los Asegurados determinen como existencias o elementos de almacén, aunque no se hayan determinado específicamente.
B21: 1.4. | C21: VALORES ASEGURADOS
B22: 1.4.1. Bienes Asegurables (Anexo No. 2) | F22: VALORES ASEGURADOS 2026 (LOS OFERENTES DEBEN TENER EN CUENTA LA PROYECCIÓN DE LOS VALORES ASEGURADOS DE LOS AÑOS 2026 y 2027 DEL ESTUDIO DE MERCADO)
B23: A. Edificios incluye Inmuebles tomados en arriendo o en Comodato | F23: 4.6298716e+12
B24: B. Contenidos, Muebles y Enseres y Mejoras locativas, incluidos los tomados en arriendo o en Comodato | F24: 356859631105
B25: C. Equipo Eléctricos, Electrónicos y de Comunicación (incluidos equipos móviles y portátiles, software y licencias) | F25: 417532883674
B26: D. Equipo y Maquinaría | F26: 89568919607
B27: E. Mercancías (Incluye Bienes devolutivos en almacén - bienes de consumo y bienes en depósito) | F27: 181351824464
B28: F. Bienes muebles e inmuebles tomados en arriendo e inmuebles en comodato | F28: 18686482413
B29: SUBTOTAL | F29: =SUM(F23:G28) -> 5.6938714e+12
B30: ÍNDICE VARIABLE ANUAL DEL 5,10% (IPC 2025) PARA LOS ITEMS: A, B, C, D, E y F: NOTA: EL OFERENTE DEBE APLICAR EL ÍNDICE VARIABLE ACORDE A CADA VIGENCIA FISCAL ESTABLECIDA PARA LOS PERIODOS A CONTRATAR: 2026 y 2027. | F30: =+F29*5.1% -> 2.9038744e+11
B31: G. Gastos para la adecuación de suelos y terrenos | F31: 42000000000
B32: H. Cláusula de Adecuación de Construcciones a las Normas de Sismo Resistencia 5% del valor de edificios incluido el índice variable | F32: =+(($F$23*5.1%)+$F$23)*5% -> 2.4329975e+11
B33: I. Gastos Adicionales | F33: 20000000000
B34: J. Gastos Extraordinarios | F34: 15000000000
B35: TOTAL VALOR ASEGURADO | F35: =SUM(F29:G34) -> 6.3045585e+12
B36: Nota: Las aseguradoras debe tener en cuenta que el índice variable esta calculado con relación a la vigencia minima exigida, por tanto la aseguradora debe calcular el índice variable con relación a la vigencia ofertada.
B37: 1.4.1. Bienes con Sublímites
B38: BIENES Y/O RIESGO CON SUBLÍMITE A PRIMERA PÉRDIDA ABSOLUTA | F38: SUBLÍMITE
B39: Dinero y títulos valores dentro y fuera de caja fuerte. | F39: 450000000
B40: Vehículos inmovilizados y/o para remate o proceso de jurisdicción | F40: 9766726570
B41: Bienes de Arte y cultura | F41: 7900000
B42: TOTAL SUBLIMITES | F42: =SUM(F39:G41) -> 10224626570
B43: TOTAL VALOR ASEGURADO + SUBLÍMITES | F43: =+F42+F35 -> 6.3147832e+12
B45: NOTAS APLICABLES AL NUMERAL 1.4.1. BIENES CON SUBLÍMITES:
B46: 1 - Los Sublímites antes indicados corresponden al monto mínimo que deben contemplar las aseguradoras para la propuesta de cobertura de los bienes y/o riesgos.
B47: 2 - Teniendo en cuenta la imposibilidad de establecer valor asegurable para este tipo de bienes por sus características y/o su condición de flotantes, queda expresamente declarado y aceptado por la aseguradora que la misma admite que para estos no exigirá el reporte de valor asegurable y por lo tanto no aplica la condición de seguro insuficiente para los bienes con sublímites relacionados en el numeral 1.4.1.
B48: 1.4.2. | C48: BASE DE VALORACIÓN DE LOS BIENES ASEGURADOS
B49: EDIFICIOS: Valor de reconstrucción.
B50: CONTENIDOS, EQUIPOS ELECTRICOS, ELECTRÓNICOS Y DE COMUNICACIÓN (INCLUIDO LICENCIAS Y SOFTWARE): Valor de reposición o reemplazo.
B51: BIENES DEVOLUTIVOS Y/O INSERVIBLES O PARA DAR DE BAJA O REMATE Y/O GASTADOS: Valor fiscal y/o de uso o de remate.
B52: BIENES DE ARTE Y CULTURA: Valor Admitido.
B53: 1.4.3. | C53: BASE PARA LA DETERMINACIÓN Y APLICACIÓN DEL CONCEPTO SUBLÍMITE / VIGENCIA / AGREGADO ANUAL
B54: Para la totalidad de Coberturas y/o condiciones básicas sublímitadas, queda expresamente aceptado por parte de los proponentes que, en concordancia con la vigencia de la póliza que se adjudique, cada Sublímite operará así:
B55: VIGENCIA 2026 A 2027: | C55: Sublímite indicado Evento/Agregado Anual.
B56: 1.5. | C56: COBERTURAS BÁSICAS
B57: Todo Riesgo: Bajo esta póliza se otorga amparo en la modalidad de todo riesgo por las pérdidas, daños materiales o desaparición que afecten a los bienes asegurados, activos o inactivos, por cualquier riesgo o causa que no se encuentre expresamente excluida en este anexo técnico. Se incluyen, entre otros, incendio, rayo, explosión, anegación y daños por agua; hurto, hurto calificado y hurto de partes o elementos de las edificaciones; actos malintencionados de terceros, asonada, motín, conmoción civil o popular, huelga, sabotaje y terrorismo; terremoto, temblor, erupción volcánica, maremoto, marejada, tsunami, vientos fuertes, granizo y demás eventos de la naturaleza. También cubre el impacto de vehículos terrestres, la caída de aeronaves o de sus partes, humo, impericia, descuido, manejo inadecuado, corriente débil, acción directa de la energía eléctrica, cortocircuitos, arcos voltaicos, sobrevoltajes, sobretensión, baja tensión y eventos similares; equipos sumergibles y plantas; hundimiento, asentamiento, deslizamiento y desplazamiento de terrenos, muros, pisos y techos; caída de rocas, árboles y aludes; pérdida de contenido y derrame de tanques. Asimismo, comprende los eventos propios de rotura de maquinaria, incluyendo, pero sin limitarse a: defectos de fabricación, fundición y uso de materiales defectuosos, sobrecalentamiento, defectos de mano de obra, montaje incorrecto o defectuoso, rotura debido a fuerza centrífuga, introducción de cuerpos extraños en la maquinaria asegurada, implosión, explosión física y explosión química de gases impropiamente quemados en la cámara de combustión de calderas o máquinas de combustión interna. Se entienden incluidos los riesgos mencionados en el artículo 1105 del Código de Comercio de Colombia, excepto guerra civil o internacional. Ninguna condición general de la aseguradora podrá convertir esta cobertura en una modalidad de riesgos nombrados.
B58: NOTA 1: | C58: LAS ASEGURADORAS DEBEN TENER EN CUENTA QUE NO SE ACEPTA PROPUESTA BAJO LA MODALIDAD DE RIESGOS NOMBRADOS, Y EL OFERENTE CON LA PRESENTACIÓN DE LA PROPUESTA ACEPTA ESTA CONDICIÓN.
B59: NOTA 2: | C59: QUEDA EXPRESAMENTE ACEPTADO POR LA ASEGURADORA QUE LAS CONDICIONES, COBERTURAS Y CLAUSULAS BÁSICAS PARA LAS CUALES NO SE INDIQUE SUBLÍMITE, OPERARÁN AL 100% DEL VALOR ASEGURADO.
B60: NOTA 3: | C60: LOS SUBLÍMITES Y GASTOS INDICADOS APLICAN DE MANERA COMBINADA PARA LA TOTALIDAD DE LOS BIENES ASEGURADOS Y SE ENTIENDEN COMPRENDIDOS DENTRO DEL VALOR ASEGURADO. SE EXCEPTÚAN: GASTOS PARA LA ADECUACIÓN DE SUELOS Y TERRENOS, LA CLÁUSULA DE ADECUACIÓN DE CONSTRUCCIONES A LAS NORMAS DE SISMO RESISTENCIA, LOS GASTOS ADICIONALES Y LOS GASTOS EXTRAORDINARIOS, LOS CUALES OPERARÁN EN EXCESO DE DICHA SUMA.
B61: TERREMOTO, TEMBLOR Y/O ERUPCIÓN VOLCÁNICA Y DEMÁS EVENTOS DE LA NATURALEZA, (100%). | E61: Bajo este amparo, la aseguradora se compromete a indemnizar al Asegurado hasta el límite del valor asegurado de este sublímite, los daños y/o pérdidas materiales que sufran los bienes asegurados causados por terremoto, temblor y/o erupción volcánica y demás eventos de la naturaleza, o por incendio originado por tales fenómenos.
B62: ACTOS MAL INTENCIONADOS DE TERCEROS ASONADA, MOTÍN, CONMOCIÓN CIVIL O POPULAR Y HUELGA (INCLUIDO TERRORISMO Y SABOTAJE). Sublímite básico obligatorio de $60.000.000.000 (vigencia 1.4.3.), combinado para las coberturas de daños materiales. Se califica en Condiciones Adicionales (Formato No. 3) el aumento del sublímite ofrecido. | E62: La aseguradora se compromete a indemnizar al Asegurado hasta el límite del valor asegurado de este sublímite, los daños y/o pérdidas materiales que sufran los bienes asegurados causados por: Actos Mal Intencionados de Terceros y Terrorismo: Destrucción y daños materiales provenientes de actos terroristas, aún aquellos que sean cometidos por individuos pertenecientes a movimientos subversivo, incluida la explosión originada en tales fenómenos. Asonada, Motín, Conmoción Civil o Popular: Los daños y/o pérdidas materiales causados por personas intervinientes en desordenes, confusiones, alteraciones, y disturbios de carácter violento y tumultuario. Así como asonada según la definición del Código Penal. Huelga: Los daños y/o pérdidas materiales causados por huelguistas o por personas que tomen parte en conflictos colectivos de trabajo o suspensión de hecho de labores. Saqueo: Los daños y/o pérdidas materiales causados por eventos de saqueo (apropiación de bienes como consecuencia de de AMCCoPH y AMIT incluido T&S)
B63: COBERTURA POR ROTURA DE VIDRIOS Sublímite de $15.000.000.000 (vigencia 1.4.3.), incluidos los eventos de Actos Mal Intencionados de Terceros Asonada, Motín, Conmoción Civil o Popular y Huelga (Incluido Terrorismo y sabotaje) y cualquier evento de la naturaleza. SIN APLICACION DE DEDUCIBLE. | E63: La aseguradora se compromete a indemnizar al Asegurado hasta el límite del valor asegurado de este sublímite, la rotura que sufran los vidrios, domos, acrílicos u otros materiales que hagan sus veces, al igual que los cristales, espejos y unidades sanitarias instalados y que formen parte del predio asegurado, incluidos aquellos que sean parte decorativas de los mismos, incluidas las películas de seguridad.
B64: HURTO Y HURTO CALIFICADO Sublímite de $20.000.000.000 (vigencia 1.4.3.) combinado para todos los bienes. Se califica en Condiciones Adicionales (Formato No. 3) el aumento del sublímite ofrecido. | E64: La aseguradora se compromete a indemnizar al Asegurado hasta el límite del valor asegurado de este sublímite, las pérdidas y/o daños materiales de los bienes asegurados, ocasionados por cualquier evento de hurto y hurto calificado, inclusive aquellos que se deriven de: - Hurto Calificado o Hurto Simple según se define en el Código Penal. - Terremoto, temblor, erupción volcánica o cualquier otro fenómeno de la naturaleza. - Caída o destrucción total o parcial del predio asegurado. - Actos Mal Intencionados de Terceros, Asonada, Motín, Conmoción Civil o Popular y Huelga (incluido Terrorismo y Sabotaje) y conflictos colectivos de trabajo o suspensión de hecho de labores
B65: GASTOS PARA LA ADECUACIÓN DE SUELOS Y TERRENOS Sublímite del $42.000.000.000 (vigencia 1.4.3.) como una primera pérdida absoluta, en exceso del valor asegurado, sin aplicación de deducible. Se califica en Condiciones Adicionales (Formato No. 3) el aumento del porcentaje | E65: La aseguradora se compromete a indemnizar al asegurado los gastos razonables para la adecuación de suelos y terrenos y hasta el límite del porcentaje acá establecido, las pérdidas que sufra la Entidad por daños materiales como consecuencia de Terremoto, temblor, erupción volcánica o cualquier otro evento de la naturaleza, que deriven en las siguientes situaciones: a) Alteración de las características del suelo sobre el cual se levante la edificación asegurada, de tal forma que las nuevas características de dicho suelo pongan en condiciones inhabitables dicha edificación. b) Imposibilidad del asegurado para reparar o reconstruir la edificación asegurada, en virtud de disposiciones legales o administrativas, adoptadas por autoridad competente como consecuencia de la ocurrencia de un evento asegurado, que afecte en forma grave y notoria las características del terreno. De igual forma queda expresamente aclarado y convenido que la responsabilidad de la aseguradora se establece respectivamente así: a) El valor de los costos y gastos en que necesaria y razonablemente deba incurrir el asegurado para la recuperación de la estabilidad y capacidad portante del suelo, de tal manera que se garantice la estabilidad de la edificación asegurada. b) El costo de adquisición de un lote o terreno de características y ubicación similares al lote sobre el cual se levante la edificación asegurada. Para los efectos de este amparo se entenderá por valor asegurado el valor comercial del lote de terreno del inmueble asegurado de acuerdo con su superficie y ubicación. Para los efectos de este amparo, la aseguradora efectuará el pago de la indemnización a que se refiere el segundo literal del presente amparo, una vez el asegurado haya efectuado a su costa, mediante escritura pública debidamente registrada, el traspaso de los derechos sobre el terreno asegurado a nombre de la aseguradora.
B66: CLÁUSULA DE ADECUACIÓN DE CONSTRUCCIONES A LAS NORMAS DE SISMO RESISTENCIA Sublímite del 5% del valor total asegurado de Edificios (vigencia 1.4.3.) como una primera pérdida absoluta, en exceso del valor asegurado,sin aplicación de deducible. Se califica en Condiciones Adicionales (Formato No. 3) el aumento del porcentaje | E66: Queda expresamente convenido y acordado que en caso de siniestro la aseguradora indemnizará los costos razonables de adecuación, del o de los inmuebles afectados a las normas de sismo resistencia vigentes al momento del siniestro, en exceso del monto total de la reparación o la reconstrucción de los daños o pérdidas que afecten los inmuebles o construcciones aseguradas, que se generen a consecuencia de cualquier evento amparado bajo la presente póliza. Los costos amparados bajo la presente cláusula comprenden, costos razonables de diseño y rediseño, honorarios profesionales de ingenieros, arquitectos, topógrafos, interventores, consultores, tecnólogos, técnicos o cualquier otro profesional, para efectuar trabajos de planos, especificaciones y/o cualquier otro trabajo y ejecución de obras relacionadas con la reparación y/o reconstrucción de las partes del inmueble afectado y dirigidas a la adecuación de las mismas a las normas de sismo resistencia.
B67: GASTOS ADICIONALES. Sublímite por la suma de $20.000.000.000 (vigencia 1.4.3.), en exceso del valor asegurado,sin aplicación de deducible y combinado para los siguientes gastos y coberturas. Se califica en Condiciones Adicionales (Formato No. 3) el aumento del sublímite ofrecido. | E67: No obstante, lo que se diga en contrario en las condiciones generales de la póliza, la Compañía se obliga a indemnizar los gastos adicionales (que no tengan carácter de permanentes), debidamente comprobados en que necesaria y razonablemente incurra o deba incurrir el asegurado, como consecuencia directa del siniestro. Estos gastos deben ser previamente aprobados por la aseguradora y la Entidad se compromete para estos casos presentar previamente cotización de estos gastos (cuando se requiera), la aseguradora se reserva el derecho de poder cotizar con sus proveedores los servicios que demanden la aplicación de estos gastos.
B68: 1. Gastos razonables de horas extras, trabajo nocturno o en días festivos y flete expreso y aéreo. | E68: Bajo esta cobertura se amparan los gastos adicionales y extraordinarios por concepto de horas extras, trabajo nocturno o en días festivos, flete expreso y aéreo, que se incurran o deba incurrir con motivo de una pérdida o daño amparado.
B69: 2. Gastos razonables de viajes y estadía. | E69: Bajo esta cobertura se amparan los gastos (que incurra o deba incurrir) de viajes de y estadía de funcionarios, empleados y técnicos que intervienen en la planificación de la reconstrucción o adquisición de los bienes asegurados.
B70: 3. Remoción de Escombros y Gastos de Demolición. | E70: Mediante este amparo la compañía indemnizará, los gastos razonables (en que incurra o deba incurrir) demostrados por remoción de escombros, desmantelamiento, demolición o de apuntalamiento de los bienes asegurados, que hayan sido dañados o destruidos por la ocurrencia de cualquiera de los riesgos amparados, incluyendo los gastos de limpieza, recuperación de materiales y el traslado de los escombros a sitio autorizado, con ocasión de un siniestro.
B71: 4. Gastos para la preparación y demostración del Siniestro. | E71: Bajo este amparo se cubren los gastos razonables en que incurra o deba incurrir el asegurado, para la preparación y demostración de la ocurrencia y cuantía del siniestro y serán indemnizados bajo esta póliza. La aseguradora indemnizará hasta el 100% de los gastos demostrados. El seguro de esta póliza incluye los costos razonables y sustentables incurridos por el Asegurado (incluida la utilización por parte del Asegurado de consultores externos) para la preparación, presentación, demostración, certificación y / o verificación de cualquier reclamación resultante de la pérdida asegurada bajo esta póliza. Esta póliza se extiende para incluir los costos y gastos incurridos por el asegurado o por los representantes de cualquier asegurado (Ajustadores/Liquidadores/Reguladores, Abogados, Contadores, Expertos, asesores, especialistas, profesionales de siniestros y similares, etc.) en la preparación, justificación y demostración del monto de cualquier reclamación bajo esta póliza
B72: 5. Gastos para la extinción del incendio. | E72: La Compañía se obliga a indemnizar el 100% de los gastos en que necesaria y razonablemente incurra o deba incurrir el asegurado así como los costos de los productos o sustancias utilizadas, o de los elementos o equipos destruidos total o parcialmente, como consecuencia de las actividades dirigidas a la extinción de cualquier siniestro amparado por la póliza o para evitar su propagación, de acuerdo con lo señalado en el artículo 1074 del Código de Comercio. Se precisa que bajo ninguna circunstancia se considerara como gastos de extinción de un incendio la colaboración personal prestada por el asegurado, ni la de sus empleados, obreros o sus contratistas para el apoyo a la gestión.
... B91: ACTOS DE AUTORIDAD | E91: La póliza se extiende a cubrir los daños o pérdidas materiales de los bienes asegurados, causados directamente por la acción de la autoridad legalmente constituida, ejercida con el fin de disminuir o aminorar las consecuencias de cualquiera de los riesgos amparados.
B92: 1.6. | C92: CLÁUSULAS BÁSICAS
B93: REVOCACIÓN DE LA PÓLIZA, CLÁUSULAS O CONDICIONES. Con Termino de ciento veinte (120) días y para AMIT, AMCCOPH, Terrorismo y Sabotaje diez (10) días. | E93: La aseguradora podrá revocar la póliza, cláusulas o condiciones unilateralmente por la compañía, mediante noticia escrita enviada al asegurado, a su última dirección registrada, con no menos de ciento veinte (120) días y para AMIT Y AMCCOPH diez (10) días, de antelación; contados a partir de la fecha del envío. El asegurado podrá pedir la revocación en cualquier momento, según lo previsto en el Código de Comercio. Así mismo, en el caso de que la aseguradora decida no otorgar renovación o prorroga del contrato de seguro, excepto para AMIT, AMCCOPH, Terrorismo y Sabotaje, deberá dar aviso de ello al asegurado con no menos de ciento veinte (120) días de antelación a la fecha de vencimiento de la póliza, en caso contrario se dará por entendido que la aseguradora acepta la renovación o prorroga hasta el límite legal establecido en la Ley 80 de 1993, para la adición de los contratos y manteniendo las mismas condiciones ofertadas en este proceso de aseguradoras.
B94: AMPLIACIÓN DEL AVISO DE SINIESTRO. Término de ciento veinte (120) días y para AMIT, AMCCOPH, Terrorismo y Sabotaje diez (10) días. | E94: La póliza extiende el término de aviso de la ocurrencia del siniestro, por parte del asegurado a un término de ciento veinte (120) días y para AMIT Y AMCCOPH diez (10) días siguientes a la fecha en que lo haya conocido o debido conocer.
B95: COBERTURA AUTOMÁTICA PARA NUEVAS PROPIEDADES Y BIENES. Sublímite de $70.000.000.000 (vigencia 1.4.3.) y aviso de ciento ochenta (180) días. | E95: Mediante la presente cláusula, la aseguradora se obliga a otorgar cobertura automática para los bienes que adquiera, construya, estén en montajes, instale, remodele o adecúe, a cualquier título, sean nuevos o usados, sobre los cuales éste tuviere interés asegurable o queden bajo su responsabilidad, cuidado o control del asegurado, bajo las mismas condiciones ofrecidas en el presente proceso y a partir del momento en que el asegurado asuma la responsabilidad por los mismos. La aplicación de esta condición queda sujeta a que el asegurado se obliga a dar aviso a la aseguradora dentro del término señalado a la adquisición o recibo de los mismos. Esta condición dará derecho a la compañía al cobro de la prima proporcional, calculada a prorrata, con las tasas adjudicadas y correspondiente al periodo de amparo, incluido el término automático otorgado para esta condición. Mediante esta condición la aseguradora se obliga a emitir los respectivos anexos de inclusión o exclusión de bienes que se generen en vigencia de la póliza independiemente de la terminación del seguro. Así mismo queda acordado y convenido, que si el valor supera el sublímite de la presente cláusula, la cobertura aplicará hasta dicho monto y la cobertura del valor adicional operará a partir de la fecha de reporte y solicitud formulada por la entidad asegurada. En el caso de bienes en construcción, montaje y remodelación se excluye ALOP, RCE, Mantenimiento, Pruebas, Errores de diseño y Riesgo Petroquímico.
B96: AMPARO AUTOMÁTICO PARA EDIFICIOS Y CONTENIDOS QUE POR DESCONOCIMIENTO, ERROR U OMISIÓN NO SE HAYAN INFORMADO AL INICIO DEL SEGURO. Sublímite de $50.000.000.000 (vigencia 1.4.3.) y aviso de ciento ochenta (180) días. | E96: Queda entendido, convenido y aceptado que en el evento de que el asegurado, por desconocimiento, error u omisión, no haya informado bienes muebles o inmuebles al inicio de la cobertura, sobre los cuales éste tuviere interés asegurable; las coberturas y amparos adicionales de esta póliza se extenderán automáticamente a dichos bienes. La prima adicional se liquidará con base en las tasas contratadas. Si vencido este plazo no se ha informado a la Compañía, cesará el amparo.
B97: AMPARO AUTOMÁTICO PARA CONSTRUCCIÓN, AMPLIACIÓN, REPARACIÓN O REACONDICIONAMIENTO DE EDIFICIOS CON DESTINO AL SERVICIO DE LA ENTIDAD Sublímite de $50.000.000.000 (vigencia 1.4.3.) y aviso de ciento ochenta (180) días. | E97: En virtud de la presente cláusula, la póliza se extiende a cubrir las construcciones, ampliaciones, reparaciones y/o reacondicionamientos de edificaciones, así como montajes de maquinaria que lleve a cabo el asegurado con destino al servicio de la entidad. A su vez el asegurado se obliga a reportar la inclusión en la póliza a la terminación de la obra.
B98: AMPARO AUTOMÁTICO POR CAMBIO DE UBICACIÓN DEL RIESGO. | E98: Mediante la presente condición, queda expresamente acordado que la cobertura del seguro se extiende a cubrir los bienes asegurados, que cambien de dirección o nomenclatura, ubicación o sean trasladados a otro(s) sitio(s), siempre y cuando ello se genere por las necesidades de la operación y/o servicio de la entidad asegurada o tomadora.
B99: EXPERTICIO TÉCNICO | E99: Queda convenido, entendido y aceptado que en el evento de existir una discrepancia entre la compañía y el asegurado en cuanto a si el siniestro constituye una pérdida total o parcial, o con relación a otros aspectos de orden técnico, la cuestión será sometida a decisión de la decisión de ingenieros, técnicos o peritos expertos en la actividad que desarrolla el asegurado (peritos o a expertos en la materia de siniestros), según los intereses afectados por el siniestro, siguiendo el procedimiento que para tal regulación previo los artículos 2026 y siguientes del código del comercio.
B100: CONOCIMIENTO DEL RIESGO | E100: La Compañía acepta mediante la presente cláusula que la Entidad, le ha brindado la oportunidad para realizar la inspección de los bienes y riesgos a que están sujetos los mismos y el patrimonio del Asegurado, razón por la cual se deja constancia del conocimiento y aceptación de los hechos, circunstancias y, en general, condiciones de los mismos. La compañía se reserva el derecho de llevar a cabo la inspección cuantas veces lo juzgue pertinente.
B101: NOMBRAMIENTO Y DESIGNACIÓN DE AJUSTADORES | E101: El nombramiento de ajustadores deberá efectuarse de común acuerdo entre la aseguradora y el asegurado, para lo cual la aseguradora presentará para cada reclamo una relación de cinco (5) firmas ajustadoras. No obstante la anterior condición, el asegurador con su propuesta se obliga a presentar la lista de todos sus ajustadores y la Entidad se reserva el derecho de nombrar al ajustador que considere más adecuado o solicitar el cambio de los mismos en caso de que no fueren de su entera satisfacción, sin que para ello se requiera motivación alguna.
B102: EXTENSIÓN DE COBERTURA PARA DAÑOS Y/O PÉRDIDAS CONSECUENCIALES | E102: La aseguradora acepta y conviene que la presente póliza se extiende a amparar los daños y/o pérdidas consecuenciales que afecten los bienes asegurados que sean derivadas de cualquier tipo de riesgo, bajo los mismos términos del seguro; siempre y cuando las mismas sean causadas por alguno de los riesgos amparados con la presente póliza, incluyendo las pérdidas y/o daños en medios de operación, como combustibles, lubricantes, refrigerantes o agentes químicos, entre otros. NOTA: No se cubren las pérdidas consecuenciales de cualquier tipo, tales como lucro cesante, incremento en costos de operación, pérdida de ingresos y pérdida de utilidades o pérdida de beneficios, pérdida de mercado.
B103: EXTENSIÓN DE COBERTURA | E103: Se conviene que la cobertura de la presente póliza se extiende a cubrir los daños y/o pérdidas que sufran tubos, válvulas, baterías, rodamientos, filtros, anillos, camisas y pistones, cadenas y cables de acero, bandas de transmisión y transportadoras, rodillos y demás partes bienes o partes que por su uso o naturaleza están expuestos a desgaste, de vida útil corta o cambio frecuente o periódico; y para efectos de su indemnización, el valor real se obtendrá deduciendo del valor de reposición del bien asegurado la depreciación, calculada en función de su vida útil y al estado de conservación en el momento del siniestro.
B104: FALTANTES DE INVENTARIOS Sublímite $3.000.000.000 (vigencia 1.4.3.) | E104: Se ampara cualquier pérdida en la que el CONSEJO SUPERIOR DE LA JUDICATURA no pudiera determinar específicamente al Servidor o los servidores responsables, la compañía reconocerá la indemnización correspondiente sin previo fallo, siempre y cuando las circunstancias que dieron lugar al evento, permitan considerar que en la ocurrencia del mismo no intervinieron uno o varios servidores de la Entidad. Queda entendido que la responsabilidad de la compañía, respecto de tales pérdidas, no excederá en ningún caso del monto asegurado estipulado en la póliza. Los faltantes de inventario están amparados en los mismos términos establecidos anteriormente.
... B107: - RECONSTRUCCIÓN, REPOSICIÓN, REPARACIÓN O REEMPLAZO. | E107: Bajo esta cláusula la Compañía pagará la indemnización por el valor de la reposición o reemplazo del bien o bienes asegurados, cuando el conjunto o la totalidad de ellos queden destruidos o de tal modo averiados que pierdan la aptitud para el fin a que están destinados o cuando no obstante no perder esa aptitud, su reparación aunque se facilite, implique perjuicios en la calidad o eficiencia en la producción u operación.
E108: a) Se entiende por valor de reposición del bien o los bienes, el valor a nuevo del mismo o de los mismos, sin deducción alguna por depreciación, demérito, uso, vetustez, obsolescencia tecnológica, mejora tecnológica o, en fin, por cualquier otro concepto o deducción.
E109: b) Si con ocasión del siniestro, la reposición o reparación del bien, conjunto o totalidad de los bienes, o de un grupo de estos o de cualquiera de ellos, el asegurado hiciera cualquier cambio o reforma en sus instalaciones, o reemplazare el o los bienes siniestrados por otro u otros de diferente naturaleza, o de mayor capacidad, serán de su cuenta los mayores costos que dichos cambios ocasionen. Sin embargo, la aseguradora debe contemplar en forma expresa que la determinación del valor de la pérdida indemnizable de bienes, se efectuará con base en cotizaciones de bienes de la misma clase, capacidad, tipo y marca o de las características más similares que ofrezca el mercado. En el evento en que en el mercado no existan bienes de las mismas o similares características, la determinación se efectuará con base en la (s) alternativa (s) de reemplazo que presentará el asegurado. Se indemnizará a valor de reposición cuando el conjunto o la totalidad ellos queden destruidos o de tal modo averiados que pierdan la aptitud para el fin para el que están destinados o cuando, no obstante, no perder esa aptitud, su reparación, aunque se facilite, implique perjuicios en la calidad o eficiencia en la producción u operación.
E110: c) La Aseguradora también se obliga a indemnizar el siniestro total o parcial con base en el valor de la reconstrucción, reposición, reparación o reemplazo, si se hace conveniente o necesaria la reconstrucción en un sitio distinto al del sitio afectado por el siniestro, sin que la indemnización exceda de la suma que hubiere debido indemnizar en casos normales.
E111: d) Sin importar que la indemnización se haga bajo cualesquiera de las modalidades antes previstas, la compañía no estará obligada a responder sino hasta la concurrencia del valor asegurado, ajustado según lo estipulado en las condiciones de la póliza. Se precisa que la aseguradora en estos caso solo es el medio de pago.
E112: e) En el evento que la Entidad requiera la reposición de algún bien mueble y/o equipo o elemento, la aseguradora realizará el proceso de compra y adquisición de los equipos o bienes, en este sentido, la Entidad entregará las especificaciones técnicas de los equipos a reponer, esto con el fin que se realice la reposición por un bien de las mismas o similares características de los bienes afectados y se realice el proceso adquisición y entrega de los mismos a la Entidad. Dado lo anterior, el pago de la indemnización se realizará con base en las cotizaciones presentadas por la Entidad y/o de los proveedores que designe el asegurado.
E113: f) Queda expresamente convenido y acordado que, en caso de siniestro de bienes cotizados bajo cualquier denominación de moneda extranjera, la aseguradora liquidará el bien con la Tasa Representativa del Mercado (TRM) del día del siniestro. En caso que para efectos de la indemnización se tenga una variación significativa de la TRM, la aseguradora se compromete a ajustar la liquidación con la TRM de la fecha del día del pago.
B114: DESIGNACIÓN O DENOMINACIÓN DE BIENES | E114: La aseguradora acepta el título, nombre, designación, denominación o nomenclatura con que el asegurado identifica o describe los bienes asegurados en sus registros o libros de comercio o contabilidad.
B115: MODIFICACIONES A FAVOR DEL ASEGURADO | E115: Los cambios o modificaciones a las condiciones de la presente póliza, serán acordados mutuamente entre la compañía y el asegurado. El certificado, documento o comunicaciones que se expidan para formalizarlos debe ser firmado, en señal de aceptación, por un representante legal del asegurado o funcionario autorizado, prevaleciendo sobre las condiciones de esta póliza. No obstante, si durante la vigencia de la póliza se presentan modificaciones en las condiciones del seguro, legalmente aprobadas que representen un beneficio a favor del asegurado, tales modificaciones se consideran automáticamente incorporadas. Siempre y cuando no causen cobro de prima adicional.
B116: ERRORES, OMISIONES O INEXACTITUDES | E116: El tomador está obligado a declarar sinceramente los hechos y circunstancias que determinen el estado del riesgo. La inexactitud sobre hechos o circunstancias que, conocidas por la compañía, la hubieren retraído de celebrar el contrato o inducido a estipular condiciones más onerosas, produce la nulidad relativa del seguro. Sin embargo, si se incurriere en errores, omisiones e inexactitudes inculpables al tomador o al asegurado, el contrato no será nulo ni habrá lugar a la aplicación del inciso tercero del artículo 1058 del Código de Comercio sobre reducción porcentual de la prestación asegurada. En este caso se deberá pagar la prima adecuada al verdadero estado del riesgo.
B117: ERRORES Y/U OMISIONES EN LA PRESENTACIÓN DE LA INFORMACIÓN DE LOS BIENES ASEGURADOS | E117: En caso que en estas condiciones técnicas, anexos o en la póliza que se expida, se encuentre información imprecisa sobre la identificación de los bienes asegurados, siempre y cuando se pueda evidenciar que se tenía intención de asegurar o se pagó la prima correspondiente, la aseguradora indemnizará el valor de la pérdida o daño.
B118: LABORES Y MATERIALES | E118: Queda aceptado y convenido, que la Compañía autoriza al asegurado para efectuar las modificaciones dentro del riesgo, que juzgue necesarias para el funcionamiento de la industria o negocio. Cuando tales modificaciones varíen sustancial, objetiva y materialmente los riesgos conocidos y aceptados por la compañía, el asegurado estará obligado a avisar de ellas por escrito a la compañía dentro del término de días comunes, que para esta condición ofrezca la aseguradora, contados a partir de la finalización de estas modificaciones, sí éstos constituyen agravación de los riesgos.
B119: AMPARO AUTOMÁTICO PARA BIENES REMPLAZADOS TEMPORALMENTE | E119: Queda expresamente acordado que la cobertura de la póliza se extiende a amparar los bienes que sean instalados temporalmente en remplazo de los asegurados inicialmente bajo la póliza, mientras que dure el período de reacondicionamiento, revisión, mantenimiento y fines similares. Así mismo, se cubren automáticamente los nuevos bienes que sean instalados para reponer o remplazar los asegurados bajo la póliza, desde el momento en que sean recibidos por el asegurado.
B120: PAGO DE LA INDEMNIZACIÓN | E120: Queda convenido y aceptado que la indemnización será pagadera en dinero, o mediante el reemplazo, la reposición, la reparación y/o la reconstrucción del bien o bienes asegurados, a opción del ASEGURADO. Cuando la opción escogida por el asegurado sea el pago en dinero, el giro o transferencia del mismo se efectuará al asegurado y/o a los contratistas y/o a los proveedores de bienes o servicios que designe y/o acepte el asegurado. Si la opción escogida es el reemplazo, la reposición, la reparación y/o la reconstrucción de la cosa asegurada, la aseguradora efectuará todos los trámites o negocios jurídicos necesarios para realizar la indemnización a través de la opción escogida por el asegurado. En las facturas o contratos que se deriven de esta opción, la aseguradora figurará como comprador y/o contratante, salvo que el asegurado solicite lo contrario. La Aseguradora indemnizará hasta el monto de su responsabilidad sin imponer una modalidad de indemnización distinta de la escogida por el Asegurado. La elección de una modalidad de pago no implicará renuncia a otros conceptos indemnizables ni aceptación de una cuantía inferior a la que corresponda conforme al contrato. Si el asegurado opta por el pago directo en dinero, la aseguradora no podrá realizar ningún descuento por concepto del Impuesto al Valor Agregado (IVA).
B121: ANTICIPO DE INDEMNIZACIÓN DEL 50% Se califica en Condiciones Adicionales (Formato No. 3) el aumento del porcentaje ofrecido. | E121: Queda expresamente acordado que, a petición escrita de la Entidad, la aseguradora anticipará pagos parciales sobre el valor de cualquier reclamo, con base en el valor de la estimación preliminar de la pérdida aceptada por el ajustador, para adelantar la reparación, reposición o remplazo de los bienes asegurados. En el caso de que no haya nombramiento de ajustador, el anticipo se liquidará con base en la valoración de la cuantía de la pérdida amparada, acreditada por la entidad mediante cotización de la misma. Este anticipo también se extiende a los Gastos Adicionales y Extraordinarios y todos aquellos que se requieran para la operatividad de la póliza. En caso que el anticipo o suma de anticipos que la compañía adelante al asegurado llegare a exceder la suma total indemnizable a que tenga derecho, éste se compromete a devolver el exceso pagado. Para esta cláusula la aseguradora debe contemplar un plazo máximo para el pago del anticipo de diez (10) días hábiles contados a partir de la fecha de solicitud y formalización del mismo este y no se acepta el requerimiento de ningún requisito adicional para realizar el anticipo.
B122: CLÁUSULA DE CONTAMINACIÓN Y POLUCIÓN DERIVADA DE UN EVENTO AMPARADO EN LA PÓLIZA. Sublímite de $2.000.000.000 (vigencia 1.4.3.). | E122: Bajo esta condición la aseguradora debe contemplar, para el caso de pérdidas a consecuencia de terremoto, temblor erupción, volcánica y demás eventos de la naturaleza al igual que los eventos derivados de Actos Mal Intencionados de Terceros, Asonada, Motín, Conmoción Civil o Popular y Huelga (incluido Terrorismo, Sabotaje y Saqueo), que sí varios de estos fenómenos o eventos ocurren dentro de cualquier período de 72 horas consecutivas, se tendrán como un solo siniestro y las pérdidas o daños que se causen a los riesgos asegurados deberán estar comprendidos, en una sola reclamación, sin exceder del total de la suma asegurada.
B123: CLÁUSULA DE 72 HORAS PARA EVENTOS DE LA NATURALEZA INCLUIDO ACTOS MAL INTENCIONADOS DE TERCEROS ASONADA, MOTÍN, CONMOCIÓN CIVIL O POPULAR Y HUELGA (INCLUIDO TERRORISMO, SABOTAJE y SAQUEO) Y CONFLAGRACIÓN. | E123: Bajo esta condición la aseguradora debe contemplar, para el caso de pérdidas a consecuencia de terremoto, temblor erupción, volcánica y demás eventos de la naturaleza al igual que los eventos derivados de Actos Mal Intencionados de Terceros, Asonada, Motín, Conmoción Civil o Popular y Huelga (incluido Terrorismo, Sabotaje y Saqueo), que sí varios de estos fenómenos o eventos ocurren dentro de cualquier período de 72 horas consecutivas, se tendrán como un solo siniestro y las pérdidas o daños que se causen a los riesgos asegurados deberán estar comprendidos, en una sola reclamación, sin exceder del total de la suma asegurada.
B124: MOVILIZACIÓN DE BIENES PARA SU USO Y/O ACTIVIDAD Sublímite único de $12.000.000.000 (vigencia 1.4.3.). | E124: Bajo esta condición la aseguradora debe contemplar que se debe extender a amparar los bienes asegurados (diferentes a equipos móviles y portátiles), cuando sean movilizados para su uso y/o actividad a otros predios del asegurado o de terceros y mientras permanezcan en los mismos, bajo los mismos amparos de la presente póliza, incluye tránsito, movilización y/o transporte.
...

Sheet 2. COND. BÁSICAS MANEJO
B3: =+'1. COND. BÁSICAS TRDM'!B3:G3 -> CONSEJO SUPERIOR DE LA JUDICATURA
B4: ANEXO No. 1 - CONDICIONES OBLIGATORIAS (MÍNIMAS TÉCNICAS)
B6: 2. SEGURO GLOBAL DE MANEJO PARA ENTIDADES OFICIALES
B7: 2.1. | C7: INFORMACIÓN GENERAL
B8: TOMADOR: | C8: =+'1. COND. BÁSICAS TRDM'!$C$8:$E$8 -> CONSEJO SUPERIOR DE LA JUDICATURA | F8: NIT. | G8: =+'1. COND. BÁSICAS TRDM'!G8 -> 800.093.816-3
B9: ASEGURADO: | C9: =+C8 -> CONSEJO SUPERIOR DE LA JUDICATURA | F9: NIT. | G9: =+G8 -> 800.093.816-3
B10: BENEFICIARIO: | C10: =+C9 -> CONSEJO SUPERIOR DE LA JUDICATURA | F10: NIT. | G10: =+G9 -> 800.093.816-3
B11: 2.2. | C11: OBJETO DEL SEGURO
B12: Amparar el menoscabo que sufran los fondos, valores y bienes de propiedad, bajo tenencia, control y/o responsabilidad del CONSEJO SUPERIOR DE LA JUDICATURA, ocasionado por empleados, funcionarios, servidores, sus reemplazos y demás personas comprendidas en la definición de trabajador o empleado de esta póliza, por actos que se tipifiquen como delitos contra la administración pública o fallos con responsabilidad fiscal, de conformidad con las coberturas y condiciones del presente anexo. La cobertura no estará condicionada a la existencia de sentencia penal o fallo fiscal cuando la ocurrencia y cuantía de la pérdida se encuentren acreditadas conforme al contrato y a la ley.
B13: 2.3. | C13: LÍMITE ASEGURADO (vigencia 2.3.2.)
B14: Oferta Básica: Se califica en Condiciones Adicionales (Formato No. 3) el aumento del límite asegurado sin cobro de prima adicional. | F14: 1700000000
B15: Sublímite para Depósitos Judiciales. Se califica en Condiciones Adicionales (Formato No. 3) el aumento del límite asegurado sin cobro de prima adicional. | F15: 500000000
B16: 2.3.1. | C16: MODALIDAD DE COBERTURA:
B17: Los amparos otorgados operan bajo modalidad de OCURRENCIA. Se cubren las pérdidas patrimoniales cuyo hecho generador o conducta amparada ocurra durante la vigencia de la póliza, aun cuando su descubrimiento, investigación, determinación de responsabilidad o reclamación tenga lugar con posterioridad, sujeto exclusivamente a los términos legales de prescripción aplicables y a las demás condiciones más favorables previstas en este anexo. Ninguna condición general de la aseguradora podrá transformar esta cobertura en modalidad claims made, descubrimiento o reclamación.
B18: 2.3.2. | C18: BASE PARA LA DETERMINACIÓN Y APLICACIÓN DEL CONCEPTO SUBLÍMITE / VIGENCIA / AGREGADO ANUAL
B19: Para la totalidad de Coberturas y/o condiciones básicas sublímitadas, queda expresamente aceptado por parte de los proponentes que, en concordancia con la vigencia de la póliza que se adjudique, cada Sublímite operará así:
B20: VIGENCIA 2026 A 2027: | C20: Sublímite indicado Evento/Agregado Anual.
B21: 2.4. | C21: CARGOS ASEGURADOS
B22: CORRESPONDEN A 40.050 cargos
B23: NOTA: | C23: CADA SUBLÍMITE O GASTOS INDICADOS ESTAN CONTEMPLADOS DENTRO DEL LÍMITE ASEGURADO. EXCEPTO LOS COSTOS DE RECONSTRUCCIÓN DE ARCHIVOS QUE SON EN EXCESO DEL LÍMITE ASEGURADO.
B24: 2.5. | C24: COBERTURAS BÁSICAS
B25: DELITOS CONTRA LA ADMINISTRACIÓN PÚBLICA | E25: La aseguradora indemnizará la pérdida económica que sufra la Entidad a consecuencia de actos que se tipifiquen como delitos contra la administración, cometidos por empleado(s) en desempeño de(los) cargo(s) señalados en el numeral 2.4.
B26: GASTOS DE RECONSTRUCCIÓN O RENDICIÓN DE CUENTAS | E26: La aseguradora mediante este amparo cubre los gastos que la Entidad tenga que incurrir en caso de abandono del cargo o fallecimiento del empleado, para llevar a cabo los procesos de rendición y reconstrucción de cuentas.
B27: DELITOS CONTRA EL PATRIMONIO ECÓNOMICO | E27: La aseguradora mediante este amparo indemnizará la pérdida económica que sufra la Entidad, por aquellas conductas penalmente sancionables, cometidas por los empleados de la Entidad, que no dan cuenta de un buen manejo de los recursos estatales y que causan detrimento al patrimonio del estado.
B28: JUICIOS CON RESPONSABILIDAD FISCAL Y ALCANCES FISCALES | E28: La aseguradora mediante este amparo cubre los procesos de responsabilidad fiscal con ocasión de la ejecución de actos que den lugar a iniciación de juicios de esta naturaleza, al igual que los alcances fiscales.
B29: PÉRDIDA DE EMPLEADOS NO IDENTIFICADOS AL 100% DEL LÍMITE ASEGURADO | E29: En caso de ocurrencia de cualquier pérdida, pero que la Entidad no pudiera determinar específicamente al empleado o los empleados responsables, la aseguradora reconocerá la indemnización correspondiente, siempre y cuando las circunstancias que dieron lugar al evento, permitan considerar que en la ocurrencia del mismo intervinieron uno o varios empleados de la Entidad, a cualquier titulo (autor intelectual, material o cómplice). Queda entendido que la responsabilidad de la compañía, respecto de tales pérdidas, no excederá en ningún caso del monto asegurado estipulado en la póliza.
B30: PROTECCIÓN DE DEPÓSITOS BANCARIOS AL 100% DEL LÍMITE ASEGURADO | E30: Cubre las pérdidas de dinero que el asegurado tenga depositado en sus cuentas corrientes o de ahorro en entidades bancarias o financieras (incluidos sus respectivos intereses), que se deba a falsificación o adulteración de un cheque, letra de cambio, pagaré, carta de crédito o cualquier otra clase de título valor que el banco o entidad financiera presuma que ha sido firmado, endosado o avalado por el asegurado o por una persona que obre en su nombre o representación y que el banco o entidad financiera compruebe que no es responsable por dicho pago, incluyendo: a) Cualquier cheque o giro hecho o girado en nombre de la Entidad pagadero a una persona ficticia y endosado o pagado a nombre de dicha persona. b) Cualquier cheque o giro hecho o girado en transacción de la Entidad o por su representante a favor de un tercero y entregado al representante de éste que resultare endosado o cobrado por persona distinta de aquel a quien se giró. c) Cualquier cheque o giro con destino al pago de salarios que habiendo sido girado u ordenado por la Entidad, resultare endosado y cobrado por un tercero obrando supuestamente a nombre del girador, o de aquel a quien se debía hacer el pago. Esta cobertura aplica cuando se demuestra la participación de uno o más empleados del asegurado y que la entidad bancaria demuestre que no tiene ninguna responsabilidad.
B31: EXTENSIÓN DE COBERTURA PARA EMPLEADOS OCASIONALES, TEMPORALES Y TRANSITORIOS AL 100% DEL LÍMITE ASEGURADO | E31: Bajo esta condición la cobertura de la presente póliza se extiende a amparar a los trabajadores ocasionales, temporales o transitorios y a quienes, sin serlo, realicen prácticas o investigaciones en sus dependencias. Esta cobertura queda sujeta a que las operaciones que realicen tales personas estén bajo el control de la Entidad.
B32: EXTENSIÓN DE COBERTURA PARA EMPLEADOS DE FIRMAS ESPECIALIZADAS Y OTROS AL 100% DEL LÍMITE ASEGURADO | E32: Bajo esta condición la cobertura de la presente póliza se extiende a amparar a todas aquellas personas naturales que presten servicios en los establecimientos del asegurado bajo cualquier título o contrato, incluidos los empleados de firmas especializadas, los empleados de contratistas independientes, los cuales deben cumplir con las normas que los regulan y con las garantías exigidas por la ley 80 de 1993. Esta cobertura queda sujeta a que las operaciones que realicen tales personas estén bajo el control de la Entidad.
B33: EXTENSIÓN DE COBERTURA PARA PÉRDIDAS OCASIONADAS POR EMPLEADOS DE CONTRATISTAS Y SUBCONTRASTISTAS INDEPENDIENTES AL 100% DEL LÍMITE ASEGURADO | E33: Bajo esta condición la cobertura de la presente póliza se extiende a amparar a todas aquellas personas naturales que presten servicios en los establecimientos del asegurado bajo cualquier título o contrato, incluidos los empleados de contratistas y subcontratistas independientes, los cuales deben cumplir con las normas que los regulan y con las garantías exigidas por la ley 80 de 1993.
B34: GASTOS POR PAGOS DE AUDITORES, REVISORES, CONTADORES Y ABOGADOS | E34: La cobertura de esta póliza debe extenderse a amparar los gastos en que incurra el asegurado, por pago a auditores, revisores, contadores y abogados, que se requieran para analizar y certificar los datos extraídos de los libros de contabilidad y demás documentos del asegurado, al igual que cualquier otra información que sea solicitada por la compañía al asegurado para el ajuste y definición de los reclamos.
B35: COSTOS DE RECONSTRUCCIÓN DE ARCHIVOS. Sublímite del 20% del valor asegurado, sin aplicación de deducible y en exceso del límite asegurado. | E35: Bajo este amparo se cubren los gastos razonables en que incurra el asegurado para la reconstrucción de archivos.
B36: GASTOS PARA LA DEMOSTRACIÓN DEL SINIESTRO | E36: Bajo este amparo se cubren los gastos razonables en que incurra el asegurado, para la demostración de la ocurrencia y cuantía del siniestro y serán indemnizados bajo esta póliza. Estos gastos deben ser previamente aprobados por la aseguradora y la Entidad se compromete para estos casos presentar previamente cotización de estos gastos (cuando se requiera), la aseguradora se reserva el derecho de poder cotizar con sus proveedores los servicios que demanden la aplicación de estos gastos.Hasta el 100% de los gastos demostrados.
... B40: COSTAS EN JUICIO, HONORARIOS PROFESIONALES Y SELECCIÓN DE PROFESIONALES PARA LA DEFENSA. Sublímite del 10% del límite asegurado. Se califica en Condiciones Adicionales (Formato No. 3) el aumento del porcentaje ofrecido. | E40: Por medio de la presente cláusula la compañía indemnizará al asegurado las costas de los procesos judiciales y los honorarios de abogados hasta por el 100% del valor asegurado, siempre y cuando sean justificados, razonables, causados y cancelados por el asegurado en la defensa de cualquier procedimiento legal o pleito en el cual sea demandado por el (los) funcionario(s) investigado(s) con ocasión de los hechos que dan origen a la reclamación formulada a la compañía de seguros. Sin embargo, si dicha reclamación es mayor que el monto del deducible, el asegurador asumirá el pago de las costas y honorarios en igual proporción en que haya asumido la pérdida. El asegurador podrá, en caso de así determinarlo y de común acuerdo con el asegurado asumir la defensa en cualquier litigio o procedimiento legal a nombre del asegurado, a través de abogados elegidos por el asegurador. La selección de los profesionales encargados para la defensa corresponderá al Asegurado, o los funcionarios que esta designe, quienes para su aprobación presentan a la compañía la propuesta correspondiente. La compañía podrá, previo común acuerdo con la Entidad asegurada, asumir la defensa de cualquier litigio o procedimiento legal a nombre del asegurado, a través de abogados elegidos por este.
B41: 2.7. | C41: CLÁUSULAS BÁSICAS
B42: REVOCACIÓN DE LA PÓLIZA, CLÁUSULAS O CONDICIONES Con termino de ciento veinte (120) días. | E42: La aseguradora podrá revocar la póliza, cláusulas o condiciones unilateralmente por la compañía, mediante noticia escrita enviada al asegurado, a su última dirección registrada, con no menos de ciento veinte (120) días de antelación; contados a partir de la fecha del envío. El asegurado podrá pedir la revocación en cualquier momento, según lo previsto en el Código de Comercio. Así mismo, en el caso de que la aseguradora decida no otorgar renovación o prorroga del contrato de seguro, deberá dar aviso de ello al asegurado con no menos de ciento veinte (120) días de antelación a la fecha de vencimiento de la póliza, en caso contrario se dará por entendido que la aseguradora acepta la renovación o prorroga hasta el límite legal establecido en la Ley 80 de 1993, para la adición de los contratos y manteniendo las mismas condiciones ofertadas en este proceso.
B43: AMPARO AUTOMÁTICO DE NUEVOS CARGOS | E43: Bajo esta cláusula se otorga amparo automático a todo nuevo cargo creado por la Entidad, durante la vigencia de la misma, sin que exista obligación por parte de la entidad asegurada de reportarle dichos nuevos cargos, siempre que los nuevos cargos cuenten con las mismas seguridades y controles que los reportados en el inicio de la póliza. Esta condición dará derecho a la compañía al cobro de la prima proporcional, calculada a prorrata, con las tasas adjudicadas y correspondiente al periodo de amparo.
B44: ERRORES, OMISIONES O INEXACTITUDES | E44: El tomador está obligado a declarar sinceramente los hechos y circunstancias que determinen el estado del riesgo. La inexactitud sobre hechos o circunstancias que, conocidas por la compañía, la hubieren retraído de celebrar el contrato o inducido a estipular condiciones más onerosas, produce la nulidad relativa del seguro. Sin embargo, si se incurriere en errores, omisiones e inexactitudes inculpables al tomador o al asegurado, el contrato no será nulo ni habrá lugar a la aplicación del inciso tercero del artículo 1058 del Código de Comercio sobre reducción porcentual de la prestación asegurada. En este caso se deberá pagar la prima adecuada al verdadero estado del riesgo.
B45: EXPERTICIO TÉCNICO | E45: Queda entendido, convenido y aceptado que en el evento de existir discrepancia entre la Compañía y el Asegurado en cuanto a aspectos de orden técnico, la cuestión será sometida a la decisión de peritos o expertos en la materia del siniestros, según los intereses afectados por el siniestro, siguiendo el procedimiento que para tal regulación prevén los artículos 2026 y siguientes del Código de Comercio
B46: MODIFICACIÓN A CARGOS | E46: Queda entendido, convenido y aceptado que si durante la vigencia de la presente póliza se presenta cambio de denominaciones a cargos, se consideran automáticamente incorporados a la póliza, sin que el asegurado se obligue a reportarle tales cambios y/o modificaciones, precisando que estos cargos cuentan con los controles y seguridades que los reportados al inicio de vigencia.
B47: AMPLIACIÓN AVISO DEL SINIESTRO Con termino de ciento veinte (120) días. | E47: Queda convenido y aceptado que el asegurado podrá dar aviso de la ocurrencia del siniestro en un término de ciento veinte (120) días, siguientes a la fecha en que haya conocido o debido conocer la ocurrencia del mismo.
B48: DEFINICIÓN DE SERVIDOR PÚBLICO, TRABAJADOR O EMPLEADO | E48: Queda convenido y aceptado que aseguradora acepta bajo la presente cláusula, que el término "servidor público, trabajador o empleado" y estén bajo el control y dependencia del asegurado, dondequiera que se utilice en la póliza significará:
E49: 1) La persona natural que, dentro del desempeño del cargo asegurado, presta su servicio a la Entidad, vinculada a éste mediante contrato de trabajo, orden de trabajo o mediante nombramiento por decreto o resolución.
E50: 2) Contratistas bajo la Prestación de Servicios Profesionales para el apoyo a la gestión.
E51: 3) Los asesores y consultores que desarrollan funciones en la Entidad.
E52: 4) Estudiantes o Practicantes mientras estén prosiguiendo estudios o deberes en los predios de la Entidad.
E53: 5) Empleados de seguridad y contratistas y sus empleados, mientras dichos contratistas estén desarrollando servicios temporales para la Entidad.
E54: 6) Los trabajadores suministrados por compañías especializadas para desarrollar trabajos propios del asegurado y bajo supervisión en cualquiera de las oficinas o predios de la Entidad.
E55: 7) Directores cuando sean empleados asalariados, pensionados o cuando estén desarrollando labores propias de un empleado o cuando esté actuando como miembro de cualquier comité debidamente elegido o nombrado por Resolución de la Junta Directiva de la Entidad (cuando aplica) para desempeñar específicamente la labor de nombramiento para actos de dirección en nombre del asegurado.
E56: 8) Cualquier persona que haga parte de la Junta Directiva de la Entidad.
E57: 9) Cualquier persona o compañía empleada por el asegurado para prestar servicios profesionales en cualquier rama de su especialidad mientras estan prestando servicios a la Entidad.
E58: 10) Cualquier persona que haga parte de alguna entidad con la cual el ASEGURADO tenga algún tipo de convenio, contrato u otra figura que implique el manejo de bienes o recursos en el desarrollo de su misionalidad.
E59: Todas las anteriores definiciones se consideran empleados mientras estén prestando dichos servicios e incluye los primeros ciento veinte (120) días siguientes a la dejación del cargo o a la terminación de sus servicios, según sea el caso y se otorga siempre y cuando el termino indicado se encuentre dentro de la vigencia de la póliza, sin exceder la fecha de finalización de vigencia.
B60: DESIGNACIÓN O DENOMINACIÓN DE BIENES | E60: La aseguradora acepta el título, nombre, denominación o nomenclatura con que el asegurado identifica o describe los bienes asegurados en sus registros o libros de comercio o contabilidad. El alcance de éstas designación de bienes se amplía al objeto establecido en el Manual de Procedimientos Administrativos y Contables para el manejo y control de los bienes de la Entidad.
B61: CONOCIMIENTO DEL RIESGO | E61: La Compañía acepta mediante la presente cláusula que la Entidad, le ha brindado la oportunidad para realizar la inspección de los bienes y riesgos a que están sujetos los mismos y el patrimonio del Asegurado, razón por la cual se deja constancia del conocimiento y aceptación de los hechos, circunstancias y, en general, condiciones de los mismos. La compañía se reserva el derecho de llevar a cabo la inspección cuantas veces lo juzgue pertinente.
B62: ANTICIPO DE INDEMNIZACIÓN DEL 75% Se califica en Condiciones Adicionales (Formato No. 3) el aumento del porcentaje ofrecido. | E62: Queda expresamente acordado que, a petición escrita de la Entidad, la aseguradora anticipará pagos parciales sobre el valor de cualquier reclamo, con base en el valor de la estimación preliminar de la pérdida aceptada por el ajustador, para adelantar la reparación, reposición o remplazo de los bienes asegurados. En el caso de que no haya nombramiento de ajustador, el anticipo se liquidará con base en la valoración de la cuantía de la pérdida amparada, acreditada por la entidad mediante cotización de la misma. Este anticipo también se extiende a cualquier tipo de gastos que se requiera para la operatividad de la póliza. En caso que el anticipo o suma de anticipos que la compañía adelante al asegurado llegare a exceder la suma total indemnizable a que tenga derecho, éste se compromete a devolver el exceso pagado. Para esta cláusula la aseguradora debe contemplar un plazo máximo para el pago del anticipo de diez (10) días hábiles contados a partir de la fecha de solicitud y formalización del mismo este y no se acepta el requerimiento de ningún requisito adicional para realizar el anticipo.
B63: MODIFICACIONES A FAVOR DEL ASEGURADO | E63: Los cambios o modificaciones a las condiciones de la presente póliza, serán acordados mutuamente entre la compañía y el asegurado. El certificado, documento o comunicaciones que se expidan para formalizarlos debe ser firmado, en señal de aceptación, por un representante legal del asegurado o funcionario autorizado, prevaleciendo sobre las condiciones de esta póliza. No obstante, si durante la vigencia de la póliza se presentan modificaciones en las condiciones del seguro, legalmente aprobadas que representen un beneficio a favor del asegurado, tales modificaciones se consideran automáticamente incorporadas. Siempre y cuando no causen cobro de prima adicional.
B64: NOMBRAMIENTO Y DESIGNACIÓN DE AJUSTADORES | E64: El nombramiento de ajustadores deberá efectuarse de común acuerdo entre la aseguradora y el asegurado, para lo cual la aseguradora presentará para cada reclamo una relación de cinco (5) firmas ajustadoras. No obstante la anterior condición, el asegurador con su propuesta se obliga a presentar la lista de todos sus ajustadores y la Entidad se reserva el derecho de nombrar al ajustador que considere más adecuado o solicitar el cambio de los mismos en caso de que no fueren de su entera satisfacción, sin que para ello se requiera motivación alguna.
B65: VARIACIONES O MODIFICACIONES DEL RIESGO | E65: Queda entendido, convenido y aceptado que las notificaciones que sobre los hechos o circunstancias no previsibles que sobrevengan con posterioridad a la celebración del contrato de seguro y que, conforme al criterio consignado en el inciso 1° del artículo 1058 del código de comercio, signifiquen agravación del riesgo, se efectuarán por la Entidad dentro de los noventa (90) días siguientes a la fecha de modificación del riesgo.
B66: NO CONCURRENCIA DE AMPAROS, CLÁUSULAS O CONDICIONES | E66: Queda entendido, convenido y aceptado, que si dos o más amparos, cláusulas o condiciones otorgan cobertura a un mismo evento, se indemnizará con base en aquella que ofrezca mayor protección para los intereses del asegurado. De igual manera prevalecerán los amparos, cláusulas o condiciones que otorguen coberturas sobre aquellos que las excluyan. En todo caso y ante cualquier discrepancia sobre cuál es el amparo, cláusula o condición aplicable a un caso determinado, se aplicara aquella o aquellas que en conjunto determine el asegurado de acuerdo a su conveniencia.
B67: AMPARO AUTOMÁTICO DE CARGOS QUE POR ERROR U OMISIÓN NO SE HAYAN INFORMADO AL INICIO DE LA VIGENCIA. | E67: Queda entendido, convenido y aceptado que no obstante lo que en contrario se diga en las condiciones generales de la póliza, el presente anexo se extiende a cubrir automáticamente todo cargo que por error u omisión no se haya informado al inicio del seguro por el asegurado. El asegurado deberá comunicar tal situación a la aseguradora dentro del plazo aca estipulado y siguientes a la expedición del seguro y la compañía efectuará el cobro de la prima proporcional a prorrata.
B68: NO APLICACIÓN DE GARANTÍAS | E68: Queda expresamente acordado y aceptado que la cobertura otorgada bajo la presente póliza no queda sujeta al cumplimiento de ningún tipo de garantía por parte de la entidad asegurada.
B69: NO APLICACIÓN DE DEDUCIBLE O RESTRICCIÓN DE LÍMITE PARA CAJAS MENORES | E69: Queda expresamente acordado y aceptado que la aseguradora acepta la no aplicación de deducibles para Cajas Menores y tampoco impondrá restricciones al límite de número y cuantías que manejan cada una de ellas.
B70: FALTANTES DE INVENTARIOS 100% DEL LÍMITE ASEGURADO | E70: El oferente ofrecerá la cobertura para los faltantes de inventarios atribuibles a funcionarios de la entidad siempre y cuando tales pérdidas sean como consecuencia de eventos amparados bajo presente póliza. Se otorga la cobertura siempre que se acredite en el reclamo que las pérdidas fueron causadas por la intervención de uno o más empleados.
B71: DESAPARICIONES MISTERIOSAS Sublímite 20% del valor asegurado (vigencia numeral 2.3.2.) | E71: Queda entendido, convenido y aceptado que con la introducción de esta cláusula dentro de la póliza, la Compañía de Seguros extiende la totalidad de las coberturas contratadas a las pérdidas o desapariciones misteriosas, sufridas por el asegurado y sobre las cuales no se pueda identificar el autor material, intelectual o cómplice. No obstante para que esta cobertura opere se deberá presumir que uno de los empleados del asegurado estuvo involucrado bajo cualquiera de las modalidades antes indicadas.
... B93: DETERMINACIÓN DE CONDICIONES Y REQUISITOS PARA EL PAGO DE INDEMNIZACIONES | E93: La aseguradora manifiesta expresamente que acepta los requisitos y documentos contenidos en el ANEXO 7 - MANUAL PLAN DE SEGUROS y en el anexo de este manual ANEXO 7 A - MATRIZ DE DOCUMENTOS REQUERIDOS PÓLIZAS, como únicos para la atención y pago de reclamaciones por siniestros. A futuro no podrá exigir documentos o trámites adicionales.
B94: 2.8. | C94: EXCLUSIÓN DE ENFERMEDADES TRANSMISIBLES O CONTAGIOSAS
B95: Este seguro no cubre cualquier reclamo de ninguna manera causado por o como resultado de: a) Enfermedad por coronavirus (COVID-19) b) Coronavirus 2 del síndrome respiratorio agudo severo (SARS-CoV-2) c) Cualquier mutación o variación de SARS-CoV-2; d) Cualquier otra enfermedad transmisible, epidemia o pandemia e) Cualquier temor o amenaza de a), b), c) ó d) anteriores f) La interrupción de negocios y/o pérdidas financieras sufridas por la Entidad al no poder desarrollar la actividad para la cual fue creada como consecuencia de a), b), c), d) y e) anteriores.
B96: 2.9. | C96: COBERTURAS, AMPAROS Y BIENES SIN APLICACIÓN DE DEDUCIBLES EN FORMA OBLIGATORIA
B97: La Entidad, requiere oferta de cobertura SIN APLICACIÓN DE DEDUCIBLE, para los bienes y/o amparos y/o eventos, señalados a continuación y por lo tanto el proponente con la firma del FORMATO No. 2 - CARTA DE ACEPTACIÓN DE LAS CONDICIONES OBLIGATORIAS (MÍNIMAS TÉCNICAS), admite estas condiciones.
B98: • Cajas Menores sin aplicación de deducibe.
B99: Teniendo en cuenta que esta póliza no contempla deducibles por tanto este factor no será objeto de evaluación, razón por la cual el puntaje de esta aspecto será sumado al puntaje establecido para la evaluación del factor económico de MENOR PRIMA .
B100: 2.10. | C100: DEDUCIBLES MÁXIMOS ACEPTABLES
B101: 1. TODA Y CADA PÉRDIDA: 5% del valor de la pérdida mínimo 5 SMMLV
B102: NOTA: El ofrecimiento de deducibles superiores a los enunciados, constituyen causal de rechazo de la oferta.
B103: 2.11. | C103: COMISIÓN MÍNIMA ACEPTABLE.
B104: En virtud de lo expuesto en el artículo 1341 del Código de Comercio el Corredor tendrá derecho a la comisión de intermediación, la cual será pagada por la Compañía de Seguros. La comisión mínima no deberá ser inferior al 15,0% el valor de la prima neta antes de IVA y no involucra en ningún aspecto a la Entidad. Se aclara que esta comisión no es limitante para la aceptación de las condiciones técnicas básicas obligatorias del presente anexo, ya que no constituye un aspecto técnico de la póliza a contratar.
G105: =+'1. COND. BÁSICAS TRDM'!G210 -> VERSIÓN: OCT 2026

Sheet 3. COND. BÁSICAS RCE
B3: =+'2. COND. BÁSICAS MANEJO'!$B$3:$G$3 -> CONSEJO SUPERIOR DE LA JUDICATURA
B4: ANEXO No. 1 - CONDICIONES OBLIGATORIAS (MÍNIMAS TÉCNICAS)
B6: 3. SEGURO DE RESPONSABILIDAD CIVIL EXTRACONTRACTUAL
B7: 3.1. | C7: INFORMACIÓN GENERAL
B8: TOMADOR: | C8: =+'2. COND. BÁSICAS MANEJO'!$C$8:$E$8 -> CONSEJO SUPERIOR DE LA JUDICATURA | F8: NIT. | G8: =+'1. COND. BÁSICAS TRDM'!G8 -> 800.093.816-3
B9: ASEGURADO: | C9: =+C8 -> CONSEJO SUPERIOR DE LA JUDICATURA | F9: NIT. | G9: =+G8 -> 800.093.816-3
B10: BENEFICIARIO: | C10: TERCEROS AFECTADOS
B11: 3.2. | C11: OBJETO DEL SEGURO
B12: Amparar los perjuicios patrimoniales y extrapatrimoniales que cause el CONSEJO SUPERIOR DE LA JUDICATURA (CSJ), como consecuencia de la Responsabilidad Civil Extracontractual originada dentro o fuera de sus instalaciones, en el desarrollo de sus actividades o en lo relacionado con ella, lo mismo que los actos de sus empleados y funcionarios o el personal para el apoyo a la gestión administrativa dentro y fuera del territorio nacional o por bienes que se encuentren bajo tenencia, control y/o responsabilidad . Nota: Se entenderán como terceros todos los servidores públicos, empleados y funcionarios permanentes, o temporales, o estudiantes en práctica o pasantias, o contratistas, o subcontratistas, o de personas voluntarias que presten servicios al asegurado, incluyendo miembros de las Directivas y cada una de las personas que circulen, ingresen, accedan o se encuentren en los predios de asegurado o por los cuales es responsable en su aseguramiento, independientemente que el asegurado le esté prestando un servicio objeto de su razón social.
B13: 3.3. | C13: LÍMITE ASEGURADO (vigencia 3.4.1.)
B14: Oferta Básica: Se califica en Condiciones Adicionales (Formato No. 3) el aumento del límite ofrecido sin cobro de prima adicional. | F14: 8000000000
B15: 3.3.1. | C15: MODALIDAD DE COBERTURA
B16: Los amparos otorgados operan bajo modalidad de OCURRENCIA. Se cubren los pérjuicios patrimoniales y extrapatrimoniales cuyo hecho generador o conducta amparada ocurra durante la vigencia de la póliza, aun cuando su descubrimiento, investigación, determinación de responsabilidad o reclamación tenga lugar con posterioridad, sujeto exclusivamente a los términos legales de prescripción aplicables y a las demás condiciones más favorables previstas en este anexo. Ninguna condición general de la aseguradora podrá transformar esta cobertura en modalidad claims made, descubrimiento o reclamación.
B17: 3.4. | C17: INFORMACIÓN GENERAL
B18: Nómina promedio mensual: $ ___________________
B19: Número de funcionarios:40.050
B20: Presupuesto anual proyectado de la Entidad año 2027: $_____________
B21: 3.4.1. | C21: BASE PARA LA DETERMINACIÓN Y APLICACIÓN DEL CONCEPTO SUBLÍMITE / VIGENCIA / AGREGADO ANUAL
B22: Para la totalidad de Coberturas y/o condiciones básicas sublímitadas, queda expresamente aceptado por parte de los proponentes que, en concordancia con la vigencia de la póliza que se adjudique, cada Sublímite operará así:
B23: VIGENCIA 2026 A 2027: | C23: Sublímite indicado Evento/Agregado Anual.
B24: NOTA: | C24: CADA SUBLÍMITE O GASTOS INDICADOS ESTAN CONTEMPLADOS DENTRO DEL LÍMITE ASEGURADO.
B25: 3.4.2. | C25: PREDIOS ASEGURADOS
B26: Todos los de propiedad del asegurado, que éste use o entregue en comodato y aquellos de terceros que el asegurado use, mantenga, ocupe en desarrollo de sus actividades y operaciones y los tomados en arriendo.
B27: 3.5. | C27: COBERTURAS BÁSICAS
B28: Queda expresamente acordado y convenido, que mediante la presente póliza la aseguradora ampara los perjuicios patrimoniales y extrapatrimoniales, que cause la Entidad a terceros al igual que las costas y gastos de proceso, siempre y cuando el hecho generador le cause daños materiales, lesiones personales y/o muerte; generados como consecuencia de la responsabilidad civil extracontractual originada dentro o fuera de sus instalaciones, en el desarrollo de sus actividades propias a su objeto social o en lo relacionado con ellas, incluidos los actos de sus empleados y funcionarios en el desarrollo de sus funciones. De igual forma, se acuerda que para todos los efectos de la presente póliza, el termino de “perjuicios patrimoniales” contempla los perjuicios relacionados con daños materiales, daño emergente, lucro cesante y demás perjuicios considerados como patrimoniales; y el termino de “perjuicios extrapatrimoniales” comprende, entre otros, el daño moral, daño fisiológico, daño a la vida de relación y demás perjuicios considerados como extrapatrimoniales. La aseguradora acepta expresamente el otorgamiento de la cobertura de este seguro, según lo previsto en el Artículo 1131 del Código de Comercio, relacionado con la configuración del siniestro e inicio de la prescripción, que estipula: ARTICULO 1131. Configuración del siniestro en el seguro de responsabilidad civil. En el seguro de responsabilidad se entenderá ocurrido el siniestro en el momento en que acaezca el hecho externo imputable al asegurado, fecha a partir de la cual correrá la prescripción respecto de la víctima. Frente al asegurado ello ocurrirá desde cuando la víctima le formula la petición judicial o extrajudicial.
B29: PREDIOS, LABORES Y OPERACIONES (incluyendo incendio y explosión) | E29: La aseguradora se obliga a indemnizar, sujeto a los términos y condiciones establecidas tanto en las condiciones generales como a las particulares de la póliza, los perjuicios patrimoniales y extrapatrimoniales que cause el asegurado con motivo de la responsabilidad civil extracontractual en que incurra de acuerdo con la ley colombiana, por hechos imputables al asegurado, que causen la muerte, lesión o menoscabo en la salud de las personas (daños personales) y/o el deterioro o destrucción de bienes (daños materiales) y perjuicios económicos, incluyendo lucro cesante y daño moral, como consecuencia directa de tales daños personales y/o daños materiales. La aseguradora responderá, además, por los costos del proceso que el tercero damnificado o sus causahabientes promuevan en su contra o la del asegurado, con las salvedades siguientes: a) Si la Entidad asegurada afronta el proceso contra orden expresa de la compañía. b) Si la responsabilidad proviene de dolo o está expresamente señalada en las exclusiones de la póliza. c) Si la condena por los perjuicios ocasionados a la víctima excede la suma que delimita la responsabilidad de la aseguradora, esta solo responderá por los gastos del proceso en proporción a la cuota que le corresponda en la indemnización.
E30: PREDIOS, los perjuicios patrimoniales y extrapatrimoniales que cause el asegurado por la posesión, el uso o el mantenimiento de sus predios o por los que es responsable y en especial en los que la Entidad asegurada desarrolla y realiza las actividades objeto de la cobertura de esta póliza.
E31: LABORES Y OPERACIONES, los perjuicios patrimoniales y extrapatrimoniales que cause el asegurado por las labores u operaciones que lleva a cabo la Entidad asegurada en el desarrollo de las actividades objeto de la cobertura de esta póliza incluyendo todos los riesgos que son inherentes a las actividades desarrolladas por el asegurado en el giro normal de sus actividades y derivadas de: a) Posesión o uso de ascensores y escaleras automáticas, elevadores, montacarga, grúas, puente grúas, equipo de trabajo. b) Posesión o uso de máquinas y equipos de trabajo, de cargue, descargue y transporte dentro de los predios asegurados. c) Transporte de bienes del asegurado, tales como materias primas, productos en proceso y productos terminados, fuera de los predios asegurados (Cuando aplique) d) Operaciones de cargue y descargue. (Cuando aplique) e) Posesión o uso de avisos y vallas publicitarias en el territorio nacional. f) Posesión o uso de sus instalaciones sociales, culturales y deportivas y los eventos que el asegurado realice u organice en ellas. g) Viajes de funcionarios del asegurado dentro y fuera del territorio nacional. h) Actividades y Eventos Sociales y Culturales i) Participación del asegurado en ferias y exposiciones nacionales. j) Errores de puntería, opera en exceso de las pólizas que por ley deben tener contratadas las empresas de vigilancia, empleados del asegurado o contratados a través de firma especializada. (Excepto cuando se trata de sus propios funcionarios). k) Vigilancia de los predios por medio de personal armado y/o animales opera en exceso de las pólizas que por ley deben tener contratadas las empresas de vigilancia, empleados del asegurado o contratados a través de firma especializada. (Excepto cuando se trata de sus propios funcionarios)
E32: l) Posesión o uso de depósitos, tanques y tuberías ubicados o instalados dentro de los predios asegurados. m) Actos de los directivos, representantes y empleados del asegurado en el desempeño de sus funciones y dentro de las actividades aseguradas. Se excluye la Responsabilidad Profesional. n) Posesión o uso de cafeterías, casinos y restaurantes para uso de sus empleados y/o invitados. ñ) Incendio y/o explosión producidos dentro de los predios asegurados. o) Uso de parqueaderos dentro de los predios del asegurado p) Descargue, dispersión, liberación o escape de humo, vapores, hollín, ácidos, álcalis y en general productos químicos tóxicos, líquidos o gaseosos, y demás materias irritantes o contaminantes, en o sobre la tierra, atmosfera, ríos, lagos o cualquier curso o cuerpo de agua, producida en forma accidental, súbita e imprevista. (Cuando aplique) q) Uso de casinos, restaurantes y cafeterías de su propiedad o que sean ocupados por él o que tenga tomados en arrendamiento o alquiler, no obstante el hecho que éstos estén administrados por personas naturales o jurídicas distintas de la entidad o sus empleados. r) Productos y Trabajos terminados sin son de la misionalidad de la Entidad, se excluye recogida del producto. (Cuando aplique). s) Participación del asegurado en ferias y exposiciones internacionales, excluyendo la responsabilidad en los países de Estados Unidos, Puerto Rico y Canadá.
B33: GASTOS MÉDICOS (sin aplicación de deducibles). Sublímite $200.000.000 evento / $1.000.000.000 (vigencia 3.4.1.). Se califica en Condiciones Adicionales (Formato No. 3) el aumento del sublímite. | E33: La aseguradora debe contemplar para la propuesta de este amparo, que indemnizarán hasta el límite establecido en la póliza y dentro de los términos y con sujeción a las condiciones de este seguro, los gastos razonables y prioritarios que se causen, por concepto de primeros auxilios inmediatos, servicios médicos, quirúrgicos, de ambulancia de hospital, de enfermeras, medicamentos, terapias de rehabilitación, protesis, etc. como consecuencia de las lesiones corporales producidas a terceros en desarrollo de las actividades de la entidad, incluido gastos de traslado (dentro del territorio colombiano o en el exterior). Se precisa, que el amparo que se otorga es independiente al de responsabilidad civil extracontractual y por consiguiente, los pagos que por dicho concepto se realicen, en ningún caso pueden ser interpretados como aceptación tácita de responsabilidad y no está sujeto a la aplicación de deducible. Los funcionarios y contratistas para el apoyo a la gestión administrativa y demás personal de apoyo a la Entidad se consideran terceros. De igual forma, en caso de requerirse, este amparo puede aplicar por reembolso.
B34: RESPONSABILIDAD CIVIL PATRONAL. Sublímite de 10% del valor asegurado (vigencia 3.4.1.). Se califica en Condiciones Adicionales (Formato No. 3) el aumento del sublímite. | E34: La aseguradora mediante este amparo se compromete a indemnizar los perjuicios patrimoniales derivados de la responsabilidad civil extracontractual que le sea imputable al asegurado en su calidad de empleador exclusivamente por los accidentes de trabajo que sufran los empleados a su servicio, en el desarrollo de las actividades asignadas a ellos y de acuerdo con las siguientes definiciones y condiciones: a) Se entiende por empleado toda persona que mediante contrato de trabajo o de prestación de servicios (incluidos contratistas para el apoyo a la gestión administritativa o misional) preste al asegurado. b) Quedan excluidas de este seguro: Las enfermedades profesionales, endémicas o epidémicas, contagiosas (en especial el COVID19), por accidentes de trabajo que se hayan sido provocados deliberadamente o por culpa grave del empleado. Se precisa que este amparo opera en exceso de la seguridad social.
B35: CONTRATISTAS Y SUBCONTRATISTAS INDEPENDIENTES AL 100% DEL LÍMITE ASEGURADO | E35: La aseguradora bajo este amparo se obliga a cubrir los perjuicios patrimoniales y extra patrimoniales derivados de la responsabilidad civil extracontractual que le sea imputable al asegurado y/o los gastos médicos por los daños que causare a terceros, a consecuencia de labores amparadas realizadas por contratistas y subcontratistas independientes a su servicio. Se precisa que este amparo opera en exceso de las pólizas del contratista o subcontratista.
B36: RESPONSABILIDAD CIVIL CRUZADA AL 100% DEL LÍMITE ASEGURADO. | E36: Se cubren los perjuicios patrimoniales causados por un contratista a otro, a consecuencia de las labores amparadas previamente contratadas por el asegurado y que se efectúen dentro de los predios del mismo. Se precisa que este amparo opera en exceso de las pólizas del contratista.
B37: RESPONSABILIDAD CIVIL POR LA CAIDA, EL DESCOPE, LA PODA Y EL MANTENIMIENTO DE ÁRBOLES. (siempre y cuando sea responsabilidad del asegurado) | E37: Se cubren los perjuicios patrimoniales causados por la caída, el descope, la poda y el mantenimiento de árboles, siempre y cuando sean responsabilidad de la entidad.
B38: VEHÍCULOS PROPIOS Y NO PROPIOS EN EXCESO DEL SEGURO DE AUTOMÓVILES Y SOAT. | E38: Mediante esta condición se indemnizarán los daños que cause el asegurado en razón de la responsabilidad civil por lesiones a terceras personas o daños a propiedades de terceros que le sean imputables legalmente como consecuencia de la utilización en el giro normal de sus negocios, de vehículos propios o no propios incluido los de los funcionarios en desarrollo de las actividades del asegurado y en exceso de los limites contratados en el seguro de automóviles. En caso que el vehículo que generó los daños no cuente con póliza de automóviles y/o SOAT, la cobertura de los daños será asumida por la presente póliza hasta el monto del límite fijado.
B39: DAÑOS Y HURTO DE VEHÍCULOS INCLUIDOS ACCESORIOS EN PARQUEADEROS Y PREDIOS DEL ASEGURADO Sublímite de $100.000.000 por vehículo / $800.000.000 (vigencia 3.4.1.). | E39: Queda entendido y convenido que la cobertura de la póliza se extiende a amparar los eventos que ocurran en los parqueaderos de propiedad o sobre los cuales se ejerza tenencia y/o control y/o custodia el asegurado, incluyendo daños y hurto de vehículos, motocicletas, bicicletas, patinetas o accesorios. Los vehículos de los funcionarios y contratistas se consideran terceros.
B40: COBERTURA DE PROPIEDADES ADYACENTES (CUANDO APLIQUE) | E40: La aseguradora debe contemplar la extensión de la cobertura de propiedades adyacentes para obras civiles terminadas que tenga el Asegurado a su cargo o por las que sea legal o contractualmente responsable.
B41: AMPARO AUTOMÁTICO PARA NUEVOS PREDIOS Y OPERACIONES | E41: La aseguradora debe contemplar la extensión de la cobertura automática del seguro, en los mismos términos y limitaciones establecidos en esta póliza, para amparar la responsabilidad extracontractual por nuevas operaciones y/o el uso, posesión y demás actividades desarrolladas en nuevos predios que adquiera el asegurado o sobre los cuales obtenga el dominio o control. Esta condición dará derecho a la compañía al cobro de la prima proporcional, calculada a prorrata, con las tasas adjudicadas y correspondiente al periodo de amparo
B42: GASTOS ADICIONALES PARA CAUCIONES Y COSTAS PROCESALES. | E42: La presente póliza ampara los siguientes gastos razonables: a) El costo de cualquier clase de caución que el Asegurado tenga que prestar. El costo de cualquier clase de caución que el Asegurado tenga que prestar. La aseguradora no se obliga a constituir la caución, sin embargo si se obliga a cubrir el valor de la prima que esta genere. b) Intereses de mora en beneficio del tercero afectado.
B43: GASTOS ADICIONALES PARA HONORARIOS PROFESIONALES DE ABOGADOS, CONSULTORES, AUDITORES, INTERVENTORES, ETC. | E43: No obstante lo que se diga en contrario en las condiciones generales y particulares de la póliza, la Compañía se obliga a indemnizar los honorarios razonables en que necesaria y razonablemente incurra el asegurado, por concepto de abogados, consultores, auditores, interventores, revisores, contadores, etc., para obtener y certificar: a.- los detalles extraídos de los libros de contabilidad y del negocio mismo del asegurado, y b.- cualesquiera otras informaciones, documentos y testimonios que sean pedidos por la compañía al asegurado según lo establecido en las condiciones generales y particulares de la póliza. La compañía reconocerá hasta el 100% de las gastos razonables demostrados por el asegurado.
B44: GASTOS PARA LA PREPARACIÓN Y DEMOSTRACIÓN DEL SINIESTRO | E44: Bajo este amparo se cubren los gastos razonables en que incurra o deba incurrir el asegurado, para la preparación y demostración de la ocurrencia y cuantía del siniestro y serán indemnizados bajo esta póliza. La aseguradora indemnizará hasta el 100% de los gastos demostrados. El seguro de esta póliza incluye los costos razonables y sustentables incurridos por el Asegurado (incluida la utilización por parte del Asegurado de consultores externos) para la preparación, presentación, demostración, certificación y / o verificación de cualquier reclamación resultante de la pérdida asegurada bajo esta póliza. Esta póliza se extiende para incluir los costos y gastos incurridos por el asegurado o por los representantes de cualquier asegurado (Ajustadores/Liquidadores/Reguladores, Abogados, Contadores, Expertos, asesores, especialistas, profesionales de siniestros y similares, etc.) en la preparación, justificación y demostración del monto de cualquier reclamación bajo esta póliza
... B51: DAÑOS PERSONALES CAUSADOS U OCASIONADOS POR INFECCIÓN O ENFERMEDAD PADECIDA POR LOS SEMOVIENTES O MORDEDURAS DE ESTOS (CUANDO APLIQUE) | E51: Queda expresamente convenido y acordado que para efectos de este seguro se extiende la cobertura de la póliza a amparar los daños personales que puedan ser causados u ocasionados por infección o enfermedad padecidas por los semovientes de propiedad del asegurado o que estén bajo su custodia o responsabilidad a cualquier título. El alcance de esta cobertura se extiende a mordeduras causadas por los semovientes incluido los gastos médicos, hospitalarios y de rehabilitación.
B52: 3.6. | C52: CLÁUSULAS BÁSICAS
B53: REVOCACIÓN DE LA PÓLIZA, CLÁUSULAS O CONDICIONES Con termino de ciento veinte (120) días. | E53: La aseguradora podrá revocar la póliza, cláusulas o condiciones unilateralmente por la compañía, mediante noticia escrita enviada al asegurado, a su última dirección registrada, con no menos de ciento veinte (120) días de antelación; contados a partir de la fecha del envío. El asegurado podrá pedir la revocación en cualquier momento, según lo previsto en el Código de Comercio. Así mismo, en el caso de que la aseguradora decida no otorgar renovación o prorroga del contrato de seguro, deberá dar aviso de ello al asegurado con no menos de ciento veinte (120) días de antelación a la fecha de vencimiento de la póliza, en caso contrario se dará por entendido que la aseguradora acepta la renovación o prorroga hasta el límite legal establecido en la Ley 80 de 1993, para la adición de los contratos y manteniendo las mismas condiciones ofertadas en este proceso.
B54: ERRORES, OMISIONES O INEXACTITUDES | E54: El tomador está obligado a declarar sinceramente los hechos y circunstancias que determinen el estado del riesgo. La inexactitud sobre hechos o circunstancias que, conocidas por la compañía, la hubieren retraído de celebrar el contrato o inducido a estipular condiciones más onerosas, produce la nulidad relativa del seguro. Sin embargo, si se incurriere en errores, omisiones e inexactitudes inculpables al tomador o al asegurado, el contrato no será nulo ni habrá lugar a la aplicación del inciso tercero del artículo 1058 del Código de Comercio sobre reducción porcentual de la prestación asegurada. En este caso se deberá pagar la prima adecuada al verdadero estado del riesgo.
B55: AMPLIACIÓN AVISO DEL SINIESTRO Con termino de ciento veinte (120) días. | E55: Queda convenido y aceptado que el asegurado podrá dar aviso de la ocurrencia del siniestro en un término de ciento veinte (120) días, siguientes a la fecha en que haya conocido o debido conocer la ocurrencia del mismo.
B56: BIENES BAJO CUIDADO, TENENCIA, CONTROL Y CUSTODIA | E56: Se amparan los daños y/o perjuicios que se causen a terceros, con bienes que sin ser de propiedad del asegurado se encuentren bajo su cuidado, tenencia, control y custodia. Se excluye el hurto en cualquiera de sus formas y el daño de dichos bienes.
B57: DESIGNACIÓN O DENOMINACIÓN DE BIENES | E57: La aseguradora acepta el título, nombre, denominación o nomenclatura con que el asegurado identifica o describe los bienes asegurados en sus registros o libros de comercio o contabilidad. El alcance de éstas designación de bienes se amplía al objeto establecido en el Manual de Procedimientos Administrativos y Contables para el manejo y control de los bienes de la Entidad.
B58: CONOCIMIENTO DEL RIESGO | E58: La aseguradora acepta mediante la presente cláusula que la Entidad, le ha brindado la oportunidad para realizar la inspección de los bienes y riesgos a que están sujetos los mismos y el patrimonio del Asegurado, razón por la cual se deja constancia del conocimiento y aceptación de los hechos, circunstancias y, en general, condiciones de los mismos. La compañía se reserva el derecho de llevar a cabo la inspección cuantas veces lo juzgue pertinente.
B59: PAGO DE LA INDEMNIZACIÓN | E59: Queda expresamente acordado que la aseguradora acepta efectuar el pago de la indemnización bajo cualquiera de las modalidades que escoja el asegurado y/o el tercero afectado, tales como: (i) en dinero al asegurado, a título de reembolso, por los pagos efectuados por este, previamente autorizados por la aseguradora; y/o (ii) mediante el giro al tercero afectado; y/o (iii) mediante el giro a los contratistas y/o proveedores de bienes o servicios, con los cuales el tercero afectado, decida remplazar, reconstruir, reparar y/o reponer los bienes o servicios objeto de indemnización, hasta el monto de su responsabilidad. En las facturas o contratos que se deriven de esta opción, la aseguradora figurará como comprador y/o contratante, salvo que el asegurado solicite lo contrario.
B60: ANTICIPO DE INDEMNIZACIÓN DEL 60% Se califica en Condiciones Adicionales (Formato No. 3) el aumento del porcentaje ofrecido. | E60: Queda expresamente acordado que, a petición escrita de la Entidad, la aseguradora anticipará pagos parciales sobre el valor de cualquier reclamo, con base en el valor de la estimación preliminar de los perjuicios causados o la pérdida aceptada por el ajustador, para adelantar la reparación, reposición o remplazo de los perjuicios o las perdidas causadas. En el caso de que no haya nombramiento de ajustador, el anticipo se liquidará con base en la valoración de la cuantía de la pérdida amparada, acreditada por la entidad mediante cotización de la misma. Este anticipo también se extiende a cualquier tipo de gastos que se requiera para la operatividad de la póliza. En caso que el anticipo o suma de anticipos que la compañía adelante al asegurado llegare a exceder la suma total indemnizable a que tenga derecho, éste se compromete a devolver el exceso pagado. Para esta cláusula la aseguradora debe contemplar un plazo máximo para el pago del anticipo de diez (10) días hábiles contados a partir de la fecha de solicitud y formalización del mismo este y no se acepta el requerimiento de ningún requisito adicional para realizar el anticipo.
B61: MODIFICACIONES A FAVOR DEL ASEGURADO | E61: Los cambios o modificaciones a las condiciones de la presente póliza, serán acordados mutuamente entre la compañía y el asegurado. El certificado, documento o comunicaciones que se expidan para formalizarlos debe ser firmado, en señal de aceptación, por un representante legal del asegurado o funcionario autorizado, prevaleciendo sobre las condiciones de esta póliza. No obstante, si durante la vigencia de la póliza se presentan modificaciones en las condiciones del seguro, legalmente aprobadas que representen un beneficio a favor del asegurado, tales modificaciones se consideran automáticamente incorporadas. Siempre y cuando no causen cobro de prima adicional.
B62: NOMBRAMIENTO Y DESIGNACIÓN DE AJUSTADORES | E62: El nombramiento de ajustadores deberá efectuarse de común acuerdo entre la aseguradora y el asegurado, para lo cual la aseguradora presentará para cada reclamo una relación de cinco (5) firmas ajustadoras. No obstante la anterior condición, el asegurador con su propuesta se obliga a presentar la lista de todos sus ajustadores y la Entidad se reserva el derecho de nombrar al ajustador que considere más adecuado o solicitar el cambio de los mismos en caso de que no fueren de su entera satisfacción, sin que para ello se requiera motivación alguna.
B63: VARIACIONES O MODIFICACIONES DEL RIESGO | E63: Queda entendido, convenido y aceptado que las notificaciones que sobre los hechos o circunstancias no previsibles que sobrevengan con posterioridad a la celebración del contrato de seguro y que, conforme al criterio consignado en el inciso 1° del artículo 1058 del código de comercio, signifiquen agravación del riesgo, se efectuarán por la Entidad dentro de los noventa (90) días siguientes a la fecha de modificación del riesgo.
B64: PROPIETARIOS, ARRENDATARIOS O POSEEDORES | E64: La cobertura de la presente póliza se extiende a cubrir todos los gastos que el asegurado por su responsabilidad le llegaren a imputar y que este esté legalmente obligado a pagar por cualquier ocurrencia de pérdida o perjuicio que surja en su calidad de arrendatario, arrendador o poseedor de cualquier inmueble, aun cuando éstos no se encuentren específicamente descritos en la póliza. Queda cubierta igualmente la responsabilidad civil extracontractual del asegurado en caso de reparaciones, modificaciones o construcciones de los mismos inmuebles; se cubre también la responsabilidad civil de la persona o personas encargadas por contrato de mantenimiento del inmueble y únicamente cuando se encuentren en ejercicio de las funciones que dicho contrato estipule.
... B70: SELECCIÓN DE PROFESIONALES PARA LA DEFENSA | E70: La aseguradora debe contemplar que la selección de los profesionales encargados de la defensa corresponderá a la Entidad asegurada, o los funcionarios que ésta designe, quienes para su aprobación presentarán a la compañía la propuesta correspondiente, teniendo en cuenta que en todos los casos los profesionales del derecho deberán acreditar la debida idoneidad para asumir los procesos en los cuales se les postule para actuar como defensores. Toda propuesta en que los profesionales no acrediten la idoneidad será rechazada. La aseguradora, previo común acuerdo con la Entidad asegurada, podrá asumir la defensa de cualquier litigio o procedimiento legal a nombre del asegurado, a través de abogados elegidos por éste, para lo cual se deberá cumplir con el siguiente procedimiento:
E71: A. ETAPA PREJUDICIAL:
E72: El procedimiento prejudicial para el trámite de las reclamaciones presentado por la Entidad asegurada, ante la compañía Aseguradora, con el fin de evitar dilaciones en el proceso y suspensiones injustificadas de audiencias de conciliación, se desarrollara de la siguiente manera:
E73: a) Una vez ocurrido el siniestro, dentro de los 10 días calendarios siguientes al momento en que tuvo conocimiento de su ocurrencia, la Entidad asegurada, enviara el documento de convocatoria a la Aseguradora, haciéndolo llegar al correo electrónico del funcionario delegado para tal fin, quien para todos los efectos será el designado como el punto de contacto único y permanente entre la Entidad asegurada, y la compañía.
E74: Adicional al documento de convocatoria, la comunicación antes referida debe contener un pronunciamiento claro y debidamente fundamentado, por parte de la Entidad asegurada, frente a los hechos ocurridos. Este requisito será cumplido mediante el concepto previo de la oficina jurídica de la la Entidad asegurada, puesto que en este ya se ha evaluado a priori la responsabilidad, sin que sea viable la exigencia por parte de la aseguradora de alguna decisión del comité de la la Entidad asegurada.
E75: La Entidad asegurada, contara con ocho (8) días calendario para realizar la comunicación acá señalada, contados desde la fecha en que la Entidad haya tenido conocimiento de los hechos.
E76: b) Una vez recibida la información, la compañía Aseguradora estudiara el caso en el Comité de Defensa o de siniestros, según corresponda, a más tardar dentro de los siete (7) días calendario siguientes al recibo del documento de convocatoria, y, de ser pertinente, se aprobara el valor de una propuesta inicial, que debe constar por escrito y de la cual se dará traslado a la Entidad asegurada, en un término máximo de tres (3) días calendario contados desde la fecha que el Comité sesiono.
E77: La decisión tomada por el Comité debe estar debidamente motivada, especificando la justificación de la cifra propuesta y teniendo como base los parámetros establecidos por la jurisprudencia aplicable al caso, así como el proceso de análisis y valoración que llevo a la misma.
E78: c) En caso que la Entidad asegurada esté en desacuerdo con la decisión inicial del Comité de Defensa de la Aseguradora, podrá, dentro de los cinco (5) días calendario siguientes a la comunicación de la misma, manifestar tal inconformidad, mediante el mismo punto de contacto único, y solicitar la reconsideración del caso, argumentando de manera seria las razones por las cuales considera que no hubo una valoración adecuada.
E79: d) La solicitud de reconsideración será resuelta por parte de la compañía Aseguradora dentro de los siete (7) días calendarios siguientes a la fecha de su radicación. La decisión debe contener una propuesta final, la cual debe constar por escrito y estar debidamente motivada, ya sea argumentando de manera razonada la no modificación de la cifra o explicando la motivación y el proceso de análisis y valoración que llevo a la fijación de un nuevo valor.
E80: NOTA: Será la Entidad asegurada, la encargada de convocar a la Compañía Aseguradora a la audiencia de conciliación prejudicial, por lo que no será necesario, en ningún caso, que la Procuraduría u otro órgano respectivo adelante este trámite.
E81: B. ETAPA JUDICIAL:
E82: a) Se adelantará las etapas del proceso judicial con celeridad y evitando cualquier tipo de dilaciones.
... E84: c) La Aseguradora entiende y se compromete a interactuar con la Entidad asegurada, dentro del proceso judicial, como su garante, realizando una labor de apoyo encaminada a obtener una sentencia favorable.
B85: SERVICIO DE ATENCIÓN Y ASESORÍA JURÍDICA DE EVENTOS QUE PUEDAN AFECTAR LA COBERTURA LAS 24 HORAS DEL DÍA. | E85: Queda entendido, convenido y aceptado que la aseguradora pondrá a disposición de la Entidad el servicio de atención y asesoría jurídica de eventos que puedan afectar la cobertura, las 24 horas del día.
B86: COMPROMISO PARA EL PAGO DE LAS INDEMNIZACIONES Plazo de diez (10) días hábiles | E86: Mediante esta condición la aseguradora se compromete al pago de la indemnización dentro del plazo establecido, una vez el asegurado demuestre ocurrencia y cuantía.
B87: PLAZO PARA LA ACEPTACIÓN DE LIQUIDACIÓN, ENVÍO DE LOS DOCUMENTOS PARA FIRMA POR PARTE DEL ORDENADOR DEL GASTO Y/O REPRESENTANTE LEGAL Y PAGO POR PARTE DE LA ASEGURADORA. | E87: Mediante esta condición, queda expresamente acordado que la aseguradora se pronunciará sobre las cotizaciones presentadas por el asegurado, para las reposiciones y/o reparaciones y/o consignaciones por los PERJUICIOS causados a que haya lugar ante el Tesoro Nacional o Tesorería Distrital o el ente que haga sus veces (incluidos los impuestos, gravámenes u otros legalmente establecidos); a la menor brevedad posible y máximo dentro de los diez (10) días hábiles siguientes al recibo de la documentación que acredite los mismos. En caso contrario, se entenderán como aceptadas por parte de la Aseguradora la(s) cotización(es) presentada(s) por la Entidad asegurada, dando lugar a que, por parte de la Entidad se presenten los documentos del proveedor para su respectivo pago dentro del tiempo estipulado. Este mismo periodo de tiempo aplica para la solicitud de reconsideraciones.
B88: NO CONCURRENCIA DE AMPAROS, CLÁUSULAS O CONDICIONES | E88: Queda entendido, convenido y aceptado, que si dos o más amparos, cláusulas o condiciones otorgan cobertura a un mismo evento, se indemnizará con base en aquella que ofrezca mayor protección para los intereses del asegurado. De igual manera prevalecerán los amparos, cláusulas o condiciones que otorguen coberturas sobre aquellos que las excluyan. En todo caso y ante cualquier discrepancia sobre cuál es el amparo, cláusula o condición aplicable a un caso determinado, se aplicara aquella o aquellas que en conjunto determine el asegurado de acuerdo a su conveniencia.
B89: CLÁUSULA DE JURISDICCIÓN Y SOLUCIÓN DE CONTROVERSIAS | E89: Las diferencias que surjan entre las partes con ocasión de la celebración, interpretación, ejecución, cumplimiento, terminación o liquidación del presente contrato de seguro se regirán por la legislación de la República de Colombia y se resolverán agotando de manera sucesiva las siguientes etapas: a) Arreglo directo. De conformidad con el artículo 68 de la Ley 80 de 1993, las partes buscarán solucionar en forma ágil, rápida y directa sus diferencias, dentro de los treinta (30) días calendario siguientes a la fecha en que una de ellas notifique por escrito a la otra la existencia de la controversia, indicando los hechos y sus pretensiones. Este término podrá prorrogarse por mutuo acuerdo escrito. Lo acordado constará en acta suscrita por quienes tengan la representación o facultad para obligar a cada una de las partes. b) Conciliación extrajudicial. Si no se logra acuerdo en la etapa anterior, cualquiera de las partes podrá presentar solicitud de conciliación extrajudicial ante la Procuraduría General de la Nación, a través de sus agentes delegados para asuntos administrativos, en los términos de la Ley 2220 de 2022 y demás normas que la modifiquen, adicionen o reglamenten. La participación de la entidad estará sujeta a la decisión de su Comité de Conciliación. El acuerdo conciliatorio que se logre requerirá aprobación judicial y, una vez aprobado, hará tránsito a cosa juzgada. Si la conciliación fracasa, se entenderá agotado el requisito de procedibilidad. c) Jurisdicción de lo Contencioso Administrativo. Agotadas las etapas anteriores, la controversia será sometida al conocimiento de la Jurisdicción de lo Contencioso Administrativo, mediante el medio de control de controversias contractuales, ante el juez o tribunal competente según las reglas de competencia previstas en la Ley 1437 de 2011, modificada por la Ley 2080 de 2021, y demás normas que la modifiquen o sustituyan. Parágrafo. El trámite de arreglo directo no suspende ni interrumpe los términos de caducidad del medio de control. La suspensión de dichos términos por la presentación de la solicitud de conciliación se regirá por lo dispuesto en la Ley 2220 de 2022.
B90: LIQUIDACIÓN A PRORRATA EN CASO DE CANCELACIÓN DE LA PÓLIZA POR PARTE DEL ASEGURADO | E90: Bajo esta cláusula la aseguradora debe aceptar que en caso de cancelación de la póliza por parte del asegurado, la devolución de las primas respectivas se realizará a prorrata.
B91: CONDICIONES DE RENOVACIÓN Y/O PRORROGA DE LA PÓLIZA Y REVISIÓN DE TÉRMINOS | E91: En caso de que el asegurado decida renovar y/o prorrogar la póliza, la aseguradora se obliga a mantener los términos contratados con las mismas tasas y condiciones de la póliza inicial, siempre y cuando la siniestralidad de la póliza no sea mayor al 70%, en el caso que la siniestralidad supere el 70% (considerado cada periodo de vigencia independientemente), la aseguradora acordará con el asegurado las condiciones en que se otorgará las condiciones de renovación. La aseguradora se obliga a entregar en cualquiera de las situaciones de resultado de siniestralidad, las condiciones con una antelación de noventa (90) días antes del vencimiento de la póliza.
B92: CLÁUSULA DE NO ACEPTACIÓN DE COASEGURO | E92: En el evento en el que el contrato de seguro sea celebrado a través de una figura asociativa, la misma se celebrará bajo alguna de las modalidades previstas en el artículo 7º del Estatuto General de Contratación de la Administración Pública – EGCP (Unión temporal, consorcio, entre otros). Adicionalmente, no serán aceptados los contratos de seguros estructurados por dos o más Compañías de seguros, en calidad de coaseguradores, y toda disposición que se realice con esta referencia (coaseguro), se entenderá por no escrita.
B93: CLÁUSULA DE CONOCIMIENTO POR LOS MIEMBROS DE LA FIGURA ASOCIATIVA | E93: Esta cláusula será aplicada cuando se presente la asociación de dos o más Aseguradoras, sin importar la figura utilizada para tal fin. Las Compañías de Seguros que actúan como integrantes de cualquier figura asociativa (consorcio, unión temporal, etc.) dentro del presente contrato de seguro, conocen y aceptan: i) las condiciones generales y particulares de la póliza, ii) Cualquier anexo y/o certificado que sobre la póliza inicial emita la Compañía líder de la figura asociativa. En igual sentido, declaran que cualquier reclamación, notificación, requerimiento o comunicación formulada por el asegurado o por un tercero a la compañía líder o cualquiera de sus integrantes, se entiende automáticamente formulada ante todos los integrantes de la figura asociativa establecida para tal fin.
B94: CLÁUSULA DE SOLIDARIDAD ENTRE LOS MIEMBROS DE LA FIGURA ASOCIATIVA | E94: En caso de figuras asociativas se considera lo contemplado en el parágrafo 2 del artículo 7 de la Ley 80 de 1993, el cual indica “En los casos en que se conformen sociedades bajo cualquiera de las modalidades previstas en la ley con el único objeto de presentar una propuesta, celebrar y ejecutar un contrato estatal, la responsabilidad y sus efectos se regirá por las disposiciones previstas en esta ley para los consorcios.”, por tanto, frente a la contratación estatal queda entendido que existirá la solidaridad en el cumplimiento del contrato de seguros y las obligaciones derivadas del mismo.
B95: CLÁUSULA IDENTIFICACIÓN DE LA FIGURA ASOCIATIVA EN LA PÓLIZA | E95: En el evento que el contrato se seguro sea celebrado a través alguna figura asociativa (consorcio, unión temporal, etc.) compuesta por dos o más compañías de seguros, en virtud del artículo 1047 del Código de Comercio, en la póliza deberá incorporarse: (i) el nombre del contratista (razón social de la figura asociativa establecida en su documento de conformación) y (ii) la razón social, número de identificación y porcentajes de participación de cada una de las aseguradoras integrantes de la figura asociativa.
B96: CLÁUSULA DE CONDICIONES PARTICULARES | E96: Queda expresamente acordado y convenido, que la aseguradora acepta las condiciones obligatorias (mínimas técnicas) establecidas en este anexo, en los términos señalados en el mismo, por lo tanto, en caso de existir discrepancia ente los ofrecimientos contenidos en la propuesta técnica básica, frente a los textos de los ejemplares de las pólizas, a las condiciones generales, certificados, anexos o cualquier otro documento; prevalecerá la información y condiciones básicas técnicas establecidas de este anexo, de igual forma en caso de encontrarse contradicción en alguna condición prevalecerá la de mayor beneficio para el asegurado.
B97: DETERMINACIÓN DE CONDICIONES Y REQUISITOS PARA EL PAGO DE INDEMNIZACIONES | E97: La aseguradora manifiesta expresamente que acepta los requisitos y documentos contenidos en el ANEXO 7 - MANUAL PLAN DE SEGUROS y en el anexo de este manual ANEXO 7 A - MATRIZ DE DOCUMENTOS REQUERIDOS PÓLIZAS, como únicos para la atención y pago de reclamaciones por siniestros. A futuro no podrá exigir documentos o trámites adicionales.
B98: 3.7. | C98: EXCLUSIÓN DE ENFERMEDADES TRANSMISIBLES O CONTAGIOSAS
B99: Este seguro no cubre cualquier reclamo de ninguna manera causado por o como resultado de: a) Enfermedad por coronavirus (COVID-19) b) Coronavirus 2 del síndrome respiratorio agudo severo (SARS-CoV-2) c) Cualquier mutación o variación de SARS-CoV-2; d) Cualquier otra enfermedad transmisible, epidemia o pandemia e) Cualquier temor o amenaza de a), b), c) ó d) anteriores f) La interrupción de negocios y/o pérdidas financieras sufridas por la Entidad al no poder desarrollar la actividad para la cual fue creada como consecuencia de a), b), c), d) y e) anteriores.
B100: “OFAC: El Asegurador no será responsable de proporcionar cobertura o hacer algún pago si el realizarlo pudiera ser considerado como una violación de alguna de las leyes o regulaciones de Sanciones Económicas, que expondría al Asegurador, su casa matriz o su entidad controladora a una sanción estipulada bajo estas leyes o regulaciones
B101: 3.8. | C101: COBERTURAS, AMPAROS Y BIENES SIN APLICACIÓN DE DEDUCIBLES EN FORMA OBLIGATORIA
B102: La Entidad, requiere oferta de cobertura SIN APLICACIÓN DE DEDUCIBLE, para los bienes y/o amparos y/o eventos, señalados a continuación y por lo tanto el proponente con la firma del FORMATO No. 2 - CARTA DE ACEPTACIÓN DE LAS CONDICIONES OBLIGATORIAS (MÍNIMAS TÉCNICAS), admite estas condiciones.
B103: - Gastos Médicos: sin aplicación de deducible. - Demás eventos y/o Amparos: sin aplicación de deducibles
B104: Teniendo en cuenta que esta póliza no contempla deducibles por tanto este factor no será objeto de evaluación, razón por la cual el puntaje de esta aspecto será sumado al puntaje establecido para la evaluación del factor económico de MENOR PRIMA.
B105: 3.10. | C105: COMISIÓN MÍNIMA ACEPTABLE.
B106: En virtud de lo expuesto en el artículo 1341 del Código de Comercio el Corredor tendrá derecho a la comisión de intermediación, la cual será pagada por la Compañía de Seguros. La comisión mínima no deberá ser inferior al 15,0% el valor de la prima neta antes de IVA y no involucra en ningún aspecto a la Entidad. Se aclara que esta comisión no es limitante para la aceptación de las condiciones técnicas básicas obligatorias del presente anexo, ya que no constituye un aspecto técnico de la póliza a contratar.
G107: =+'1. COND. BÁSICAS TRDM'!G210 -> VERSIÓN: OCT 2026

Sheet 4. COND. BÁSICAS TRANS. VAL.
B3: =+'3. COND. BÁSICAS RCE'!B3:G3 -> CONSEJO SUPERIOR DE LA JUDICATURA
B4: ANEXO No. 1 - CONDICIONES OBLIGATORIAS (MÍNIMAS TÉCNICAS)
B6: 4. SEGURO DE TRANSPORTE DE VALORES
B7: 4.1. | C7: INFORMACIÓN GENERAL
B8: TOMADOR: | C8: =+'3. COND. BÁSICAS RCE'!C8:E8 -> CONSEJO SUPERIOR DE LA JUDICATURA | F8: NIT. | G8: =+'1. COND. BÁSICAS TRDM'!G8 -> 800.093.816-3
B9: ASEGURADO: | C9: =+C8 -> CONSEJO SUPERIOR DE LA JUDICATURA | F9: NIT. | G9: =+G8 -> 800.093.816-3
B10: BENEFICIARIO: | C10: =+C8 -> CONSEJO SUPERIOR DE LA JUDICATURA | F10: NIT. | G10: =+G8 -> 800.093.816-3
B11: 4.2. | C11: OBJETO DEL SEGURO
B12: Amparar las pérdidas y los daños materiales causados como consecuencia de los eventos descritos en la presente póliza, que afecten el transporte de dinero en efectivo, títulos valores, cheques y cualquier otro documento propiedad del asegurado. Esta cobertura incluye las movilizaciones realizadas por funcionarios en comisión y delegados del manejo de cajas menores, respecto de los bienes descritos, por los cuales el CONSEJO SUPERIOR DE LA JUDICATURA sea o deba ser legalmente responsable, se encuentren bajo su propiedad, tenencia, control y/o responsabilidad.
B13: 4.3. | C13: PRESUPUESTO ANUAL DE MOVILIZACIÓN | F13: 500000000
B14: 4.3.1. | C14: Límite Asegurado por despacho: | F14: 300000000
B15: 4.3.2. | C15: Trayectos asegurados:
B16: Movilizaciones entre dependencias del asegurado y/o hasta, bancos o corporaciones, casas de cambio o entidades con las cuales que tengan interés con las transacciones de la Entidad asegurada y viceversa.
B17: 4.3.3. | C17: Medios de Transporte y alcance de la cobertura
B18: Por mensajero particular, terrestre, aéreo, marítimo, fluvial y/o férreo, y cualquier otro que el asegurado deba utilizar para el transporte de los bienes objeto de este seguro, aclarando que la póliza cubre todo tipo de medio de movilización sin excepción y sin restricción de horarios para la movilización De igual forma la aseguradora acepta como medio de transporte cuando se realice en vehículos propios, de funcionarios o contratistas de la Entidad o de terceros.
B19: 4.4. | C19: SISTEMA DE COBRO DE PRIMA
B20: La aseguradora acepta como sistema de cobro un único anual (o con base en las vigencias contratadas y con pago por vigencia fiscal) sobre el valor del presupuesto anual indicado sin reportes y sin ajuste al final de la vigencia. Procedimiento para reporte de movilizaciones: Se ampara cualquier despacho hasta el límite asegurado sin que se requiera suministro de relaciones periodicas de despachos y efectuando el cobro de una prima única por toda la vigencia de la póliza. Por tanto, la aseguradora no dará aplicación a la cláusula de falta de avisos o aplicaciones a la presente póliza, manteniendo de esta forma la cobertura durante la vigencia estipulada en la carátula de la póliza.
B21: NOTA: | C21: CADA SUBLÍMITE O GASTOS INDICADOS ESTAN CONTEMPLADOS DENTRO DEL LÍMITE ASEGURADO.
B22: 4.5. | C22: BASE PARA LA DETERMINACIÓN Y APLICACIÓN DEL CONCEPTO SUBLÍMITE / VIGENCIA / AGREGADO ANUAL
B23: Para la totalidad de Coberturas y/o condiciones básicas sublímitadas, queda expresamente aceptado por parte de los proponentes que, en concordancia con la vigencia de la póliza que se adjudique, cada Sublímite operará así:
B24: VIGENCIA 2026 A 2027: | C24: Sublímite indicado Evento/Agregado Anual.
B25: 4.6. | C25: AMPAROS BÁSICOS
B26: DAÑO MATERIAL DE LOS VALORES TRANSPORTADOS (CUANDO APLIQUE) | E26: La aseguradora se compromete a indemnizar al asegurado la pérdida o daño material que sufran los valores asegurados como consecuencia de incendio y/o rayo, cualquier evento de la naturaleza, caída a abismos o colisión o desbarrancamiento o volcamiento o fallas mecánicas imprevistas del medio de transporte, inundaciones, combustión espontánea, explosión, caída de aeronaves u otros objetos que se desprendan de ella u otros objetos aéreos.
B27: HURTO CALIFICADO | E27: La aseguradora se compromete a indemnizar al asegurado la pérdida o daño material que sufran los valores asegurados como consecuencia de hurto calificado (de acuerdo con su definición legal), suministro de sustancias a los transportadores de los valores que provoquen doblegación de la voluntad, apoderamiento forzoso del medio de transporte.
B28: HURTO SIMPLE | E28: La aseguradora se compromete a indemnizar al asegurado la pérdida o daño material que sufran los valores asegurados como consecuencia de hurto simple (de acuerdo con su definición legal).
B29: GASTOS ADICIONALES | E29: La aseguradora se compromete a pagar al asegurado los gastos razonables y debidamente justificados en que incurra el asegurado para evitar la extensión y propagación del siniestro, preservar los bienes o para el manejo del salvamento de los valores asegurados.
B30: GASTOS PARA LA PREPARACIÓN Y DEMOSTRACIÓN DEL SINIESTRO | E30: Bajo este amparo se cubren los gastos razonables en que incurra o deba incurrir el asegurado, para la preparación y demostración de la ocurrencia y cuantía del siniestro y serán indemnizados bajo esta póliza. La aseguradora indemnizará hasta el 100% de los gastos demostrados. El seguro de esta póliza incluye los costos razonables y sustentables incurridos por el Asegurado (incluida la utilización por parte del Asegurado de consultores externos) para la preparación, presentación, demostración, certificación y / o verificación de cualquier reclamación resultante de la pérdida asegurada bajo esta póliza. Esta póliza se extiende para incluir los costos y gastos incurridos por el asegurado o por los representantes de cualquier asegurado (Ajustadores/Liquidadores/Reguladores, Abogados, Contadores, Expertos, asesores, especialistas, profesionales de siniestros y similares, etc.) en la preparación, justificación y demostración del monto de cualquier reclamación bajo esta póliza
B31: HUELGA - INCLUIDO ACTOS MAL INTENCIONADOS DE TERCEROS, HUELGA, ASONADA, SUSPENSIÓN DE HECHO DE LABORES, SUSPENSIÓN DE TRABAJO POR CIERRE PATRONAL, DISTURBIOS DE TRABAJO, MOTINES, CONMOCIONES CIVILES, ACTOS SUBVERSIVOS, TERRORISMO Y APODERAMIENTO O DESVÍO DE NAVES O AERONAVES. | E31: La aseguradora se compromete a indemnizar hasta el límite del valor asegurado los daños materiales o pérdidas que sufran los valores asegurados como consecuencia de actos mal intencionados de terceros, huelga, asonada, suspensión de hecho de labores, suspensión de trabajo por cierre patronal, disturbios de trabajo, motines, conmociones civiles, actos subversivos, terrorismo y apoderamiento o desvío de naves o aeronaves.
B32: PERMANENCIA EN LUGARES INICIALES, INTERMEDIOS O FINALES, DENTRO O FUERA DE CAJA FUERTE | E32: La aseguradora se compromete a indemnizar hasta el límite del valor, las pérdidas que sufran los valores asegurados por la permanencia en lugares iniciales, intermedios o finales y que ésten dentro o fuera de caja fuerte.
B33: MOVILIZACIONES EN TRAYECTOS MÚLTIPLES | E33: La aseguradora acepta expresamente que otorga cobertura para los dineros y valores que sean transportados por el asegurado en trayectos múltiples, entiendase por estos cuando el mensajero o personal que realiza la movilización de los bienes objeto de este seguro deba movilizarse o desplazarse por varios trayectos con los valores amparados bajo la presente póliza, sin importar los lugares que deba recorrer en el territorio colombiano o fuera de este.
B34: 4.7. | C34: CLÁUSULAS BÁSICAS
B35: REVOCACIÓN DE LA PÓLIZA, CLÁUSULAS O CONDICIONES. Con Termino de ciento veinte (120) días y para AMIT, AMCCOPH, Terrorismo y Sabotaje diez (10) días. | E35: La aseguradora podrá revocar la póliza, cláusulas o condiciones unilateralmente por la compañía, mediante noticia escrita enviada al asegurado, a su última dirección registrada, con no menos de ciento veinte (120) días y para AMIT Y AMCCOPH diez (10) días, de antelación; contados a partir de la fecha del envío. El asegurado podrá pedir la revocación en cualquier momento, según lo previsto en el Código de Comercio. Así mismo, en el caso de que la aseguradora decida no otorgar renovación o prorroga del contrato de seguro, excepto para AMIT, AMCCOPH, Terrorismo y Sabotaje, deberá dar aviso de ello al asegurado con no menos de ciento veinte (120) días de antelación a la fecha de vencimiento de la póliza, en caso contrario se dará por entendido que la aseguradora acepta la renovación o prorroga hasta el límite legal establecido en la Ley 80 de 1993, para la adición de los contratos y manteniendo las mismas condiciones ofertadas en este proceso de aseguradoras.
B36: ERRORES, OMISIONES O INEXACTITUDES | E36: El tomador está obligado a declarar sinceramente los hechos y circunstancias que determinen el estado del riesgo. La inexactitud sobre hechos o circunstancias que, conocidas por la compañía, la hubieren retraído de celebrar el contrato o inducido a estipular condiciones más onerosas, produce la nulidad relativa del seguro. Sin embargo, si se incurriere en errores, omisiones e inexactitudes inculpables al tomador o al asegurado, el contrato no será nulo ni habrá lugar a la aplicación del inciso tercero del artículo 1058 del Código de Comercio sobre reducción porcentual de la prestación asegurada. En este caso se deberá pagar la prima adecuada al verdadero estado del riesgo.
B37: AMPLIACIÓN AVISO DEL SINIESTRO Con termino de ciento veinte (120) días. | E37: Queda convenido y aceptado que el asegurado podrá dar aviso de la ocurrencia del siniestro en un término de ciento veinte (120) siguientes a la fecha en que haya conocido o debido conocer la ocurrencia del mismo.
B38: CONOCIMIENTO DEL RIESGO | E38: La aseguradora acepta mediante la presente cláusula que la Entidad, le ha brindado la oportunidad para realizar la inspección de los bienes y riesgos a que están sujetos los mismos y el patrimonio del Asegurado, razón por la cual se deja constancia del conocimiento y aceptación de los hechos, circunstancias y, en general, condiciones de los mismos. La compañía se reserva el derecho de llevar a cabo la inspección cuantas veces lo juzgue pertinente.
B39: ANTICIPO DE INDEMNIZACIÓN DEL 75% Se califica en Condiciones Adicionales (Formato No. 3) el aumento del porcentaje ofrecido. | E39: Queda expresamente acordado que, a petición escrita de la Entidad, la aseguradora anticipará pagos parciales sobre el valor de cualquier reclamo, con base en el valor de la estimación preliminar de la pérdida aceptada por el ajustador, para adelantar la reparación, reposición o remplazo de los bienes asegurados. En el caso de que no haya nombramiento de ajustador, el anticipo se liquidará con base en la valoración de la cuantía de la pérdida amparada, acreditada por la entidad mediante cotización de la misma. Este anticipo también se extiende a cualquier tipo de gastos que se requiera para la operatividad de la póliza. En caso que el anticipo o suma de anticipos que la compañía adelante al asegurado llegare a exceder la suma total indemnizable a que tenga derecho, éste se compromete a devolver el exceso pagado. Para esta cláusula la aseguradora debe contemplar un plazo máximo para el pago del anticipo de diez (10) días hábiles contados a partir de la fecha de solicitud y formalización del mismo este y no se acepta el requerimiento de ningún requisito adicional para realizar el anticipo.
B40: MODIFICACIONES A FAVOR DEL ASEGURADO | E40: Los cambios o modificaciones a las condiciones de la presente póliza, serán acordados mutuamente entre la compañía y el asegurado. El certificado, documento o comunicaciones que se expidan para formalizarlos debe ser firmado, en señal de aceptación, por un representante legal del asegurado o funcionario autorizado, prevaleciendo sobre las condiciones de esta póliza. No obstante, si durante la vigencia de la póliza se presentan modificaciones en las condiciones del seguro, legalmente aprobadas que representen un beneficio a favor del asegurado, tales modificaciones se consideran automáticamente incorporadas. Siempre y cuando no causen cobro de prima adicional.
B41: NOMBRAMIENTO Y DESIGNACIÓN DE AJUSTADORES | E41: El nombramiento de ajustadores deberá efectuarse de común acuerdo entre la aseguradora y el asegurado, para lo cual la aseguradora presentará para cada reclamo una relación de cinco (5) firmas ajustadoras. No obstante la anterior condición, el asegurador con su propuesta se obliga a presentar la lista de todos sus ajustadores y la Entidad se reserva el derecho de nombrar al ajustador que considere más adecuado o solicitar el cambio de los mismos en caso de que no fueren de su entera satisfacción, sin que para ello se requiera motivación alguna.
B42: VARIACIONES DEL RIESGO | E42: Queda entendido, convenido y aceptado que las notificaciones que sobre los hechos o circunstancias no previsibles que sobrevengan con posterioridad a la celebración del contrato de seguro y que, conforme al criterio consignado en el inciso 1° del artículo 1058 del código de comercio, signifiquen agravación del riesgo, se efectuarán por la Entidad dentro de los noventa (90) días siguientes a la fecha de modificación del riesgo.
B43: NO CONCURRENCIA DE AMPAROS, CLÁUSULAS O CONDICIONES | E43: Queda entendido, convenido y aceptado, que si dos o más amparos, cláusulas o condiciones otorgan cobertura a un mismo evento, se indemnizará con base en aquella que ofrezca mayor protección para los intereses del asegurado. De igual manera prevalecerán los amparos, cláusulas o condiciones que otorguen coberturas sobre aquellos que las excluyan. En todo caso y ante cualquier discrepancia sobre cuál es el amparo, cláusula o condición aplicable a un caso determinado, se aplicara aquella o aquellas que en conjunto determine el asegurado de acuerdo a su conveniencia.
B44: NO APLICACIÓN DE GARANTÍAS | E44: Queda expresamente acordado y aceptado que la cobertura otorgada bajo la presente póliza no queda sujeta al cumplimiento de ningún tipo de garantía por parte de la entidad asegurada.
B45: PAGO DE LA INDEMNIZACIÓN | E45: La indemnización será pagadera mediante transferencia del valor de la pérdida de los dineros o títulos valores a quien designe el asegurado.
B46: COMPROMISO PARA EL PAGO DE LAS INDEMNIZACIONES Plazo de diez (10) días hábiles. Se califica en Condiciones Adicionales (Formato No. 3) la reducción del término para el pago de las indemnizaciones. | E46: Bajo esta condición la aseguradora se compromete al pago de la indemnización dentro del plazo establecido, una vez el asegurado demuestre ocurrencia y cuantía.
... B71: DETERMINACIÓN DE CONDICIONES Y REQUISITOS PARA EL PAGO DE INDEMNIZACIONES | E71: La aseguradora manifiesta expresamente que acepta los requisitos y documentos contenidos en el ANEXO 7 - MANUAL PLAN DE SEGUROS y en el anexo de este manual ANEXO 7 A - MATRIZ DE DOCUMENTOS REQUERIDOS PÓLIZAS, como únicos para la atención y pago de reclamaciones por siniestros. A futuro no podrá exigir documentos o trámites adicionales.
B72: 4.8. | C72: EXCLUSIÓNES
B73: 4.8.1. EXCLUSIÓN ABSOLUTA DE ENFERMEDADES INFECCIOSAS O CONTAGIOSAS: Sin perjuicio de cualquier otra disposición en contrario, se aclara que este seguro no cubre ninguna reclamación, pérdida, responsabilidad, costo o gasto de cualquier naturaleza que surja directa o indirectamente de, contribuya o resulte de enfermedades, epidemias o pandemias, tales como el Coronavirus (COVID-19), enfermedad respiratoria aguda grave síndrome coronavirus 2 (SARS-CoV-2), o cualquier mutación o variación de los mismos. Esta exclusión también aplica a cualquier reclamo, pérdida, costo o gasto de cualquier naturaleza que surja directa o indirectamente de, en contribución a, o resultante de: 1) Cualquier temor o amenaza que surja en respuesta a una enfermedad infecciosa real o potencial; o 2) Cualquier acción tomada para controlar, prevenir, suprimir o de cualquier manera relacionada con cualquier brote de enfermedades infecciosas tales como coronavirus (COVID-19), coronavirus 2 por síndrome respiratorio agudo severo (SARS-CoV-2), cualquier mutación o variación de los mismos, o de cualquier otra enfermedad, epidemia o pandemia.
B74: 4.8.2. EXCLUSIÓN CLAUSULA DE LIMITACIÓN DE SANCIONES: ningún asegurador ofrecerá cobertura ni será responsable por el pago de reclamos o proporcionará beneficios que deriven del presente contrato si la provisión de dicha cobertura, pago de dicho reclamo o provisión de dicho beneficio expusiera al asegurador a cualquier sanción, prohibición o restricción de acuerdo con las resoluciones de las Naciones Unidas o de las sanciones comerciales o económicas, leyes o regulaciones de la Unión Europea, Reino Unido, Francia, o Estados Unidos de América”. • Por medio de la presente cláusula, se aclara expresamente que quedan excluidos de cobertura aquellos los despachos o embarques con origen o destino en los siguientes países o regiones, puertos o aeropuertos ubicados en Crimea, incluido Sebastopol, Cuba, Irán, Siria, Corea del Norte, Bielorrusia, República Democrática del Congo, Somalia, Sudán del Sur, Sudán, Zimbabwe, Rusia, Ucrania.
B75: 4.9. | C75: COBERTURAS, AMPAROS Y BIENES SIN APLICACIÓN DE DEDUCIBLES EN FORMA OBLIGATORIA
B76: La Entidad, requiere oferta de cobertura SIN APLICACIÓN DE DEDUCIBLE, para los bienes y/o amparos y/o eventos, señalados a continuación y por lo tanto el proponente con la firma del FORMATO No. 2 - CARTA DE ACEPTACIÓN DE LAS CONDICIONES OBLIGATORIAS (MÍNIMAS TÉCNICAS), admite estas condiciones.
B77: Teniendo en cuenta que esta póliza no contempla deducibles por tanto este factor no será objeto de evaluación, razón por la cual el puntaje de esta aspecto será sumado al puntaje establecido para la evaluación del factor económico de MENOR PRIMA.
B78: 4.11. | C78: COMISIÓN MÍNIMA ACEPTABLE.
B79: En virtud de lo expuesto en el artículo 1341 del Código de Comercio el Corredor tendrá derecho a la comisión de intermediación, la cual será pagada por la Compañía de Seguros. La comisión mínima no deberá ser inferior al 15,0% el valor de la prima neta antes de IVA y no involucra en ningún aspecto a la Entidad. Se aclara que esta comisión no es limitante para la aceptación de las condiciones técnicas básicas obligatorias del presente anexo, ya que no constituye un aspecto técnico de la póliza a contratar.
G80: =+'1. COND. BÁSICAS TRDM'!G210 -> VERSIÓN: OCT 2026

Sheet 5. COND. BÁSICAS TRANS MCIAS
B3: =+'4. COND. BÁSICAS TRANS. VAL.'!B3:G3 -> CONSEJO SUPERIOR DE LA JUDICATURA
B4: ANEXO No. 1 - CONDICIONES OBLIGATORIAS (MÍNIMAS TÉCNICAS)
B6: 5. SEGURO DE TRANSPORTE DE MERCANCÍAS
B7: 5.1. | C7: INFORMACIÓN GENERAL
B8: TOMADOR: | C8: =+'4. COND. BÁSICAS TRANS. VAL.'!$C$8:$E$8 -> CONSEJO SUPERIOR DE LA JUDICATURA | F8: NIT. | G8: =+'1. COND. BÁSICAS TRDM'!G8 -> 800.093.816-3
B9: ASEGURADO: | C9: =+C8 -> CONSEJO SUPERIOR DE LA JUDICATURA | F9: NIT. | G9: =+G8 -> 800.093.816-3
B10: BENEFICIARIO: | C10: =+C8 -> CONSEJO SUPERIOR DE LA JUDICATURA | F10: NIT. | G10: =+G9 -> 800.093.816-3
B11: 5.2 | C11: OBJETO DEL SEGURO
B12: La Compañía se obliga a indemnizar al CONSEJO SUPERIOR DE LA JUDICATURA, por las pérdidas de bienes (nuevos y/o usados) o los daños materiales que sufran los objetos asegurados con ocasión de los riesgos inherentes a su transporte, movilización, cargue, descargue y estadías intermedias, siempre que dichos eventos ocurran dentro de las vigencias y trayectos amparados bajo los términos y condiciones de la presente póliza. La cobertura de esta póliza automática se extiende a todos los bienes muebles, mercancías, enseres, equipos y elementos de propiedad del CSJ, o que estén bajo su cuidado, tenencia, control, o por los cuales sea legalmente responsable, o en los que tenga interés asegurable
B13: 5.3. | C13: PRESUPUESTO ANUAL DE MOVILIZACIÓN | F13: 20000000000
B14: 5.3.1. | C14: Límite Asegurado por despacho: | F14: 700000000
B15: 5.4. | C15: TRAYECTOS ASEGURADOS
B16: Importaciones, Exportaciones y Reexportaciones: Desde cualquier lugar del mundo, hasta su destino final en Colombia y viceversa, bodega a bodega. Despachos en el Exterior: Desde y hasta cualquier ciudad en cualquier país que requiera por su misionalidad el CSJ. Despachos Nacionales: Desde y hasta cualquier ciudad en el territorio nacional. Despachos Urbanos: Desde cualquier parte de la ciudad hasta su destino final en la misma.
B17: 5.4.1. | C17: Medios de Transporte y alcance de la cobertura
B18: Cualquier vehículo propio, de terceros o de firma especializada, ya sea terrestre, ferreo, aéreo, charter, marítimo y fluvial (incluso para las maritimas y fluviales que no se encuentren clasificadas por las autoridades competentes), y cualquier otro que el asegurado deba utilizar para el transporte de los bienes objeto de este seguro, aclarando que la póliza cubre todo tipo de medio de movilización sin excepción y sin restricción de edad de los vehículos ni de horarios para la movilización, incluido los bienes transportados en vehículos arrendados, de funcionarios o contratistas de la entidad o de terceros.
B19: 5.5. | C19: SISTEMA DE COBRO DE PRIMA
B20: La aseguradora acepta como sistema de cobro un único anual (o con base en las vigencias contratadas y con pago por vigencia fiscal) sobre el valor del presupuesto anual indicado sin reportes y sin ajuste al final de la vigencia. Procedimiento para reporte de movilizaciones: Se ampara cualquier despacho hasta el límite asegurado sin que se requiera suministro de relaciones periodicas de despachos y efectuando el cobro de una prima única por toda la vigencia de la póliza. Por tanto, la aseguradora no dará aplicación a la cláusula de falta de avisos o aplicaciones a la presente póliza, manteniendo de esta forma la cobertura durante la vigencia estipulada en la carátula de la póliza.
B21: NOTA: | C21: CADA SUBLÍMITE O GASTOS INDICADOS ESTAN CONTEMPLADOS DENTRO DEL LÍMITE ASEGURADO. EXCEPTO LOS GASTOS ADICIONALES QUE SON EN EXCESO DEL LÍMITE ASEGURADO
B22: 5.6. | C22: BASE PARA LA DETERMINACIÓN Y APLICACIÓN DEL CONCEPTO SUBLÍMITE / VIGENCIA / AGREGADO ANUAL
B23: Para la totalidad de Coberturas y/o condiciones básicas sublímitadas, queda expresamente aceptado por parte de los proponentes que, en concordancia con la vigencia de la póliza que se adjudique, cada Sublímite operará así:
B24: VIGENCIA 2026 A 2027: | C24: Sublímite indicado Evento/Agregado Anual.
B25: 5.7. | C25: AMPAROS BÁSICOS
B26: COBERTURA COMPLETA, INCLUYENDO:
B27: PÉRDIDA TOTAL Y/O DAÑOS MATERIALES | E27: La aseguradora se compromete a indemnizar la pérdida o daño material de los bienes producida por cualquier riesgo no expresamente excluido, siempre que se produzca con ocasión de su transporte, incluidas las operaciones de cargue, trasiego, trasbordo, descargue o desenvasado y permanencias. Así mismo, esta cobertura incluye los amparos de incendio y/o rayo, vientos fuertes, caída a abismos, hundimiento, colisión, volcamiento, inundaciones, fallas mecánicas imprevistas, combustión espontánea, desbarrancamiento, explosión, derrames accidentales imprevistos y repentinos, caídas accidentales de mercancías, caída de aeronaves u otros objetos que se desprendan de ella u otros objetos aéreos, encallamiento, guerra internacional, maremoto, tsunami, mar de leva, marea alta, iceberg, tempestades, huracanes, vientos fuertes en general, nevadas, ciclón, granizo, deslizamiento de tierra, avalanchas, fallas geológicas, terremoto, temblor y/o erupción volcánica, asentamientos, inconsistencias del suelo o cualquier otra convulsión de la naturaleza, colisión por culpa concurrente y aquellos estipulados en la carátula de la póliza y/o sus condiciones particulares.
B28: FALTA DE ENTREGA | E28: Esta cobertura incluye los amparos de hurto calificado, asonada, motín, conmoción civil o popular, y huelga, actos malintencionados de terceros incluidos actos de piratería y terrorismo, guerra internacional, guerra civil, rebelión, insurrección, acto hostil de un poder beligerante o contra dicho poder, aprehensión, minas, torpedos, bombas u otros artefactos de guerra abandonado y aquellos estipulados en la carátula de la póliza y/o sus condiciones particulares.
B29: AVERÍA PARTICULAR | E29: La aseguradora se compromete a indemnizar los daños ocurridos a la mercancía como consecuencia de descargue forzoso, avería sin accidente del medio de transporte, en general daños por la movilización de los bienes y aquellos estipulados en la carátula de la póliza y/o sus condiciones particulares.
B30: SAQUEO | E30: La aseguradora se compromete a indemnizar las pérdidas de la mercancía ocasionadas por el extravio o el hurto de las mercancías transportadas.
B31: HUELGA ( ASONADA, MOTIN, CONMOCIÓN CIVIL O POPULAR, ACTOS MAL INTENCIONADOS DE TERCEROS, INCLUIDOS ACTOS TERRORISTAS Y DE MOVIMIENTOS SUBVERSIVOS) | E31: La aseguradora se compromete a indemnizar las pérdidas de la mercancías como consecuncia de la Huelga y definida como la Asonada, motín, conmoción civil o popular, actos mal intencionados de terceros, inlcuidos los actos terroristas y de movimientos subversivos.
B32: OPERACIONES DE CARGUE Y DESCARGUE | E32: La aseguradora se compromete a indemnizar las pérdidas de la mercancía ocasionadas en el cargue o descargue de las mismas.
B33: GUERRA INTERNACIONAL | E33: La aseguradora se compromete a indemnizar las pérdidas de la mercancía ocasionadas en el cargue o descargue de las mismas. amparando los daños o la pérdida de la mercancía causados por conflictos bélicos, guerra civil, hostilidades, armas de guerra o, dependiendo de la extensión, actos de piratería, minas y torpedos flotantes
B34: 5.8. | C34: CLÁUSULAS BÁSICAS
B35: REVOCACIÓN DE LA PÓLIZA, CLÁUSULAS O CONDICIONES. Con Termino de ciento veinte (120) días y para AMIT, AMCCOPH, Terrorismo y Sabotaje diez (10) días. | E35: La aseguradora podrá revocar la póliza, cláusulas o condiciones unilateralmente por la compañía, mediante noticia escrita enviada al asegurado, a su última dirección registrada, con no menos de noventa (90) días y para AMIT Y AMCCOPH diez (10) días, de antelación; contados a partir de la fecha del envío. El asegurado podra pedir la revocación en cualquier momento, según lo previsto en el Código de Comercio. Así mismo, en el caso de que la aseguradora decida no otorgar renovación o prorroga del contrato de seguro, excepto para AMIT, AMCCOPH, Terrorismo y Sabotaje, deberá dar aviso de ello al asegurado con no menos de noventa (90) días de antelación a la fecha de vencimiento de la póliza, en caso contrario se dará por entendido que la aseguradora acepta la renovación o prorroga hasta el límite legal establecido en la Ley 80 de 1993, para la adición de los contratos y manteniendo las mismas condiciones ofertadas en este proceso de aseguradoras.
B36: ERRORES, OMISIONES O INEXACTITUDES | E36: El tomador está obligado a declarar sinceramente los hechos y circunstancias que determinen el estado del riesgo. La inexactitud sobre hechos o circunstancias que, conocidas por la compañía, la hubieren retraído de celebrar el contrato o inducido a estipular condiciones más onerosas, produce la nulidad relativa del seguro. Sin embargo, si se incurriere en errores, omisiones e inexactitudes inculpables al tomador o al asegurado, el contrato no será nulo ni habrá lugar a la aplicación del inciso tercero del artículo 1058 del Código de Comercio sobre reducción porcentual de la prestación asegurada. En este caso se deberá pagar la prima adecuada al verdadero estado del riesgo.
B37: AMPLIACIÓN AVISO DEL SINIESTRO Con termino de ciento veinte (120) días. | E37: Queda convenido y aceptado que el asegurado podrá dar aviso de la ocurrencia del siniestro en un término de ciento veinte (120) siguientes a la fecha en que haya conocido o debido conocer la ocurrencia del mismo.
B38: DESIGNACIÓN O DENOMINACIÓN DE BIENES | E38: La aseguradora acepta el título, nombre, denominación o nomenclatura con que el asegurado identifica o describe los bienes asegurados en sus registros o libros de comercio o contabilidad.
B39: CONOCIMIENTO DEL RIESGO | E39: La aseguradora acepta mediante la presente cláusula que la Entidad, le ha brindado la oportunidad para realizar la inspección de los bienes y riesgos a que están sujetos los mismos y el patrimonio del Asegurado, razón por la cual se deja constancia del conocimiento y aceptación de los hechos, circunstancias y, en general, condiciones de los mismos. La compañía se reserva el derecho de llevar a cabo la inspección cuantas veces lo juzgue pertinente.
B40: ANTICIPO DE INDEMNIZACIÓN DEL 75% Se califica en Condiciones Adicionales (Formato No. 3) el aumento del porcentaje ofrecido. | E40: Queda expresamente acordado que, a petición escrita de la Entidad, la aseguradora anticipará pagos parciales sobre el valor de cualquier reclamo, con base en el valor de la estimación preliminar de la pérdida aceptada por el ajustador, para adelantar la reparación, reposición o remplazo de los bienes asegurados. En el caso de que no haya nombramiento de ajustador, el anticipo se liquidará con base en la valoración de la cuantía de la pérdida amparada, acreditada por la entidad mediante cotización de la misma. Este anticipo también se extiende a cualquier tipo de gastos que se requiera para la operatividad de la póliza. En caso que el anticipo o suma de anticipos que la compañía adelante al asegurado llegare a exceder la suma total indemnizable a que tenga derecho, éste se compromete a devolver el exceso pagado. Para esta cláusula la aseguradora debe contemplar un plazo máximo para el pago del anticipo de diez (10) días hábiles contados a partir de la fecha de solicitud y formalización del mismo este y no se acepta el requerimiento de ningún requisito adicional para realizar el anticipo.
B41: MODIFICACIONES A FAVOR DEL ASEGURADO | E41: Los cambios o modificaciones a las condiciones de la presente póliza, serán acordados mutuamente entre la compañía y el asegurado. El certificado, documento o comunicaciones que se expidan para formalizarlos debe ser firmado, en señal de aceptación, por un representante legal del asegurado o funcionario autorizado, prevaleciendo sobre las condiciones de esta póliza. No obstante, si durante la vigencia de la póliza se presentan modificaciones en las condiciones del seguro, legalmente aprobadas que representen un beneficio a favor del asegurado, tales modificaciones se consideran automáticamente incorporadas. Siempre y cuando no causen cobro de prima adicional.
B42: NOMBRAMIENTO Y DESIGNACIÓN DE AJUSTADORES | E42: El nombramiento de ajustadores deberá efectuarse de común acuerdo entre la aseguradora y el asegurado, para lo cual la aseguradora presentará para cada reclamo una relación de cinco (5) firmas ajustadoras. No obstante la anterior condición, el asegurador con su propuesta se obliga a presentar la lista de todos sus ajustadores y la Entidad se reserva el derecho de nombrar al ajustador que considere más adecuado o solicitar el cambio de los mismos en caso de que no fueren de su entera satisfacción, sin que para ello se requiera motivación alguna.
B43: VARIACIONES DEL RIESGO | E43: Queda entendido, convenido y aceptado que las notificaciones que sobre los hechos o circunstancias no previsibles que sobrevengan con posterioridad a la celebración del contrato de seguro y que, conforme al criterio consignado en el inciso 1° del artículo 1058 del código de comercio, signifiquen agravación del riesgo, se efectuarán por la Entidad dentro de los noventa (90) días siguientes a la fecha de modificación del riesgo.
B44: NO CONCURRENCIA DE AMPAROS, CLÁUSULAS O CONDICIONES | E44: Queda entendido, convenido y aceptado, que si dos o más amparos, cláusulas o condiciones otorgan cobertura a un mismo evento, se indemnizará con base en aquella que ofrezca mayor protección para los intereses del asegurado. De igual manera prevalecerán los amparos, cláusulas o condiciones que otorguen coberturas sobre aquellos que las excluyan. En todo caso y ante cualquier discrepancia sobre cuál es el amparo, cláusula o condición aplicable a un caso determinado, se aplicara aquella o aquellas que en conjunto determine el asegurado de acuerdo a su conveniencia.
B45: NO APLICACIÓN DE GARANTÍAS | E45: Queda expresamente acordado y aceptado que la cobertura otorgada bajo la presente póliza no queda sujeta al cumplimiento de ningún tipo de garantía por parte de la entidad asegurada.
B46: DESPACHOS SOBRESALIENTES | E46: Para los casos en que el asegurado transporte límites por despacho, superiores a los establecidos, la aseguradora siempre responderá hasta los límites asegurados por despacho según sea el caso, sin aplicación de infraseguro.
... B84: DETERMINACIÓN DE CONDICIONES Y REQUISITOS PARA EL PAGO DE INDEMNIZACIONES | E84: La aseguradora manifiesta expresamente que acepta los requisitos y documentos contenidos en el ANEXO 7 - MANUAL PLAN DE SEGUROS y en el anexo de este manual ANEXO 7 A - MATRIZ DE DOCUMENTOS REQUERIDOS PÓLIZAS, como únicos para la atención y pago de reclamaciones por siniestros. A futuro no podrá exigir documentos o trámites adicionales.
B85: 5.8. | C85: EXCLUSIÓNES
B86: 5.8.1. EXCLUSIÓN ABSOLUTA DE ENFERMEDADES INFECCIOSAS O CONTAGIOSAS: Sin perjuicio de cualquier otra disposición en contrario, se aclara que este seguro no cubre ninguna reclamación, pérdida, responsabilidad, costo o gasto de cualquier naturaleza que surja directa o indirectamente de, contribuya o resulte de enfermedades, epidemias o pandemias, tales como el Coronavirus (COVID-19), enfermedad respiratoria aguda grave síndrome coronavirus 2 (SARS-CoV-2), o cualquier mutación o variación de los mismos. Esta exclusión también aplica a cualquier reclamo, pérdida, costo o gasto de cualquier naturaleza que surja directa o indirectamente de, en contribución a, o resultante de: 1) Cualquier temor o amenaza que surja en respuesta a una enfermedad infecciosa real o potencial; o 2) Cualquier acción tomada para controlar, prevenir, suprimir o de cualquier manera relacionada con cualquier brote de enfermedades infecciosas tales como coronavirus (COVID-19), coronavirus 2 por síndrome respiratorio agudo severo (SARS-CoV-2), cualquier mutación o variación de los mismos, o de cualquier otra enfermedad, epidemia o pandemia.
B87: 5.8.2. EXCLUSIÓN CLÁUSULA DE LIMITACIÓN DE SANCIONES: ningún asegurador ofrecerá cobertura ni será responsable por el pago de reclamos o proporcionará beneficios que deriven del presente contrato si la provisión de dicha cobertura, pago de dicho reclamo o provisión de dicho beneficio expusiera al asegurador a cualquier sanción, prohibición o restricción de acuerdo con las resoluciones de las Naciones Unidas o de las sanciones comerciales o económicas, leyes o regulaciones de la Unión Europea, Reino Unido, Francia, o Estados Unidos de América”. • Por medio de la presente cláusula, se aclara expresamente que quedan excluidos de cobertura aquellos los despachos o embarques con origen o destino en los siguientes países o regiones, puertos o aeropuertos ubicados en Crimea, incluido Sebastopol, Cuba, Irán, Siria, Corea del Norte, Bielorrusia, República Democrática del Congo, Somalia, Sudán del Sur, Sudán, Zimbabwe, Rusia, Ucrania.
B88: 5.9. | C88: COBERTURAS, AMPAROS Y BIENES SIN APLICACIÓN DE DEDUCIBLES EN FORMA OBLIGATORIA
B89: La Entidad, requiere oferta de cobertura SIN APLICACIÓN DE DEDUCIBLE, para los bienes y/o amparos y/o eventos, señalados a continuación y por lo tanto el proponente con la firma del FORMATO No. 2 - CARTA DE ACEPTACIÓN DE LAS CONDICIONES OBLIGATORIAS (MÍNIMAS TÉCNICAS), admite estas condiciones.
B90: Teniendo en cuenta que esta póliza no contempla deducibles por tanto este factor no será objeto de evaluación, razón por la cual el puntaje de esta aspecto será sumado al puntaje establecido para la evaluación del factor económico de MENOR PRIMA.
B91: 5.10. | C91: COMISIÓN MÍNIMA ACEPTABLE.
B92: En virtud de lo expuesto en el artículo 1341 del Código de Comercio el Corredor tendrá derecho a la comisión de intermediación, la cual será pagada por la Compañía de Seguros. La comisión mínima no deberá ser inferior al 15,0% el valor de la prima neta antes de IVA y no involucra en ningún aspecto a la Entidad. Se aclara que esta comisión no es limitante para la aceptación de las condiciones técnicas básicas obligatorias del presente anexo, ya que no constituye un aspecto técnico de la póliza a contratar.
G93: =+'1. COND. BÁSICAS TRDM'!G210 -> VERSIÓN: OCT 2026

Sheet 6. COND. BÁSICAS AUTOMÓVILES
B3: =+'1. COND. BÁSICAS TRDM'!B3 -> CONSEJO SUPERIOR DE LA JUDICATURA
B4: ANEXO No. 1 - CONDICIONES OBLIGATORIAS (MÍNIMAS TÉCNICAS)
B6: 6. SEGURO DE AUTOMÓVILES
B7: 6.1. | C7: INFORMACIÓN GENERAL
B8: TOMADOR: | C8: =+B3 -> CONSEJO SUPERIOR DE LA JUDICATURA | F8: NIT. | G8: =+'1. COND. BÁSICAS TRDM'!G8 -> 800.093.816-3
B9: ASEGURADO: | C9: =+C8 -> CONSEJO SUPERIOR DE LA JUDICATURA | F9: NIT. | G9: =+G8 -> 800.093.816-3
B10: BENEFICIARIO: | C10: CONSEJO SUPERIOR DE LA JUDICATURA / RCE LOS TERCEROS AFECTADOS | F10: NIT. | G10: =+G8 -> 800.093.816-3
B11: 6.2 | C11: OBJETO DEL SEGURO
B12: Amparar al CONSEJO SUPERIOR DE LA JUDICATURA por los perjuicios que cause patrimonial (daños materiales incluyendo daño emergente y lucro cesante) y extrapatrimonialmnte (incluidos el daño moral, daño fisiológico y daño a la vida en relación), al igual que los daños a bienes o lesiones o muerte a terceros. De igual forma se amparan los daños y/o pérdidas que afecten a los vehículos de su propiedad, bajo tenencia, control o por los que sea legalmente responsable o incluidos aquellos recibidos por parte de otras entidades para el desarrollo misional de la Entidad.
B13: 6.3. | C13: PARQUE AUTOMOTOR ASEGURADO
B14: Corresponde al parque automotor del CSJ y por el cual es responsable, incluyendo sus accesorios, blindajes y todos los equipos especiales de los vehículos. La aseguradora acepta que los accesorios se indemnizan a valor de reposición.
B15: NOTA: | C15: CADA SUBLÍMITE O GASTOS INDICADOS ESTAN CONTEMPLADOS DENTRO DEL LÍMITE ASEGURADO.
B16: 6.3.1. | C16: FORMA DE EMISIÓN DE LA PÓLIZA Y FACTURACIÓN
B17: La aseguradora de conformidad con la oferta económica presentada para este seguro y teniendo en cuenta la condición de PÓLIZA COLECTIVA, deberá expedir una ÚNICA PÓLIZA y una solo factura para efectos de cobro de la prima. No se aceptan pólizas expedidas por cada vehículo asegurado ni facturas individuales.
B18: 6.4. | C18: BASE PARA LA DETERMINACIÓN Y APLICACIÓN DEL CONCEPTO SUBLÍMITE / VIGENCIA / AGREGADO ANUAL
B19: Para la totalidad de Coberturas y/o condiciones básicas sublímitadas, queda expresamente aceptado por parte de los proponentes que, en concordancia con la vigencia de la póliza que se adjudique, cada Sublímite operará así:
B20: VIGENCIA 2026 A 2027: | C20: Sublímite indicado Evento/Agregado Anual.
B21: 6.5. | C21: AMPAROS BÁSICOS
B22: RESPONSABILIDAD CIVIL EXTRACONTRACTUAL Se califica en Condiciones Adicionales (Formato No. 3) el aumento del límite ofrecido. | E22: Se amparan los perjuicios patrimoniales y extrapatrimoniales, causados a terceros derivados de la responsabilidad civil extracontractual que de acuerdo con la ley incurra el asegurado al conducir el vehículo o cualquier otra persona que conduzca dicho vehículo con su autorización, proveniente de un accidente o serie de accidentes de tránsito emanados de un solo acontecimiento ocasionado por un vehículo asegurado, incluida la culpa grave del asegurado. Bajo este amparo se indemnizan los perjuicios patrimoniales, entiéndase daño emergente (es el coste de la reparación necesaria del daño causado y a los gastos en los que se ha incurrido con ocasión del perjuicio), el lucro cesante (es un tipo de daño patrimonial de perjuicio económico y se configura como la ganancia dejada de obtener o la pérdida de ingresos, como consecuencia directa e inmediata de un hecho lesivo), el daño a la vida de relación (se define como la imposibilidad de la persona afectada de poder realizar las mismas actividades que hacía antes de un siniestro por sí misma y en consecuencia el estilo de vida de la persona cambia afectando su relación con el entorno y las demás personas que la rodean). En concordancia con el artículo 97 del Código Penal, se estipula que el daño derivado de la conducta punible el juez podrá señalar como indemnización, una suma equivalente, en moneda nacional, hasta mil (1000) salarios mínimos legales mensuales.
E23: Límites de Responsabilidad Civil Extracontractual | F23: LÍMITE OBLIGATORIO POR EVENTO Se califica en Condiciones Adicionale el aumento de los siguientes límites
E24: Daños a Bienes de Terceros | F24: 2000000000
E25: Muerte o Lesiones a una persona | F25: =+F24 -> 2000000000
E26: Muerte o Lesiones a dos o más Personas | F26: =+F24+F25 -> 4000000000
E27: Ó límite único combinado de: | F27: 6000000000
E28: Nota: Se precisa que la aseguradora debe indicar claramente el esquema ofertado, si es con rangos o bajo un límite unico combinado, en caso de no especificarlo se entenderá que es por rangos.
B29: PÉRDIDA TOTAL POR DAÑOS (Incluidos actos terroristas y riesgos asegurados por pólizas contratadas por el Gobierno Nacional o Entidades de cualquier orden). | E29: Se amparan los daños materiales sufridos por el vehículo asegurado como consecuencia de un accidente o de actos malintencionados de terceros en el que el costo de los repuestos, la mano de obra necesaria para las reparaciones y su impuesto a las ventas, tengan un valor igual o superior al 75% del valor comercial del vehículo al momento del accidente.
B30: PÉRDIDA PARCIAL POR DAÑOS (Incluidos actos terroristas y riesgos asegurados por pólizas contratadas por el Gobierno Nacional o Entidades de cualquier orden). | E30: Se amparan los daños materiales sufridos por el vehículo asegurado como consecuencia de un accidente o de actos malintencionados de terceros en el que el costo de los repuestos, la mano de obra necesaria para las reparaciones y su impuesto a las ventas, tengan un valor inferior al 75% del valor comercial del vehículo al momento de la ocurrencia del hecho. Se cubren, además, bajo este amparo, los daños a los equipos de audio, de calefacción u otros accesorios o equipos no necesarios para el funcionamiento normal del vehículo.
B31: PÉRDIDA TOTAL POR HURTO (Incluidos actos terroristas y riesgos asegurados por pólizas contratadas por el Gobierno Nacional o Entidades de cualquier orden). | E31: Se ampara la pérdida total y permanente del vehículo asegurado por causa de cualquier modalidad de hurto en los términos del código penal colombiano.
B32: PÉRDIDA PARCIAL POR HURTO (Incluidos actos terroristas y riesgos asegurados por pólizas contratadas por el Gobierno Nacional o Entidades de cualquier orden). | E32: Se ampara la pérdida parcial de las partes del vehículo asegurado por causa de cualquier modalidad de hurto en los términos del código penal colombiano.
B33: ACTOS MAL INTENCIONADOS DE TERCEROS ASONADA, MOTÍN, CONMOCIÓN CIVIL O POPULAR Y HUELGA (INCLUIDO TERRORISMO Y SABOTAJE) | E33: Se amparan las pérdidas o daños producidos al vehículo asegurado como consecuencia de AMIT (Actos Mal Intencionados de Terceros), terrorismo, huelgas, amotinamientos, conmociones civiles, actos de grupos subversivos o al margen de la ley, incluidos actos terroristas y riesgos asegurados por pólizas contratadas por el Gobierno Nacional o Entidades de cualquier orden, así como las pérdidas ocurridas a consecuencia de estos eventos o las ocurridas después de un accidente
B34: TERREMOTO, TEMBLOR Y/O ERUPCIÓN VOLCÁNICA Y DEMÁS EVENTOS DE LA NATURALEZA | E34: Se amparan los daños y pérdidas sufridas por el vehículo asegurado causados por temblor, terremoto erupción volcánica, maremotos, caída de piedras, inundación, vientos fuertes, lluvias, huracán, granizo, nevadas, tornado y ciclón, y cualquier otro evento de la naturaleza.
B35: 5.6. | C35: AMPAROS ADICIONALES
B36: NO APLICACIÓN DE DEDUCIBLES | E36: La aseguradora acepta que esta ópera póliza sin aplicación de deducible alguno.
B37: AMPARO DE PROTECCIÓN PATRIMONIAL | E37: Este amparo cubre los daños sufridos por el vehículo asegurado y los perjuicios que se causen con motivo de determinada Responsabilidad Civil Extracontractual en que incurra de acuerdo con la Ley, proveniente de un accidente de tránsito ocasionados por el vehículo asegurado cuando el asegurado o el conductor autorizado desatienda las señales reglamentarias de tránsito, no acate la señal roja de los semáforos, conduzca a una velocidad que exceda la permitida, tenga la licencia vencida o cuando el conductor se encuentre bajo el efecto de bebidas embriagantes, drogas tóxicas, heroicas o alucinógenas.
B38: ASISTENCIA EN VIAJE Para automóviles, vehículos, camionetas incluyendo motos y vehiculos pesados sin limitante alguno a los trayectos permitidos por evento. | E38: Queda expresamente convenido y aceptado, que bajo esta cobertura la aseguradora se compromete a prestar la asistencia en viajes para los vehículos asegurados y para tal efecto, se obliga a suministrar con la póliza el procedimiento bajo el cual se atenderá el servicio, el cual debe cumplir el requisito de atención inmediata veinticuatro (24) horas diarias continuas en vigencia de la póliza. Así mismo queda acordado que la aseguradora reconocerá la totalidad de los costos que se generen por este servicio y que en los casos en que no se llegue a prestar el servicio en forma inmediata, la asistencia será contratada por la Entidad y a su vez la compañía aseguradora responderá por los costos de ésta. El servicio de Asistencia en Viaje debe aplicar para amparar el transporte de todos los ocupantes del vehículo al destino que se tenía programado, además este servicio de asistencia debe operar sin restricción del número de servicios o limitación de kilometraje en todo el territorio y sin limitante alguna a zonas con problemas de orden público.
B39: GASTOS DE GRÚA, TRANSPORTE Y PROTECCIÓN AL VEHÍCULO (Aplica para todos los vehículos asegurados) | E39: La aseguradora acepta que bajo este seguro se amparan y paga directamente los gastos de grúa, transporte y protección de los vehículos, que se causen como consecuencia de siniestros que afecten las coberturas de pérdidas parciales y/o totales, incluidos los gastos de bodegajes y parqueaderos que se generen por accidentes sin que para la indemnización se aplique deducible u otro tipo de descuento. Bajo esta condición, la aseguradora acepta el pago de grúas, transporte y/o protección de los vehículos incluido los gastos de bodegajes y parqueaderos que se generen a consecuencia de reclamos presentados a la compañía, hasta tanto se defina la aplicación del siniestro bajo la póliza. Esta condición debe aplicar sin restricción del número de servicios grúas o limitación de kilometraje.
B40: GASTOS DE TRANSPORTE POR PÉRDIDAS TOTALES (Daños y/o Hurto) Limite de $60.000 diarios y hasta (90) días Se califica en Condiciones Adicionales (Formato No. 3) el aumento del límite ofrecido. | E40: En caso de pérdida total por daños o por hurto, el asegurado recibirá de en adición a la indemnización a que hubiere lugar por dicho concepto, una suma diaria para compensar los gastos de transporte en que deba incurrir el asegurado mientras esté privado del uso del vehículo asegurado, la suma diaria por gastos de transporte será liquidada a partir del día siguiente al cual el asegurado haya demostrado la ocurrencia y cuantía de la pérdida y terminará cuando se haga efectivo el reconocimiento de la indemnización.
B41: GASTOS DE BODEGAJE Y/O PARQUEADERO Sublímite $15.000.000 (vigencia 6.4.) Se califica en Condiciones Adicionales (Formato No. 3) el aumento del límite ofrecido. | E41: La aseguradora acepta expresamente que como causa de un siniestro o por la inmovilización del rodante, se requiera el pago de bodegaje o parqueadero, este será por cuenta de la Compañía, sin cargo alguno a la Entidad asegurada y no aplica condición de pago por reembolso.
B42: INCLUSIONES, MODIFICACIONES Y EXCLUSIONES A LA PÓLIZA | E42: Queda entendido, convenido y aceptado que la compañía de seguros efectuará las inclusiones, modificaciones o exclusiones al seguro, con base en los documentos o comunicaciones emitidas por el asegurado y/o el intermediario, sin exigir documentos particulares o requisitos especiales.
B43: HURTO DE ELEMENTOS DEJADOS EN LOS VEHÍCULOS DEL ASEGURADO Sublímite $20.000.000 evento / $80.000.000 (vigencia 6.4.) | E43: Queda entendido, convenido y aceptado que la presente póliza indemnizará las perdidas sobre elementos dejados dentro de los vehículos asegurados (sean de propiedad del asegurado, de sus funcionarios o de terceros), con ocasión de su hurto.
B44: EXTENSIÓN DE ASISTENCIA EN VIAJES (SERVICIO DE GRÚA) (Aplica para todos los vehículos asegurados) | E44: La aseguradora acepta que bajo esta cobertura se extiende la Asistencia en Viajes para atender todo el parque automotor, para lo cual la compañía se compromete a prestar este servicio y la aseguradora se obliga a suministrar con la póliza el procedimiento bajo el cual se atenderá éste, el cual debe cumplir el requisito de atención inmediata veinticuatro (24) horas diarias continuas, durante la vigencia del seguro. Así mismo queda acordado que la aseguradora reconocerá la totalidad de los costos que se generen por este servicio y que en los caso en que no se llegue a prestar el servicio en forma inmediata, la asistencia será contratada por la Entidad y a su vez la compañía aseguradora responderá por los costos de ésta. El servicio de Asistencia en Viaje debe aplicar sin restricción del número de servicios o limitación de kilometraje y sin limitante alguna a zonas con problemas de orden público y se extiende esta condición cuando los vehículos no se puedan movilizar por su propia cuenta.
B45: NO SUBROGACIÓN CONTRA CONDUCTORES Y/O COMODATARIOS | E45: Queda entendido, convenido y aceptado que en caso de un siniestro, que afecta la presente póliza, la Compañía de Seguros renuncia al derecho de subrogación sobre el conductor del vehículo, sus parientes en línea directa o colateral dentro del segundo grado civil de consanguinidad, su padre adoptante, su hijo adoptivo, su cónyuge no divorciado o sobre cualquier funcionario de la Entidad, o empleados temporales o personas que realicen asesorías o trabajos para la Entidad por contrato de prestación de servicios.
B46: ASISTENCIA JURÍDICA EN PROCESOS PENALES | E46: Queda expresamente acordado y convenido que bajo esta cobertura la aseguradora se obliga a prestar la asistencia penal que requiera la entidad asegurada, como consecuencia de cualquier evento amparado que estén involucrados los vehículos asegurados, a través de las firmas y/o profesionales de la compañía y/o contratados por la misma. De conformidad con lo anterior, la aseguradora se obliga a suministrar con la póliza el listado de las firmas y/o profesionales que prestarán la asistencia jurídica en Proceso Penal, el cual debe cumplir el requisito de atención veinticuatro (24) horas diarias continuas, durante la vigencia del seguro, e indicar el procedimiento a seguir para la atención a la Entidad. Se precisa que la actualización del listado será obligación de la aseguradora. De igual forma queda convenido que el costo de esta asistencia será reconocida por la aseguradora y por lo tanto en caso de que la , deba contratar la asistencia, por razón a la no prestación inmediata de la asistencia jurídica, la aseguradora se obliga a pagar los costos generados, hasta el límite asegurado ofrecido para este amparo.
E47: TABLA DE HONORARIOS PROCESO PENAL LEY 906 DE AGOSTO 31 DE 2004
E48: ETAPAS | F48: DELITOS
F49: LESIONES | G49: HOMICIDIO
E50: REACCION IMEDIATA Y/O ACTUACION PREVIA O PREPROCESAL | F50: 40 SMDLV | G50: 50 SMDLV
E51: AUDIENCIA DE CONCILIACION PREPROCESAL Y/O LEGALIZACION DE LA CAPTURA | F51: 32 SMDLV | G51: 40 SMDLV
E52: AUDIENCIA DE FORMULACION DE IMPUTACION | F52: 66 SMDLV | G52: 92 SMDLV
E53: AUDIENCIA DE SOLICITUD DE MEDIDA DE ASEGURAMIENTO | F53: 25 SMDLV | G53: 33 SMDLV
E54: AUDIENCIA DE ACUSACION O PRECLUSION | F54: 50 SMDLV | G54: 60 SMDLV
E55: AUDIENCIA PREPARATORIA | F55: 81 SMDLV | G55: 120 SMDLV
E56: AUDIENCIA DE JUICIO ORAL (SENTENCIA CONDENATORIA O ABSOLUTORIA) | F56: 120 SMDLV | G56: 261 SMDLV
E57: AUDIENCIA DE REPARACION DE PERJUICIOS | F57: 60 SMDLV | G57: 114 SMDLV
E58: AUDIENCIAS PRELIMINARES | F58: 11 SMDLV | G58: 11 SMDLV
B59: ASISTENCIA JURÍDICA EN PROCESOS CIVILES, POR EVENTO | E59: Queda expresamente acordado que la cobertura de responsabilidad extracontractual otorgada, de conformidad con lo estipulado en el Art. 1128.- del Código del Comercio, se extiende a amparar también los costos del proceso que el tercero damnificado o sus causahabientes promuevan en su contra o la del asegurado, para obtener la indemnización de perjuicios, por hechos imputables al asegurado y/o la Entidad tomadora que causen la muerte, lesión o menoscabo en la salud de las personas (daños personales) y/o el deterioro o destrucción de bienes (daños materiales) y perjuicios económicos (incluido lucro cesante y daño moral), como consecuencia directa de tales daños personales y/o daños materiales y/o cualquier evento amparado bajo la presente póliza. Queda igualmente convenido que la aseguradora de común acuerdo con la Entidad, podrá prestar la asistencia Jurídica en proceso civil que requiera la entidad asegurada, a través de las firmas y/o profesionales de la compañía y/o contratados por la misma, para lo cual la compañía se obliga a suministrar con la póliza el listado de las firmas y/o profesionales que prestarán la asistencia, el cual debe cumplir el requisito de atención veinticuatro (24) horas diarias continuas, durante la vigencia del seguro, e indicar el procedimiento a seguir para tal efecto. Se precisa que la actualización del listado será obligación de la aseguradora. De igual forma queda convenido que el costo de esta asistencia será reconocida por la aseguradora y por lo tanto en caso de que la , deba contratar la asistencia, por razón a la no prestación inmediata de la asistencia jurídica, la aseguradora se obliga a pagar los costos generados, hasta el límite asegurado ofrecido para este amparo.
E60: TABLA DE HONORARIOS PROCESO CIVILES
E61: ETAPAS | F61: VALORES
E62: AUDIENCIAS DE CONCILIACION PREJUDICIAL | F62: 11 Salarios mínimos Diarios Legales Vigentes
E63: CONTESTACION DE LA DEMANDA - LLAMAMIENTO EN GARANTIA | F63: 100 Salarios mínimos Diarios Legales Vigentes
E64: AUDIENCIA DE CONCILIACION | F64: 25 Salarios mínimos Diarios Legales VigentesV (Si se realiza la diligencia pero no se logra la conciliación) 75 Salarios mínimos Diarios Legales Vigentes (Si se logra la conciliación)
E65: ALEGATOS DE CONCLUSION | F65: 60 Salarios mínimos Diarios Legales Vigentes
E66: SENTENCIA | F66: 60 Salarios mínimos Diarios Legales Vigentes
B67: ASISTENCIA JURÍDICA EN PROCESOS DE REPARACIÓN DIRECTA, POR EVENTO | E67: Queda expresamente acordado que la cobertura de responsabilidad extracontractual otorgada, de conformidad con lo estipulado en el Artículo 1128.- del Código del Comercio y en el Artículo 86 del C.C.A., modificado por la Ley 446 de 1998, artículo 31, se extiende a amparar también los costos del proceso que el tercero damnificado o sus causahabientes promuevan en su contra o la del asegurado, para ejercer derechos emanados de la responsabilidad extracontractual, por hechos imputables al asegurado y/o la Entidad tomadora que causen la muerte, lesión o menoscabo en la salud de las personas (daños personales) y/o el deterioro o destrucción de bienes (daños materiales) y perjuicios económicos (incluido lucro cesante y daño moral), como consecuencia directa de tales daños personales y/o daños materiales y/o cualquier evento amparado bajo la presente póliza. Queda igualmente convenido que la aseguradora de común acuerdo con la Entidad, podrá prestar la asistencia Jurídica en en proceso de Reparación Directa que requiera la entidad asegurada, a tráves de las firmas y/o profesionales de la compañía y/o contratados por la misma, para lo cual la compañía se obliga a suministrar con la póliza el listado de las firmas y/o profesionales que prestarán la asistencia, el cual debe cumplir el requisito de atención veinticuatro (24) horas diarias continuas, durante la vigencia del seguro, e indicar el procedimiento a seguir para tal efecto. Se precisa que la actualización del listado será obligación de la aseguradora. Así mismo queda expresamente convenido que dentro de los costos del proceso, antes referidos, se consideran incluidos los honorarios de abogados en que incurra el asegurado para defender sus intereses y/o de la aseguradora, dentro de los procesos en que se discuta la responsabilidad del tomador y/o asegurado, aún en exceso de la suma asegurada; de conformidad con los siguientes límites:
E68: TABLA DE HONORARIOS PROCESOS DE REPARACIÓN DIRECTA
E69: ETAPAS | F69: VALORES
E70: CONCILIACION (LEY 2220 DE 2022, artículo 146) | F70: 25 Salarios mínimos Diarios Legales VigentesV (Si se realiza la diligencia pero no se logra la conciliación) 75 Salarios mínimos Diarios Legales Vigentes (Si se logra la conciliación)
E71: CONTESTACION DE LA DEMANDA - LLAMAMIENTO EN GARANTIA | F71: 100 Salarios mínimos Diarios Legales Vigentes
E72: ALEGATOS DE CONCLUSION | F72: 60 Salarios mínimos Diarios Legales Vigentes
E73: SENTENCIA | F73: 60 Salarios mínimos Diarios Legales Vigentes
B74: 5.7. | C74: CLÁUSULAS BÁSICAS
B75: REVOCACIÓN DE LA PÓLIZA, CLÁUSULAS O CONDICIONES. Con Termino de ciento veinte (120) días y para AMIT, AMCCOPH, Terrorismo y Sabotaje diez (10) días. | E75: La aseguradora podrá revocar la póliza, cláusulas o condiciones unilateralmente por la compañía, mediante noticia escrita enviada al asegurado, a su última dirección registrada, con no menos de ciento veinte (120) días y para AMIT Y AMCCOPH diez (10) días, de antelación; contados a partir de la fecha del envío. El asegurado podrá pedir la revocación en cualquier momento, según lo previsto en el Código de Comercio. Así mismo, en el caso de que la aseguradora decida no otorgar renovación o prorroga del contrato de seguro, excepto para AMIT, AMCCOPH, Terrorismo y Sabotaje, deberá dar aviso de ello al asegurado con no menos de ciento veinte (120) días de antelación a la fecha de vencimiento de la póliza, en caso contrario se dará por entendido que la aseguradora acepta la renovación o prorroga hasta el límite legal establecido en la Ley 80 de 1993, para la adición de los contratos y manteniendo las mismas condiciones ofertadas en este proceso de aseguradoras.
B76: ERRORES, OMISIONES O INEXACTITUDES | E76: El tomador está obligado a declarar sinceramente los hechos y circunstancias que determinen el estado del riesgo. La inexactitud sobre hechos o circunstancias que, conocidas por la compañía, la hubieren retraído de celebrar el contrato o inducido a estipular condiciones más onerosas, produce la nulidad relativa del seguro. Sin embargo, si se incurriere en errores, omisiones e inexactitudes inculpables al tomador o al asegurado, el contrato no será nulo ni habrá lugar a la aplicación del inciso tercero del artículo 1058 del Código de Comercio sobre reducción porcentual de la prestación asegurada. En este caso se deberá pagar la prima adecuada al verdadero estado del riesgo.
B77: AMPLIACIÓN AVISO DEL SINIESTRO Con termino de trescientos (300) días. | E77: Queda convenido y aceptado que el asegurado podrá dar aviso de la ocurrencia del siniestro en un término de trescientos (300) días, siguientes a la fecha en que haya conocido o debido conocer la ocurrencia del mismo.
B78: DEVOLUCIÓN DE PRIMA POR INACTIVIDAD DEL RODANTE POR MAS DE 120 DÍAS | E78: Queda entendido, convenido y aceptado que la presente póliza realizará la devolución de prima por inactividad del rodante cuando ésta sea mayor o igual a 120 días, previa aviso a la aseguradora y demostración de no uso. La devolución será calculada a prorrata por el tiempo de inactividad.
B79: NO RESTRICCION DE AMPAROS O APLICACIÓN DE GARANTIAS POR TIPO, MODELO, CLASE, USO O ANTIGÜEDAD DE LOS VEHICULOS | E79: La aseguradora, mediante esta cláusula, acepta el otorgamiento de cobertura para la totalidad de los vehículos de propiedad o bajo responsabilidad de CONSEJO SUPERIOR DE LA JUDICATURA, incluidos los que reciba dentro de la vigencia de la póliza, sin aplicación de ninguna clase se restricción de cobertura y/o por tipo y/o antigüedad y/o cualquier otro aspecto.
B80: DESIGNACIÓN O DENOMINACIÓN DE BIENES | E80: La aseguradora acepta el título, nombre, denominación o nomenclatura con que el asegurado identifica o describe los bienes asegurados en sus registros o libros de comercio o contabilidad.
B81: CONOCIMIENTO DEL RIESGO | E81: La aseguradora acepta mediante la presente cláusula que la Entidad, le ha brindado la oportunidad para realizar la inspección de los bienes y riesgos a que están sujetos los mismos y el patrimonio del Asegurado, razón por la cual se deja constancia del conocimiento y aceptación de los hechos, circunstancias y, en general, condiciones de los mismos. La compañía se reserva el derecho de llevar a cabo la inspección cuantas veces lo juzgue pertinente.
B82: DAÑOS MUTUOS REMOLCADOR Y REMOLQUE. CUANDO APLIQUE | E82: Este seguro se extiende a cubrir el valor de los daños que sufran el remolcador o el remolque asegurado, o ambos a consecuencia del choque entre ellos.
B83: EXTENSIÓN A REMOLQUES | E83: Este seguro extiende a cubrir las pérdidas o daños o la Responsabilidad Civil que se presenten cuando el vehículo asegurado remolque otro vehículo con o sin fuerza propia.
B84: ANTICIPO DE INDEMNIZACIÓN DEL 80% Se califica en Condiciones Adicionales (Formato No. 3) el aumento del porcentaje ofrecido. | E84: Queda expresamente acordado que, a petición escrita de la Entidad, la aseguradora anticipará pagos parciales sobre el valor de cualquier reclamo, con base en el valor de la estimación preliminar de la pérdida aceptada por el ajustador, para adelantar la reparación, reposición o remplazo de los bienes asegurados. En el caso de que no haya nombramiento de ajustador, el anticipo se liquidará con base en la valoración de la cuantía de la pérdida amparada, acreditada por la entidad mediante cotización de la misma. Este anticipo también se extiende a cualquier tipo de gastos que se requiera para la operatividad de la póliza. En caso que el anticipo o suma de anticipos que la compañía adelante al asegurado llegare a exceder la suma total indemnizable a que tenga derecho, éste se compromete a devolver el exceso pagado. Para esta cláusula la aseguradora debe contemplar un plazo máximo para el pago del anticipo de diez (10) días hábiles contados a partir de la fecha de solicitud y formalización del mismo este y no se acepta el requerimiento de ningún requisito adicional para realizar el anticipo.
B85: MODIFICACIONES A FAVOR DEL ASEGURADO | E85: Los cambios o modificaciones a las condiciones de la presente póliza, serán acordados mutuamente entre la compañía y el asegurado. El certificado, documento o comunicaciones que se expidan para formalizarlos debe ser firmado, en señal de aceptación, por un representante legal del asegurado o funcionario autorizado, prevaleciendo sobre las condiciones de esta póliza. No obstante si durante la vigencia de la póliza se presentan modificaciones en las condiciones del seguro, legalmente aprobadas que representen un beneficio a favor del asegurado, tales modificaciones se consideran automáticamente incorporadas. Siempre y cuando no causen cobro de prima adicional.
B86: NOMBRAMIENTO Y DESIGNACIÓN DE AJUSTADORES | E86: El nombramiento de ajustadores deberá efectuarse de común acuerdo entre la aseguradora y el asegurado, para lo cual la aseguradora presentará para cada reclamo una relación de cinco (5) firmas ajustadoras. No obstante la anterior condición, el asegurador con su propuesta se obliga a presentar la lista de todos sus ajustadores y la Entidad se reserva el derecho de nombrar al ajustador que considere más adecuado o solicitar el cambio de los mismos en caso de que no fueren de su entera satisfacción, sin que para ello se requiera motivación alguna.
... B154: DETERMINACIÓN DE CONDICIONES Y REQUISITOS PARA EL PAGO DE INDEMNIZACIONES | E154: La aseguradora manifiesta expresamente que acepta los requisitos y documentos contenidos en el ANEXO 7 - MANUAL PLAN DE SEGUROS y en el anexo de este manual ANEXO 7 A - MATRIZ DE DOCUMENTOS REQUERIDOS PÓLIZAS, como únicos para la atención y pago de reclamaciones por siniestros. A futuro no podrá exigir documentos o trámites adicionales.
B155: 5.8. | C155: EXCLUSIÓN DE ENFERMEDADES TRANSMISIBLES O CONTAGIOSAS
B156: Exclusión absoluta de enfermedades infecciosas o contagiosas: Sin perjuicio de cualquier otra disposición en contrario, se aclara que este seguro no cubre ninguna reclamación, pérdida, responsabilidad, costo o gasto de cualquier naturaleza que surja directa o indirectamente de, contribuya o resulte de enfermedades, epidemias o pandemias, tales como el Coronavirus (COVID-19), enfermedad respiratoria aguda grave síndrome coronavirus 2 (SARS-CoV-2), o cualquier mutación o variación de los mismos. Esta exclusión también aplica a cualquier reclamo, pérdida, costo o gasto de cualquier naturaleza que surja directa o indirectamente de, en contribución a, o resultante de: 1) Cualquier temor o amenaza que surja en respuesta a una enfermedad infecciosa real o potencial; o 2) Cualquier acción tomada para controlar, prevenir, suprimir o de cualquier manera relacionada con cualquier brote de enfermedades infecciosas tales como coronavirus (COVID-19), coronavirus 2 por síndrome respiratorio agudo severo (SARS-CoV-2), cualquier mutación o variación de los mismos, o de cualquier otra enfermedad, epidemia o pandemia.
B157: 5.9. | C157: COBERTURAS, AMPAROS Y BIENES SIN APLICACIÓN DE DEDUCIBLES EN FORMA OBLIGATORIA
B158: La Entidad, requiere oferta de cobertura SIN APLICACIÓN DE DEDUCIBLE, para los bienes y/o amparos y/o eventos, de está póliza y por lo tanto el proponente con la firma del FORMATO No. 2 - CARTA DE ACEPTACIÓN DE LAS CONDICIONES OBLIGATORIAS (MÍNIMAS TÉCNICAS), admite estas condiciones, so pena de rechazo de oferta.
B159: Teniendo en cuenta que esta póliza no contempla deducibles por tanto este factor no será objeto de evaluación, razón por la cual el puntaje de esta aspecto será sumado al puntaje establecido para la evaluación del factor económico de MENOR PRIMA.
B160: 5.10. | C160: COMISIÓN MÍNIMA ACEPTABLE
B161: En virtud de lo expuesto en el artículo 1341 del Código de Comercio el Corredor tendrá derecho a la comisión de intermediación, la cual será pagada por la Compañía de Seguros. La comisión mínima no deberá ser inferior al 12,50% el valor de la prima neta antes de IVA y no involucra en ningún aspecto a la Entidad. Se aclara que esta comisión no es limitante para la aceptación de las condiciones técnicas básicas obligatorias del presente anexo, ya que no constituye un aspecto técnico de la póliza a contratar.
G162: =+'1. COND. BÁSICAS TRDM'!G210 -> VERSIÓN: OCT 2026

Sheet 7. COND. BÁSICAS SOAT
B4: =+'6. COND. BÁSICAS AUTOMÓVILES'!B3 -> CONSEJO SUPERIOR DE LA JUDICATURA
B5: ANEXO No. 1 - CONDICIONES OBLIGATORIAS (MÍNIMAS TÉCNICAS)
B7: 7. SEGURO OBLIGATORIO POR ACCIDENTES DE TRANSITO -SOAT
B8: 7.1. | C8: INFORMACIÓN GENERAL
B9: TOMADOR: | C9: =+B4 -> CONSEJO SUPERIOR DE LA JUDICATURA | E9: NIT. | F9: =+'1. COND. BÁSICAS TRDM'!G8 -> 800.093.816-3
B10: ASEGURADO: | C10: =+B4 -> CONSEJO SUPERIOR DE LA JUDICATURA | E10: NIT. | F10: =+F9 -> 800.093.816-3
B11: BENEFICIARIO: | C11: PERSONAS AFECTADAS
B12: 7.2 | C12: OBJETO DEL SEGURO
B13: Amparar a todos los vehículos de propiedad del CONSEJO SUPERIOR DE LA JUDICATURA (CSJ), bajo su responsabilidad, tenencia, control relacionados en el listado del parque automotor, por los riesgos establecidos en las disposiciones legales que reglamentan este seguro para garantizar la atención médica inmediata y cubrir gastos de lesiones o muerte de conductores, pasajeros y peatones en accidentes de tránsito. En concordancia con la Ley 33 de 1986 y demás modificaciones legales del mismo.
B14: 7.3. | C14: VEHÍCULOS ASEGURADOS
B15: Todo el parque automotor, según Anexo. No 6. Relación Vencimientos de SOAT.
B16: 7.4. | C16: AMPAROS BÁSICOS Y LÍMTES ASEGURADOS
B17: Las coberturas y limites asegurados son los determinados por el Gobierno Nacional, de conformidad con las disposiciones legales emitidas para este seguro
B18: AMPAROS BÁSICOS | E18: LÍMITES ASEGURADOS
B19: Gastos médicos, quirúrgicos, farmacéuticos y hospitalarios por lesiones. Para las tarifas 100, 110, 120, 140, 150, 711, 712, 721, 722, 731, 732, 810, 910, 920. Decreto 2497 de 2022 | E19: Hasta 263,13 UVT
B20: Gastos médicos, quirúrgicos, farmacéuticos y hospitalarios por lesiones. Para las demás tarifas no incluídas en el Decreto 2497 de 2022. | E20: Hasta 701,68 UVT
B21: Gastos de transporte y movilización de las víctimas. | E21: 8,77 UVT
B22: Incapacidad permanente, entendiéndose por tal la prevista en los artículos 209 y 211 del Código Sustantivo del Trabajo. | E22: En cuantía equivalente a ciento ochenta (180) veces el salario mínimo legal diario vigente al momento del accidente.
B23: Muerte y gastos funerarios de la víctima como consecuencia del accidente, siempre y cuando ocurra dentro del año siguiente a la fecha de éste, | E23: En cuantía equivalente a setecientas cincuenta (750) veces el salario mínimo legal diario vigente al momento del accidente.
B24: 7.5. | C24: CLÁUSULAS ADICIONALES
B25: DEVOLUCIÓN DE PRIMA POR PÓLIZAS NO UTILIZADAS | D25: La compañía de seguros realizará la devolución de prima al tomador por las pólizas no utilizadas; cuando se cancela la matrícula del vehículo por destrucción o chatarrización del vehículo.
B26: ANULACIÓN DE SOAT ANTES DE INICIAR VIGENCIA | D26: Anular las pólizas de Seguro Obligatorio de Accidentes de Tránsito (SOAT) previamente expedidas, siempre que la solicitud de anulación sea presentada por el Consejo Superior de la Judicatura ante la aseguradora antes de iniciar la vigencia de la póliza, lo cual no podrá representar un costo adicional para la Rama Judicial y cuyo valor de la prima será devuelto y/o abonado a nuevas expediciones que puedan llegar a requerirse. La compañía de seguros deberá realizar el cruce o la devolución de la prima, según sea el caso, dentro de los diez días hábiles siguientes a la fecha en que el Consejo Superior de la Judicatura realice la solicitud. De igual manera, la aseguradora realizará la actualización del RUNT respecto de la expedición y anulación de los seguros
F27: =+'10. COND. BÁSICAS CYBER'!G74 -> VERSIÓN: OCT 2026

Sheet 8. COND. BÁSICAS RCSP
B3: =+'5. COND. BÁSICAS TRANS MCIAS'!$B$3:$G$3 -> CONSEJO SUPERIOR DE LA JUDICATURA
B4: ANEXO No. 1 - CONDICIONES OBLIGATORIAS (MÍNIMAS TÉCNICAS)
B6: 8. SEGURO DE RESPONSABILIDAD CIVIL SERVIDORES PÚBLICOS O FUNCIONARIOS CON REGIMENES DE RESPONSABILIDAD SIMILARES AL DE LOS SERVIDORES PÚBLICOS
B7: 8.1. | C7: INFORMACIÓN GENERAL
B8: TOMADOR: | C8: CONSEJO SUPERIOR DE LA JUDICATURA | G8: NIT. | H8: =+'1. COND. BÁSICAS TRDM'!G8 -> 800.093.816-3
B9: ASEGURADO: | C9: CONSEJO SUPERIOR DE LA JUDICATURA Y/O CARGOS ASEGURADOS | G9: NIT. | H9: =+H8 -> 800.093.816-3
B10: BENEFICIARIO: | C10: CONSEJO SUPERIOR DE LA JUDICATURA Y/O CARGOS ASEGURADOS Y/O TERCEROS AFECTADOS | G10: NIT. | H10: =+H8 -> 800.093.816-3
B11: 8.2. | C11: OBJETO DEL SEGURO
B12: Amparar los perjuicios patrimoniales causados a terceros y/o al CONSEJO SUPERIOR DE LA JUDICATURA, provenientes de la responsabilidad civil de los servidores públicos y/o funcionarios con regímenes de responsabilidad similares a los de los servidores públicos, en el desempeño de las funciones de los cargos asegurados, por toda acción u omisión, correcta o incorrecta, culposa, real o presunta, así como los perjuicios que les sean imputable y los ocasionados por juicios de responsabilidad fiscal.
B13: Amparar los gastos de defensa (tales como, pero sin limitarse a: honorarios profesionales de abogados defensores, gastos y costas procesales y cauciones judiciales) según los límites por etapas procesales establecidos en este documento, en todo tipo de procesos, incluidos, pero sin limitarse a: procesos fiscales, procesos disciplinarios, procesos penales siempre que se trate de delitos no dolosos, procesos civiles, procesos administrativos (incluidos los de reparación directa); indagaciones, investigaciones preliminares, procesos internos y cualquier otro en los que se discuta la responsabilidad correspondiente a los cargos asegurados y en general los incurridos para defenderse en cualquier tipo de investigación o proceso adelantados por organismo oficial de vigilancia y control o entes de investigación según los límites por: tipos de procesos y etapas procesales establecidos en este documento.
B14: 8.3. | C14: RELACIÓN DE CARGOS A ASEGURAR
B15: Corresponde a 197 cargos con base en siguiente relación:
B16: CARGOS | E16: No. | F16: CARGOS | H16: No.
B17: Magistrados Corte Suprema de Justicia | E17: 44 | F17: Directores de Unidad Dirección Ejecutiva de Administración | H17: 9
B18: Consejeros de Estado | E18: 31 | F18: Direcciones Seccionales de Administración Judicial | H18: 20
B19: Magistrados Corte Constitucional | E19: 9 | F19: Directores de División de la Dirección Ejecutiva | H19: 17
B20: Magistrados Consejo Superior de la Judicatura | E20: 6 | F20: Director Administrativo Palacio de Justicia | H20: 1
B21: Comisión Nacional de Disciplina Judicial | E21: 7 | F21: Jefes de Sección de la Unidad Administrativa | H21: 3
B22: Directores de Unidad Consejo Superior de la judicatura | E22: 8 | F22: Empleados con función de Pagador | H22: 21
B23: Director Ejecutivo de Administración Judicial | E23: 1 | F23: Funcionarios con labores de supervisión (20 CASOS DURANTE LA VIGENCIA DEL SEGURO) | H23: 20
B24: TOTAL CARGO ASEGURADOS | H24: =(SUM(E17:E23)+SUM(H17:H23)) -> 197
B25: 8.4. | C25: BASE PARA LA DETERMINACIÓN Y APLICACIÓN DEL CONCEPTO SUBLÍMITE / VIGENCIA / AGREGADO ANUAL
B26: Para la totalidad de Coberturas y/o condiciones básicas sublímitadas, queda expresamente aceptado por parte de los proponentes que, en concordancia con la vigencia de la póliza que se adjudique, cada Sublímite operará así:
B27: VIGENCIA 2026 A 2027: | C27: Sublímite indicado Evento/Agregado Anual.
B28: 8.5. | C28: COBERTURAS BÁSICAS
B29: PERJUICIOS O DETRIMENTO PATRIMONIAL Límite de $4.000.000.000 evento / (vigencia 8.4.). Incluido los Gastos de Defensa. Se califica en Condiciones Adicionales (Formato No. 3) el aumento del límite ofrecido. | E29: Amparar los perjuicios patrimoniales causados a terceros y/o a la Entidad, provenientes de la responsabilidad civil de los servidores públicos y/o funcionarios con regímenes de responsabilidad similares a los de los servidores públicos, en el desempeño de las funciones de los cargos asegurados, por toda acción u omisión, correcta o incorrecta, culposa, real o presunta, así como los perjuicios que les sean imputable. Así mismo, esta cobertura se extiende para amparar los perjuicios por los que los funcionarios asegurados sean responsables por haber cometido algún acto incorrecto respecto del cual se les siga o debiera seguir, un juicio de responsabilidad fiscal, así como la acción de repetición o de llamamiento en garantía con fines de repetición.
B30: GASTOS DE DEFENSA Límite de $2.500.000.000 evento / (vigencia 8.4.). Incluidos en el límite de Perjuicios o Detrimento Patrimonial sin cobro de prima. Se califica en Condiciones Adicionales (Formato No. 3) el aumento del límite ofrecido. | E30: Amparar los gastos de defensa (tales como, pero sin limitarse a: honorarios profesionales de abogados defensores, gastos y costas procesales y cauciones judiciales) según los límites por etapas procesales establecidos en este documento, en todo tipo de procesos, incluidos, pero sin limitarse a: procesos fiscales, procesos disciplinarios, procesos penales siempre que se trate de delitos no dolosos, procesos civiles, procesos administrativos (incluidos los de reparación directa); indagaciones, investigaciones preliminares, procesos internos y cualquier otro en los que se discuta la responsabilidad correspondiente a los cargos asegurados y en general los incurridos para defenderse en cualquier tipo de investigación o proceso adelantados por organismo oficial de vigilancia y control o entes de investigación según los límites por: tipos de procesos y etapas procesales establecidos en este documento, incluidas a citaciones a audiencias de conciliación extrajudicial ante la autoridad judicial o entes debidamente facultados para celebrarlas. Queda expresamente convenido, que dentro de los límites y sublímites de gastos de defensa están considerados los impuestos y gravámenes, ya sean fiscales, tributarios u otros legalmente establecidos, y que por tal motivo formen parte del costo de los servicios de gastos de defensa que sean prestados a los asegurados.
B31: MODIFICACIÓN EN LAS LEYES EXISTENTES O INTRODUCCIÓN DE NUEVA LEGISLACIÓN | E31: La presente póliza otorgará cobertura a los Asegurados, frente a la modificación en las leyes existentes o la introducción de nueva legislación en materia penal, disciplinaria o fiscal, sujeto a que las investigaciones o procesos que sean iniciados en virtud de dichas modificaciones legislativas, tengan como finalidad imputar responsabilidad a los Asegurados, por acciones u omisiones no dolosas cometidas en calidad de servidores públicos, con ocasión de las funciones propias del cargo Asegurado. Esta póliza se extiende a cubrir los perjuicios (reales o presuntos), reclamaciones, demandas o investigaciones contra los funcionarios que ocupan los cargos asegurados, cuando ellas individualicen o se dirijan contra un funcionario asegurado. De acuerdo con los términos y condiciones de esta póliza.
B32: 8.6. | C32: EXCLUSIONES
B33: Queda expresamente convenido y aceptado que la oferta de la aseguradora para el presente seguro, contempla única y exclusivamente las exclusiones, abajo estipuladas. De conformidad con lo anterior, las exclusiones abajo señaladas corresponden a las únicas aplicables en la oferta del presente seguro y la póliza que se expida; quedando expresamente señalado y acordado que la compañía acepta que las exclusiones contenidas o indicadas en el ejemplar de las condiciones generales de la póliza u otro documento que se emita en aplicación a la misma se entenderán como no escritas.
B34: A. EXCLUSIÓN DE PAGOS Y GRATIFICACIONES | E34: Se excluyen reclamaciones tendientes a obtener el pago o devolución de ninguna suma, remuneración o dadiva otorgada, pagada o entregada por los funcionarios asegurados a terceros, cuando dicho pago sea considerado indebido, improcedente o ilegal, así como cualquier tipo de ventajas, beneficios o retribuciones otorgadas a favor de los funcionarios asegurados con cargo de la Entidad Tomadora que sea contrario a las disposiciones legales que rigen la actividad de la Entidad Tomadora.
B35: B. EXCLUSIÓN DE RIESGOS NUCLEARES | E35: No se ampara ninguna reclamación de responsabilidad por pérdida, daño, gasto o similar, ocasionado directa o indirectamente por las siguientes causas, y sin importar su relación con cualquier otra causa o evento que contribuya directamente o de cualquier otra forma a la pérdida: reacción nuclear o radiación, o contaminación radioactiva (sin importar como haya sido originada), incluyendo pero sin limitarse al incendio directo o indirectamente por una reacción nuclear o radiación, o contaminación radioactiva.
B36: C. EXCLUSIÓN DE DAÑOS MATERIALES / LESIONES PERSONALES | E36: No se ampara ninguna reclamación de responsabilidad por daños materiales causados por los funcionarios asegurados ó la Entidad a propiedades de terceros ni por lesiones personales y/o muerte causada a terceros sin importar si la misma ha sido o no causada por los funcionarios asegurados; cuyos riesgos son propios de aseguramiento bajo seguro de responsabilidad civil extracontractual.
B37: D. EXCLUSIÓN DE PÉRDIDAS PROVENIENTES DIRECTA O INDIRECTAMENTE DE LAVADO DE DINERO | E37: Se excluye cualquier responsabilidad legal derivada directa o indirectamente de ó como resultado de ó en conexión con cualquier acto o actos (o supuesto acto o actos) de Lavado de Dinero o cualquier acto o actos (o supuesto acto o actos) los cuales forman parte de y/o constituyen un delito o delitos bajo cualquier legislación de lavado de dinero (o cualquier disposición y/o normas o regulaciones establecidas por cualquier Cuerpo Regulador o Autoridad). Se precisa que tampoco aplica para esta exclusión los gastos de defensa. Lavado significa:
E38: a) | F38: El encubrimiento, o disfraz, o conversión, o transferencia, o traslado de la Propiedad Delictiva, (inclusive encubriendo o disfrazando su naturaleza, fuente, ubicación, disposición, movimiento o propiedad o cualquier derecho relacionado con ella); o
E39: b) | F39: El tomar parte en o favorecer en cualquier forma relacionada con un arreglo que es conocido o sospechoso para facilitar (por cualquier medio) la adquisición, retención, uso o control de la Propiedad Delictiva por o en nombre de otra persona; o
E40: c) | F40: La adquisición, uso o posesión de la Propiedad Delictiva; o
E41: d) | F41: Cualquier acto que constituya una tentativa, conspiración o incitación para cometer cualquier acto o actos mencionados en los literales anteriores a), b) ó c); o
E42: e) | F42: Cualquier acto que constituya ayudar, incitar, asesorar o facilitar la comisión de cualquier acto o actos mencionados en los literales anteriores a), b) ó c).
B43: E. EXCLUSIÓN DE RESPONSABILIDAD CIVIL PROFESIONAL | E43: Esta cobertura no se extiende para amparar ninguna reclamación que tenga su causa, sea consecuencia de, o de cualquier forma esté relacionada directa o indirectamente con la prestación de un servicio de carácter profesional, de manera independiente a sus funciones de gestión o administración. Se precisa que tampoco aplica para esta exclusión los gastos de defensa.
B44: F. EXCLUSIÓN DE RECLAMOS POR EVENTOS GENERADO A CONSECUENCIA DE RIESGOS ASEGURABLES BAJO LOS SEGUROS DE DAÑOS | E44: Queda acordado que la Aseguradora no será responsable por las reclamaciones que se efectúen en contra de los funcionarios que desempeñan los cargos asegurados, como consecuencia de las pérdidas o daños que sufran los bienes asegurables de la Entidad y cuyos riesgos son objeto de aseguramiento bajo seguros de daños
B45: G. EXCLUSIÓN DE PÉRDIDAS O DAÑOS POR DEPRECIACIÓN, PÉRDIDAS DE INVIERSIONES, RESULTADOS DE FLUCTUACIONES EN LOS MERCADOS FINANCIEROS, OTORGAMIENTO DE CRÉDITOS Y RECUPERACIÓN DE CARTERA CUANDO SEA SU OBJETO SOCIAL. | E45: La Aseguradora no será responsable por ninguna reclamación:
E46: a) | F46: Basada en, surgida de, directa o indirectamente resultante de, o como consecuencia de, o de cualquier manera relacionada con, cualquier negocio, tanto real como supuesto, y de cualquier naturaleza, cuyo objetivo sea el de afectar el precio de, o negociar, las acciones y/o obligaciones de cualquier compañía, o de cualquier producto alimenticio, o materia prima, o mercadería o divisa o cualquier instrumento negociable, a menos que dicho negocio se hubiera llevado a cabo de acuerdo con las leyes, reglas y reglamentos aplicables al mismo;
E47: b) | F47: Basada en, surgida de, directa o indirectamente resultante de, como consecuencia de, o de cualquier manera relacionada con, cualquier alegato de que cualquier Asegurado que se hubiese beneficiado inoportunamente negociando valores bursátiles como consecuencia de información de la que no dispusieran otros vendedores y compradores de dichos valores;
E48: c) | F48: Formulada por, o por cuenta de, cualquier cliente de la Entidad Tomadora o de los Asegurados como consecuencia de la inversión en, gestión de, o consejos relacionados con, cualquier patrimonio, fundación, fidecomiso o propiedad;
E49: d) | F49: Surgida única y exclusivamente de la depreciación o pérdida sufrida por cualquier inversión cuando dicha depreciación o pérdida sea el resultado de cualquier fluctuación de cualquier mercado financiero, de valores, mercaderías o cualesquiera otros mercados cuando tal fluctuación esté fuera del control o influencia de los Asegurados.
E50: e) | F50: Surgida única y exclusivamente del hecho de que los valores o mercaderías o inversiones no produzcan los resultados representados o esperados.
B51: H. EXCLUSIÓN DE MULTAS O SANCIONES PENALES O ADMINISTRATIVAS IMPUESTAS A LA ENTIDAD TOMADORA O A LOS FUNCIONARIOS ASEGURADOS, CONTRIBUCIONES POLÍTICAS Y DONACIONES. | E51: Queda acordado y convenido que esta cobertura no se extiende para amparar ninguna reclamación proveniente de o que contribuya de alguna manera al reconocimiento por parte de los funcionarios asegurados de donaciones o contribuciones políticas o de cualquier otra naturaleza que no sean contempladas por la Ley o los estatutos de la Entidad. Quedan excluidas igualmente las sanciones penales o administrativas impuestas a la Entidad o a los funcionarios asegurados.
B52: I. EXCLUSIÓN DE AVALES O GARANTÍAS PERSONALES OTORGADAS POR LOS FUNCIONARIOS ASEGURADOS | E52: Sujeto a los demás términos y condiciones de esta póliza, queda acordado y convenido que esta cobertura no se extiende para amparar ninguna reclamación efectuada en contra de los funcionarios asegurados como consecuencia de avales o garantías ofrecidas a titulo personal y que no correspondan a las actuaciones propias de su cargo.
B53: J. EXCLUSIÓN DE DAÑOS O PERDIDAS NO RELACIONADAS CON EL DESEMPEÑO DE SUS FUNCIONES. | E53: No se ampara los daños o perdidas ocasionadas por incurrir el funcionario asegurado en faltas, errores u omisiones no directamente relacionadas con el desempeño de las funciones propias de su cargo, bien sea que las mismas consituyan o no faltas disciplinarias. Adicionalmente se excluyen las reclamaciones generadas por o resultantes del incumplimiento de cualquier obligación de carácter contractual adquirida por los funcionarios asegurados, distintas de las inherentes a las responsabilidades de administración, adquiridas en su caracter de servidor público.
B54: K. EXCLUSIÓN DE ASBESTO | E54: Se excluyen los daños causados por asbesto en estado natural o por sus productos, así como los daños resultantes de operaciones y actividades que impliquen exposición a fibras de amianto, además, daños originados directa o indirectamente por contaminación, filtración o polución de cualquier clase del medio ambiente, por otras alteraciones perjudiciales del agua, aire, suelo, subsuelo o por ruido.
